Workbook

Sheet HISTORICO AMB
A1: PRECIO HISTORICO Y PROYECTADO - AMBULATORIO CARDIOLOGÍA 2026
A3: ITEM | B3: CUPS | C3: DESCRIPCION | D3: INCLUYE | E3: EXCLUYE | F3: HISTORICO | G3: HISTORICO PROYECTADO IPC 5,10%
A4: 1 | B4: 890701 | C4: CONSULTA DE URGENCIAS POR MEDICINA GENERAL | D4: HONORARIOS MEDICOS DEL ESPECIALISTA | F4: 45000 | G4: =(F4*5.1%)+F4 -> 47295
A5: 2 | B5: 881202 | C5: ECOCARDIOGRAMA TRANSTORÁCICO | D5: Adultos | F5: 215025 | G5: =(F5*5.1%)+F5 -> 225991.27
A6: 3 | B6: 890226 | C6: CONSULTA DE PRIMERA VEZ POR ESPECIALISTA EN ANESTESIOLOGÍA | D6: HONORARIOS MEDICOS DEL ESPECIALISTA | F6: 70000 | G6: =(F6*5.1%)+F6 -> 73570
A7: 4 | B7: 129A02 | C7: INTERNACION COMPLEJIDAD ALTA HABITACION BIPERSONAL | F7: 310000 | G7: =(F7*5.1%)+F7 -> 325810
A8: 5 | B8: 895101 | C8: ELECTROCARDIOGRAMA DE RITMO O DE SUPERFICIE SOD | D8: Adultos | F8: 24460 | G8: =(F8*5.1%)+F8 -> 25707.46
A9: 6 | B9: 110A01 | C9: INTERNACION EN UNIDAD DE CUIDADO INTENSIVO ADULTOS | F9: 1340000 | G9: =(F9*5.1%)+F9 -> 1408340
A10: 7 | B10: 890228 | C10: CONSULTA DE PRIMERA VEZ POR ESPECIALISTA EN CARDIOLOGÍA | F10: 47268 | G10: =(F10*5.1%)+F10 -> 49678.668
A11: 8 | B11: 895004 | C11: MONITOREO AMBULATORIO DE PRESIÓN ARTERIAL SISTÉMICA | F11: 185948 | G11: =(F11*5.1%)+F11 -> 195431.35
A12: 9 | B12: 895001 | C12: MONITOREO ELECTROCARDIOGRÁFICO CONTINUO (HOLTER) | D12: Adultos | F12: 139106 | G12: =(F12*5.1%)+F12 -> 146200.41
A13: 10 | B13: 129A01 | C13: INTERNACION COMPLEJIDAD ALTA HABITACION UNIPERSONAL (INCLUYE AISLAMIENTO) | F13: 425844 | G13: =(F13*5.1%)+F13 -> 447562.04
A14: 11 | B14: 890202 | C14: CONSULTA DE PRIMERA VEZ POR OTRAS ESPECIALIDADES MÉDICAS(ELECTROFISIOLOGIA) | F14: 79952 | G14: =(F14*5.1%)+F14 -> 84029.552
A15: 12 | B15: 879111 | C15: TOMOGRAFÍA COMPUTADA DE CRÁNEO SIMPLE | E15: En el caso de requerir anestesiologo se cobrara adicional a la tarifa establecida , materiales de sutura e insumos basicos, medios de contraste | F15: 238802 | G15: =(F15*5.1%)+F15 -> 250980.9
A16: 13 | B16: 879420 | C16: TOMOGRAFÍA COMPUTADA DE ABDOMEN Y PELVIS (ABDOMEN TOTAL) | E16: En el caso de requerir anestesiologo se cobrara adicional a la tarifa establecida , materiales de sutura e insumos basicos, medios de contraste | F16: 307040 | G16: =(F16*5.1%)+F16 -> 322699.04
A17: 14 | B17: 879301 | C17: TOMOGRAFÍA COMPUTADA DE TÓRAX | E17: En el caso de requerir anestesiologo se cobrara adicional a la tarifa establecida , materiales de sutura e insumos basicos, medios de contraste | F17: 249292 | G17: =(F17*5.1%)+F17 -> 262005.89
A18: 15 | B18: 881210 | C18: ECOCARDIOGRAMA DE STRESS CON PRUEBA DE ESFUERZO O CON PRUEBA FARMACOLÓGICA | D18: Adultos | F18: 424236 | G18: =(F18*5.1%)+F18 -> 445872.04
A19: 16 | B19: 890328 | C19: CONSULTA DE CONTROL O DE SEGUIMIENTO POR ESPECIALISTA EN CARDIOLOGÍA | F19: 47268 | G19: =(F19*5.1%)+F19 -> 49678.668
A20: 17 | B20: 890240 | C20: CONSULTA DE PRIMERA VEZ POR ESPECIALISTA EN CIRUGÍA VASCULAR | F20: 51293 | G20: =(F20*5.1%)+F20 -> 53908.943
A21: 18 | B21: 879131 | C21: TOMOGRAFÍA COMPUTADA DE SENOS PARANASALES O CARA | E21: En el caso de requerir anestesiologo se cobrara adicional a la tarifa establecida , materiales de sutura e insumos basicos, medios de contraste | F21: 233547 | G21: =(F21*5.1%)+F21 -> 245457.9
A22: 19 | B22: 879201 | C22: TOMOGRAFÍA COMPUTADA DE COLUMNA SEGMENTOS CERVICAL, TORÁCICO, LUMBAR O SACRO, POR CADA NIVEL (TRES ESPACIOS) | E22: En el caso de requerir anestesiologo se cobrara adicional a la tarifa establecida , materiales de sutura e insumos basicos, medios de contraste | F22: 280000 | G22: =(F22*5.1%)+F22 -> 294280
A23: 20 | B23: 933601 | C23: TERAPIA DE REHABILITACIÓN CARDIOVASCULAR | F23: 55400 | G23: =(F23*5.1%)+F23 -> 58225.4
A24: 21 | B24: 896101 | C24: MONITOREO DE PRESIÓN ARTERIAL SISTÉMICA (TELEMETRÍA) | D24: Adultos | F24: 162000 | G24: =(F24*5.1%)+F24 -> 170262
A25: 22 | B25: 107M01 | C25: INTERNACION EN UNIDAD DE CUIDADO INTERMEDIO ADULTO | E25: EXCLUYE CUALQUIER TIPO DE TERAPIA Y INTERCONSULTA ESPECIALIZA | F25: 750000 | G25: =(F25*5.1%)+F25 -> 788250
A26: 23 | B26: 890302 | C26: CONSULTA DE CONTROL O DE SEGUIMIENTO POR OTRAS ESPECIALIDADES MÉDICAS(ELECTROFISIOLOGIA) | F26: 70000 | G26: =(F26*5.1%)+F26 -> 73570
A27: 24 | B27: 378501 | C27: REVISIÓN (REPROGRAMACIÓN) DE MARCAPASOS | D27: Consulta, revision y reprogramacion de dispositivo | F27: 50700 | G27: =(F27*5.1%)+F27 -> 53285.7
A28: 25 | B28: 879113 | C28: TOMOGRAFÍA COMPUTADA DE CRÁNEO SIMPLE Y CON CONTRASTE | E28: En el caso de requerir anestesiologo se cobrara adicional a la tarifa establecida , materiales de sutura e insumos basicos, medios de contraste | F28: 346594 | G28: =(F28*5.1%)+F28 -> 364270.29
A29: 26 | B29: 879161 | C29: TOMOGRAFÍA COMPUTADA DE CUELLO | E29: En el caso de requerir anestesiologo se cobrara adicional a la tarifa establecida , materiales de sutura e insumos basicos, medios de contraste | F29: 240180 | G29: =(F29*5.1%)+F29 -> 252429.18
A30: 27 | B30: 894402 | C30: PRUEBA DE CAMINATA DE 6 MINUTOS | F30: 220000 | G30: =(F30*5.1%)+F30 -> 231220
A31: 28 | B31: 894102 | C31: PRUEBA DE ESFUERZO CARDIOVASCULAR | D31: Adultos y Pediátricos | F31: 100930 | G31: =(F31*5.1%)+F31 -> 106077.43
A32: 29 | B32: 360101 | C32: ANGIOPLASTIA CORONARIA PERCUTÁNEA (ENDOVASCULAR) UNO O DOS VASOS | D32: Honorario médico Hemodinamista, Derecho de sala, Electrocardiograma (1), RX Tórax(1), Materiales de Sutura y curación, Agentes y gases anestésicos, Insumos básicos de Procedimientos, Consulta pos Procedimiento, Insumos:, Balon coronario para (1) vaso hasta (2), balones para 2 vasos (3) balones., Cateter diagnostico (1), Cateter guia coronario (1) por cada vaso, Guia angioplastia (2) para un vaso, (3) para dos vasos, Guia de diagnostico (1), Guia hidrofilica (1), Insufladorintroductor hemodinamia, Medio de contraste, Transductor de presion, | E32: Complicaciones, Estancia Hospitalaria, Consulta especializada Pre procedimiento, Honorario médico de anestesiólogo, Banco de Sangre, Balón de contrapulsación, Curva de hiperoxia, Iloprost, Insumos y medicamentos no detayados en las inclusiones de los paquetes | F32: 3206700 | G32: =(F32*5.1%)+F32 -> 3370241.7
A33: 30 | B33: 890230 | C33: CONSULTA DE PRIMERA VEZ POR ESPECIALISTA EN CIRUGÍA CARDIOVASCULAR | F33: 70000 | G33: =(F33*5.1%)+F33 -> 73570
A34: 31 | B34: 890340 | C34: CONSULTA DE CONTROL O DE SEGUIMIENTO POR ESPECIALISTA EN CIRUGÍA VASCULAR | F34: 70000 | G34: =(F34*5.1%)+F34 -> 73570
A35: 32 | B35: 879910 | C35: TOMOGRAFÍA COMPUTADA EN RECONSTRUCCIÓN TRIDIMENSIONAL | D35: *SERVICIO | E35: En el caso de requerir anestesiologo se cobrara adicional a la tarifa establecida , materiales de sutura e insumos basicos, medios de contraste | F35: 435896 | G35: =(F35*5.1%)+F35 -> 458126.7
A36: 33 | B36: 879122 | C36: TOMOGRAFÍA COMPUTADA DE OIDO, PEÑASCO Y CONDUCTO AUDITIVO INTERNO | E36: En el caso de requerir anestesiologo se cobrara adicional a la tarifa establecida , materiales de sutura e insumos basicos, medios de contraste | F36: 284647 | G36: =(F36*5.1%)+F36 -> 299164
A37: 34 | B37: 881205 | C37: ECOCARDIOGRAMA TRANSESOFÁGICO | D37: Adultos y Pediátricos | F37: 290125 | G37: =(F37*5.1%)+F37 -> 304921.38
A38: 35 | B38: 890502 | C38: PARTICIPACIÓN EN JUNTA MÉDICA, POR MEDICINA ESPECIALIZADA Y CASO (PACIENTE) JUNTA CARDIOQUIRURGICA (Valor de la Junta) | F38: 151900 | G38: =(F38*5.1%)+F38 -> 159646.9
A39: 36 | B39: 879520 | C39: TOMOGRAFÍA COMPUTADA DE MIEMBROS INFERIORES Y ARTICULACIONES | E39: En el caso de requerir anestesiologo se cobrara adicional a la tarifa establecida , materiales de sutura e insumos basicos, medios de contraste | F39: 233830 | G39: =(F39*5.1%)+F39 -> 245755.33
A40: 37 | B40: 879112 | C40: TOMOGRAFÍA COMPUTADA DE CRÁNEO CON CONTRASTE | E40: En el caso de requerir anestesiologo se cobrara adicional a la tarifa establecida , materiales de sutura e insumos basicos, medios de contraste | F40: 321483 | G40: =(F40*5.1%)+F40 -> 337878.63
A41: 38 | B41: 879901 | C41: ANGIOTAC DE TORAX | E41: En el caso de requerir anestesiologo se cobrara adicional a la tarifa establecida | F41: 1340200 | G41: =(F41*5.1%)+F41 -> 1408550.2
A42: 39 | B42: 879391 | C42: TOMOGRAFÍA COMPUTADA DE TÓRAX EXTENDIDO AL ABDOMEN SUPERIOR CON SUPRARRENALES | E42: En el caso de requerir anestesiologo se cobrara adicional a la tarifa establecida , materiales de sutura e insumos basicos, medios de contraste | F42: 313964 | G42: =(F42*5.1%)+F42 -> 329976.16
A43: 40 | B43: 879523 | C43: TOMOGRAFÍA COMPUTADA DE MIEMBROS INFERIORES (AXIALES DE RÓTULA O LONGITUD DE MIEMBROS INFERIORES) | E43: En el caso de requerir anestesiologo se cobrara adicional a la tarifa establecida , materiales de sutura e insumos basicos, medios de contraste | F43: 207800 | G43: =(F43*5.1%)+F43 -> 218397.8
A44: 41 | B44: 876121 | C44: ARTERIOGRAFÍA CORONARIA CON CATETERISMO DERECHO E IZQUIERDO | D44: Honorario médico Hemodinamista , Derecho de sala, Electrocardiograma (1) , Materiales de Sutura y curación, Agentes y gases anestésicos, Insumos básicos de Procedimientos, Consulta post-Procedimiento, Insumos:, Cateter diagnostico (4), Extension de inyector (1), Guia de diagnostico (2), Introductor hemodinamia (2), Medio de contraste , Pulsera compresion (1), Transductor de presion (1), | E44: Complicaciones, Estancia Hospitalaria, Consulta especializada Pre procedimiento, Honorario médico de anestesiólogo, Banco de Sangre, Balón de contrapulsación, Curva de hiperoxia, Iloprost, Insumos y medicamentos no detayados en las inclusiones de los paquetes | F44: 1242900 | G44: =(F44*5.1%)+F44 -> 1306287.9
A45: 42 | B45: 874133 | C45: ARTERIOGRAFÍA VERTEBRAL BILATERAL SELECTIVA CON CARÓTIDAS (PANANGIOGRAFÍA) | D45: Honorario médico Neuroradiologo, Derecho de sala, 1 Electrocardiograma. Rx de Tórax(1), Materiales de Sutura y curación, Agentes anestésicos y gases anestésicos, Insumos básicos de Procedimientos, Consulta Pos Procedimiento, Insumos:, Cateter diagnostico neuro (1), Guia hidrofilica (1), Introductor hemodinamia (1), Medio de contraste, Transductor de presion. | E45: Complicaciones, Estancia Hospitalaria, Consulta especializada Pre Procedimiento, Honorario médico, anestesiólogo, Insumos y medicamentos No incluidos en los paquetes, Banco de Sangre. | F45: 1272500 | G45: =(F45*5.1%)+F45 -> 1337397.5
A46: 43 | B46: 879460 | C46: TOMOGRAFÍA COMPUTADA DE PELVIS | E46: En el caso de requerir anestesiologo se cobrara adicional a la tarifa establecida , materiales de sutura e insumos basicos, medios de contraste | F46: 229100 | G46: =(F46*5.1%)+F46 -> 240784.1
A47: 44 | B47: 890330 | C47: CONSULTA DE CONTROL O DE SEGUIMIENTO POR ESPECIALISTA EN CIRUGÍA CARDIOVASCULAR | F47: 84850 | G47: =(F47*5.1%)+F47 -> 89177.35
A48: 45 | B48: 372302 | C48: CATETERISMO COMBINADO DE LOS LADOS DERECHO E IZQUIERDO DEL CORAZÓN | D48: Honorario médico Hemodinamista , Derecho de sala, Electrocardiograma (1) , Materiales de Sutura y curación, Agentes y gases anestésicos, Insumos básicos de Procedimientos, Consulta post-Procedimiento, Insumos: Cateter diagnostico (4), Extension de inyector (1), Guia de diagnostico (2), Introductor hemodinamia (2), Medio de contraste , Pulsera compresion (1), Transductor de presion (1), | E48: Complicaciones, Estancia Hospitalaria, Consulta especializada Pre procedimiento, Honorario médico de anestesiólogo, Banco de Sangre, Balón de contrapulsación, Curva de hiperoxia, Iloprost, Insumos y medicamentos no detayados en las inclusiones de los paquetes | F48: 1242900 | G48: =(F48*5.1%)+F48 -> 1306287.9
A49: 46 | B49: 879990 | C49: TOMOGRAFÍA COMPUTADA COMO GUÍA PARA PROCEDIMIENTOS | E49: En el caso de requerir anestesiologo se cobrara adicional a la tarifa establecida , materiales de sutura e insumos basicos, medios de contraste | F49: 267285 | G49: =(F49*5.1%)+F49 -> 280916.53
A50: 47 | B50: 879510 | C50: TOMOGRAFÍA COMPUTADA DE MIEMBROS SUPERIORES Y ARTICULACIONES | E50: En el caso de requerir anestesiologo se cobrara adicional a la tarifa establecida , materiales de sutura e insumos basicos, medios de contraste | F50: 210100 | G50: =(F50*5.1%)+F50 -> 220815.1
A51: 48 | B51: 378301 | C51: INSERCIÓN [IMPLANTACIÓN] DE MARCAPASOS BICAMERAL | D51: Honorario médico Electro fisiólogo, Derecho de sala, 1 Electrocardiograma. Rx de Tórax(1), Materiales de Sutura y curación, Agentes y gases anestésicos, Insumos básicos de Procedimientos, Consulta Pos Procedimiento, Insumos:, Bupirop y lidocaina, Cables medicion de umbral (1), Cefazolina o aztreonam con clindamicina, Electrodo bipolar 2, Electrodo multifuncion (1), Introductor marcapaso (1), Marcapaso bicameraltransductor de presion (1) | E51: Complicaciones , Estancia Hospitalaria, Honorario Anestesiologo, Consulta especializada Pre Procedimiento, Honorario médico Anestesiólogo, Insumos y medicamentos No incluidos en los paquetes, Banco de Sangre, Marcapaso Micra | F51: 12410700 | G51: =(F51*5.1%)+F51 -> 13043646
A52: 49 | B52: 876122 | C52: ARTERIOGRAFÍA CORONARIA CON CATETERISMO IZQUIERDO | D52: Honorario médico Hemodinamista, Derecho de sala, Materiales de Sutura y curación, Agentes y gases anestésicos, Insumos básicos de Procedimientos, Consulta pos Procedimiento, Insumos:, Cateter diagnostico (3), Extension de inyector (1), Guia de diagnostico (1), Introductor hemodinamia (1), Medio de contraste, Pulsera compresion (1), Transductor de presion (1), | E52: Complicaciones, Estancia Hospitalaria, Consulta especializada Pre procedimiento, Honorario médico de anestesiólogo, Banco de Sangre, Balón de contrapulsación, Curva de hiperoxia, Iloprost, Insumos y medicamentos no detayados en las inclusiones de los paquetes | F52: 1179624 | G52: =(F52*5.1%)+F52 -> 1239784.8
A53: 50 | B53: 878201 | C53: ARTERIOGRAFÍA PERIFÉRICA DE UNA EXTREMIDAD INFERIOR POR PUNCIÓN | D53: Honorario médico Vascular Periférico, Derecho de sala, 1 Electrocardiograma, Materiales de Sutura y curación, Agentes y gases anestésicos, Insumos básicos de Procedimientos, Insumos:, Cateter diagnostico (1), Cefazolina o aztreonam con clindamicina, Extension inyector (1), Guia hidrofilica (1), Introductor hemodinamia (1), Medio de contraste, Transductor de presion | E53: Complicaciones, Estancia Hospitalaria, Consulta especializada Pre Procedimeinto, Insumos y medicamentos No incluidos en los paquetes, Banco de Sangre, Estancia adicionales a las incluidas en el paquete | F53: 2088073 | G53: =(F53*5.1%)+F53 -> 2194564.7
A54: 51 | B54: 879410 | C54: TOMOGRAFÍA COMPUTADA DE ABDOMEN SUPERIOR | E54: En el caso de requerir anestesiologo se cobrara adicional a la tarifa establecida , materiales de sutura e insumos basicos, medios de contraste | F54: 238802 | G54: =(F54*5.1%)+F54 -> 250980.9
A55: 52 | B55: 389101 | C55: IMPLANTACIÓN DE CATÉTER VENOSO SUBCLAVIO O FEMORAL | F55: 413338 | G55: =(F55*5.1%)+F55 -> 434418.24
A56: 53 | B56: 879902 | C56: TOMOGRAFIA COMPUTADA DE CORONARIAS [ANGIOTC CORONARIO] | F56: 1782930 | G56: =(F56*5.1%)+F56 -> 1873859.4
A57: 54 | B57: 872202 | C57: AORTOGRAMA ABDOMINAL Y ESTUDIO DE MIEMBROS INFERIORES | D57: Honorario médico Vascular Periférico, Derecho de sala, 1 Electrocardiograma., Materiales de Sutura y curación, Agentes y gases anestésicos, Insumos básicos de Procedimientos, Insumos:, Cateter diagnostico (1), Cefazolina o aztreonam con clindamicina, Extension inyector (1), Guia hidrofilica (1), Introductor hemodinamia (1), Medio de contraste, Transductor de presion | E57: Complicaciones, Estancia Hospitalaria, Consulta especializada Pre Procedimeinto, Insumos y medicamentos No incluidos en los paquetes, Banco de Sangre, Estancia adicionales a las incluidas en el paquete | F57: 1706726 | G57: =(F57*5.1%)+F57 -> 1793769
A58: 55 | B58: 378503 | C58: REVISIÓN (REPROGRAMACIÓN) DE CARDIOVERSOR (DESFIBRILADOR) | D58: Consulta, revision y reprogramacion de dispositivo | F58: 69100 | G58: =(F58*5.1%)+F58 -> 72624.1
A59: 56 | B59: 385920 | C59: OCLUSIÓN DE VENAS DE MIEMBROS INFERIORES, VÍA ENDOVASCULAR | D59: INCLUSIONES: El valor total Procedimiento incluye (Insumos básicos, Materiales de Sutrura y Curacion, agentes y gases anestesicos, honorario médico especialista,derecho de sala, uso de equipo angiografo)., | E59: EXCLUSIONES: Honorarios Anestesiologo, Registro digital, medio de contraste, cateteres y guias, dispositivos medicos, insumos alto costo y todo los servcios adicionales no detallados en las inclusiones de acuerdo al requerimiento de cada paciente. | F59: 2098662 | G59: =(F59*5.1%)+F59 -> 2205693.8
A60: 57 | B60: 881204 | C60: ECOCARDIOGRAMA TRANSTORÁCICO TRIDIMENSIONAL | D60: Adultos | F60: 387503 | G60: =(F60*5.1%)+F60 -> 407265.65
A61: 58 | B61: 395010 | C61: ANGIOPLASTIA DE VASOS INTRACRANEALES CON O SIN IMPLANTE DE DISPOSITIVO | D61: INCLUSIONES: El valor total Procedimiento incluye (Insumos básicos, Materiales de Sutrura y Curacion, agentes y gases anestesicos, honorario médico especialista,derecho de sala, uso de equipo angiografo)., | E61: EXCLUSIONES: Honorarios Anestesiologo, Registro digital, medio de contraste, cateteres y guias, dispositivos medicos, insumos alto costo y todo los servcios adicionales no detallados en las inclusiones de acuerdo al requerimiento de cada paciente. | F61: 4300500 | G61: =(F61*5.1%)+F61 -> 4519825.5
A62: 59 | B62: 373406 | C62: ABLACION DE LESIÓN O TEJIDO CARDÍACO FOCAL PERCUTÁNEA (ENDOVASCULAR) | D62: Honorario médico Electro fisiólogo, Derecho de sala, 1 Electrocardiograma, Materiales de Sutura y curación, Agentes y gases anestésicos , Insumos básicos de Procedimientos, Consulta pos Procedimiento, Insumos:, Aguja transeptal (1), Bupirop y lidocaina, Cables para medicion de umbral (1), Cateter cuadripolar con extension (1), Cateter de ablacion convencional (1), Cateter de ablacion irrigado fa (1), Cateter de diagnostico (1), Cateter decapolar con extension (1), Cateter duodecapolar con extension (1), Cefazolina o aztreonam con clindamicina , Conector de ablacion (1), Electrodo multifuncion (1), Guia hidrofilica (1), Introductor hemodinamia (1), Introductor transeptal (1), Medio de contraste, Protamina, Transductor de presion | E62: Complicaciones, Honorario Anestesiologo, Estancia Hospitalaria, Consulta especializada Pre procedimiento, Honorario médico Anestesiólogo, Insumos y medicamentos No incluidos en los paquetes, Banco de Sangre. | F62: 6354490 | G62: =(F62*5.1%)+F62 -> 6678569
A63: 60 | B63: 876120 | C63: ARTERIOGRAFÍA CORONARIA | D63: Honorario médico Hemodinamista, Derecho de sala, Materiales de Sutura y curación, Agentes y gases anestésicos, Insumos básicos de Procedimientos, Consulta pos Procedimiento, Insumos:, Cateter diagnostico (3), Extension de inyector (1), Guia de diagnostico (1), Introductor hemodinamia (1), Medio de contraste, Pulsera compresion (1), Transductor de presion (1), | E63: Complicaciones, Estancia Hospitalaria, Consulta especializada Pre procedimiento, Honorario médico de anestesiólogo, Banco de Sangre, Balón de contrapulsación, Curva de hiperoxia, Iloprost, Insumos y medicamentos no detayados en las inclusiones de los paquetes | F63: 1047600 | G63: =(F63*5.1%)+F63 -> 1101027.6
A64: 61 | B64: 385120 | C64: OCLUSIÓN DE LESIÓN EN VASOS INTRACRANEALES, VÍA ENDOVASCULAR | D64: INCLUSIONES: El valor total Procedimiento incluye (Insumos básicos, Materiales de Sutrura y Curacion, agentes y gases anestesicos, honorario médico especialista,derecho de sala, uso de equipo angiografo)., | E64: EXCLUSIONES: Honorarios Anestesiologo, Registro digital, medio de contraste, cateteres y guias, dispositivos medicos, insumos alto costo y todo los servcios adicionales no detallados en las inclusiones de acuerdo al requerimiento de cada paciente. | F64: 4583150 | G64: =(F64*5.1%)+F64 -> 4816890.7
A65: 62 | B65: 355102 | C65: REPARACIÓN DE DEFECTO DE TABIQUE INTERAURÍCULAR VÍA PERCUTÁNEA (ENDOVASCULAR) | D65: Honorario médico Hemodinamista, Honorario médico Anestesiólogo, Derecho de sala, Electrocardiograma (1), RX Tórax(1) Eco transesofagico(1), Un Dispositivo Amplatzer (1), Materiales de Sutura y curación, Agentes y gases anestésicos, Insumos básicos de Procedimientos, Consulta pos Procedimiento , Insumos:, Cateter diagnostico (1), Cefazolina o aztreonam con clindamicina (1), Cisatracurio o Rocuronio o Vecuronio (1), Dispositivo cierre septal para cia, civ y fop (1), Guia de diagnostico (1), Guia hidrofilica (1), Guia para cierres, Introductor hemodinamia (1), Medio de contraste, Sistema de liberacion dispositivo (1), Transductor de presion | E65: Complicaciones, Estancia Hospitalaria, Consulta especializada Pre Procedimiento, Insumos y medicamentos No incluidos en los paquetes, Banco de Sangre, Balón de contrapulsación, Dispositivos adicionales , Monitoria Eco cardiográfica transesofagico, Estancia adicionales a las incluidas en el paquete | F65: 32007117 | G65: =(F65*5.1%)+F65 -> 33639480
A66: 63 | B66: 385902 | C66: OCLUSIÓN, PINZAMIENTO O LIGADURA VENOSA PROFUNDA INFRAPATELAR | D66: Honorario de Cirujano, Anestesiologo, Ayudante, Derechos de sala, Material y sala de Recuperacion | F66: 698088 | G66: =(F66*5.1%)+F66 -> 733690.49
A67: 64 | B67: 890286 | C67: CONSULTA DE PRIMERA VEZ POR ESPECIALISTA EN RADIOLOGÍA E IMÁGENES DIAGNÓSTICAS (Neuroradiologia) | F67: 41206 | G67: =(F67*5.1%)+F67 -> 43307.506
A68: 65 | B68: 372301 | C68: ESTUDIO ELECTROFISIOLÓGICO CARDÍACO COMBINADO DERECHO E IZQUIERDO DEL CORAZÓN VÍA PERCUTÁNEA (ENDOVASCULAR) | D68: Honorario médico Electro fisiólogo, Derecho de sala, 1 Electrocardiograma, Materiales de Sutura y curación, Agentes y gases anestésicos, Insumos básicos de Procedimientos , Insumos:, Bupirop y lidocaina, Cateter cuadripolar con extension (1), Cateter decapolar con extension (1), Cateter duodecapolar con extension (1), Cefazolina o aztreonam con clindamicina, Introductor hemodinamia (3), Transductor de presion, | E68: Complicaciones, Honorario Anestesiologo, Estancia Hospitalaria, Consulta especializada Pre procedimiento, Honorario médico Anestesiólogo, Insumos y medicamentos No incluidos en los paquetes, Banco de Sangre. | F68: 3853400 | G68: =(F68*5.1%)+F68 -> 4049923.4
A69: 66 | B69: 378502 | C69: REVISIÓN (REPROGRAMACIÓN) DE RESINCRONIZADOR CARDÍACO | D69: Consulta, revision y reprogramacion de dispositivo | F69: 74300 | G69: =(F69*5.1%)+F69 -> 78089.3
A70: 67 | B70: 890428 | C70: INTERCONSULTA POR ESPECIALISTA EN CARDIOLOGÍA | F70: 61909 | G70: =(F70*5.1%)+F70 -> 65066.359
A71: 68 | B71: 879121 | C71: TOMOGRAFÍA COMPUTADA DE ÓRBITAS | E71: En el caso de requerir anestesiologo se cobrara adicional a la tarifa establecida , materiales de sutura e insumos basicos, medios de contraste | F71: 210100 | G71: =(F71*5.1%)+F71 -> 220815.1
A72: 69 | B72: 378604 | C72: INSERCIÓN [IMPLANTACIÓN] DE CARDIOVERSOR (DESFIBRILADOR) BICAMERAL VÍA PERCUTÁNEA (ENDOVASCULAR) | D72: Honorario médico Electrofisiólogo, Honorario médico Anestesiólogo, Derecho de sala, 1 Electrocardiograma. Rx de Tórax(1). Ordenados por médicos de Angiografía de Occidente, Materiales de Sutura y curación, Agentes y gases anestésicos, Insumos básicos de Procedimientos, Consulta post procedimiento, Insumos:, Cables medicion de umbral (1), Cardiodesfibrilador (1), Cefazolina o aztreonam con clindamicina, Destornillador de marcapaso (1), Electrodo bipolar (1), Electrodo cardiodesfibrilador (1), Guia angioplastia (1), Guia hidrofilica (1), Introductor marcapaso (1), Kit de implante (1), Transductor de presion, | E72: Complicaciones , Estancia Hospitalaria, Consulta especializada Pre Procedimiento, Insumos y medicamentos No incluidos en los paquetes (Ver tabla Anexa), Banco de Sangre, adicional, Ayudas diagnosticas adicionales a las incluidas en el paquete. | F72: 44175800 | G72: =(F72*5.1%)+F72 -> 46428766
A73: 70 | B73: 378901 | C73: EXPLANTE O ELIMINACION DE MARCAPASO | D73: INCLUSIONES: El valor total Procedimiento incluye (Insumos básicos, Materiales de Sutrura y Curacion, agentes y gases anestesicos, honorario médico especialista,derecho de sala, uso de equipo angiografo)., | E73: EXCLUSIONES: Honorarios Anestesiologo, Registro digital, medio de contraste, cateteres y guias, dispositivos medicos, insumos alto costo y todo los servcios adicionales no detallados en las inclusiones de acuerdo al requerimiento de cada paciente. | F73: 1761169 | G73: =(F73*5.1%)+F73 -> 1850988.6
A74: 71 | B74: 378504 | C74: REVISIÓN (REPROGRAMACIÓN) DE CARDIOVERSOR (DESFIBRILADOR) CON RESINCRONIZADOR (CARDIORESINCRONIZADOR) | D74: Consulta, revision y reprogramacion de dispositivo | F74: 74300 | G74: =(F74*5.1%)+F74 -> 78089.3
A75: 72 | B75: 385220 | C75: OCLUSIÓN DE VASOS DE CABEZA Y CUELLO, VÍA ENDOVASCULAR | D75: INCLUSIONES: El valor total Procedimiento incluye (Insumos básicos, Materiales de Sutrura y Curacion, agentes y gases anestesicos, honorario médico especialista,derecho de sala, uso de equipo angiografo)., | E75: EXCLUSIONES: Honorarios Anestesiologo, Registro digital, medio de contraste, cateteres y guias, dispositivos medicos, insumos alto costo y todo los servcios adicionales no detallados en las inclusiones de acuerdo al requerimiento de cada paciente. | F75: 1803700 | G75: =(F75*5.1%)+F75 -> 1895688.7
A76: 73 | B76: 378902 | C76: EXPLANTE O ELIMINACION DE CARDIOVERSOR (DESFIBRILADOR) O RESINCRONIZADOR O CARDIORESINCRONIZADOR | D76: INCLUSIONES: El valor total Procedimiento incluye (Insumos básicos, Materiales de Sutrura y Curacion, agentes y gases anestesicos, honorario médico especialista,derecho de sala, uso de equipo angiografo)., | E76: EXCLUSIONES: Honorarios Anestesiologo, Registro digital, medio de contraste, cateteres y guias, dispositivos medicos, insumos alto costo y todo los servcios adicionales no detallados en las inclusiones de acuerdo al requerimiento de cada paciente. | F76: 1823530 | G76: =(F76*5.1%)+F76 -> 1916530
A77: 74 | B77: 340401 | C77: TORACOSTOMIA CON O SIN PIGTAIL (TORACOSTOMÍA CERRADA PARA DRENAJE) | D77: Honorari de cirujano, anestesiologo, derechos de sala, material y sala de recuperacion. | F77: 741400 | G77: =(F77*5.1%)+F77 -> 779211.4
A78: 75 | B78: 877110 | C78: AORTOGRAMA ABDOMINAL | D78: Honorario médico Vascular Periférico, Derecho de sala, 1 Electrocardiograma, Materiales de Sutura y curación, Agentes y gases anestésicos, Insumos básicos de Procedimientos, Insumos:, Cateter diagnostico (1), Cefazolina o aztreonam con clindamicina, Extension inyector (1), Guia hidrofilica (1), Introductor hemodinamia (1), Medio de contraste, Transductor de presion | E78: Complicaciones, Estancia Hospitalaria, Consulta especializada Pre Procedimeinto, Insumos y medicamentos No incluidos en los paquetes, Banco de Sangre, Estancia adicionales a las incluidas en el paquete | F78: 1323500 | G78: =(F78*5.1%)+F78 -> 1390998.5
A79: 76 | B79: 876241 | C79: ANGIOGRAFÍA DE VENAS CAVAS O CAVOGRAFIA | D79: INCLUSIONES: El valor total Procedimiento incluye (Insumos básicos, Materiales de Sutrura y Curacion, agentes y gases anestesicos, honorario médico especialista,derecho de sala, uso de equipo angiografo)., | E79: EXCLUSIONES: Honorarios Anestesiologo, Registro digital, medio de contraste, cateteres y guias, dispositivos medicos, insumos alto costo y todo los servcios adicionales no detallados en las inclusiones de acuerdo al requerimiento de cada paciente. | F79: 252700 | G79: =(F79*5.1%)+F79 -> 265587.7
A80: 77 | B80: 378001 | C80: INSERCIÓN [IMPLANTACIÓN] DE MONITOR DE EVENTOS | D80: Honorario médico electro fisiólogo, Derecho de sala, 1 Electrocardiograma. , Materiales de Sutura y curación, Agentes y gases anestésicos, Insumos básicos de Procedimientos, Consulta Post Procedimiento, Insumos:, Cables para medicion de umbral (1), Cefazolina o aztreonam con clindamicina, Electrodo multifuncion (1), Transductor de presion | E80: Complicaciones, Consulta especializada Pre Procedimiento, Honorario médico Anestesiólogo, Insumos y medicamentos No incluidos en los paquetes, Banco de Sangre, Estancia Hospitalaria, Dispositivo Monitor de eventos. | F80: 6741375 | G80: =(F80*5.1%)+F80 -> 7085185.1
A81: 78 | B81: 395081 | C81: ANGIOPLASTIA O ATERECTOMÍA DE VASOS DE MIEMBROS INFERIORES, CON BALÓN, PRÓTESIS (STENT) O INJERTO (S) PROTÉSICO (S) | D81: Honorario médico Cirujano Vascular, Derecho de sala, Materiales de Sutura y curación, Agentes y gases anestésicos, Insumos básicos de Procedimientos, Insumos:, Balon periferico convencional (1), Cateter diagnostico (1), Cateter guia (1), Cefazolina o aztreonam con clindamicina, Guia angioplastia (1), Guia de diagnostico (1), Guia hidrofilica (1), Insuflador (1), Introductor hemodinamia (1), Medio de contraste, Protamina, Transductor de presion | E81: Complicaciones, Estancia Hospitalaria, Consulta especializada Pre Procedimeinto, Insumos y medicamentos No incluidos en los paquetes, Banco de Sangre, Estancia adicionales a las incluidas en el paquete | F81: 6377530 | G81: =(F81*5.1%)+F81 -> 6702784
A82: 79 | B82: 378401 | C82: INSERCIÓN [IMPLANTACIÓN] DE RESINCRONIZADOR CARDÍACO | D82: Honorario médico Electro fisiólogo, Honorario médico Anestesiólogo, Derecho de sala, 1 Electrocardiograma. Rx de Tórax(1). , Re sincronizador, electrodo, Introductor, Materiales de Sutura y curación, Agentes y gases anestésicos, Insumos básicos de Procedimientos, Consulta Pos Procedimiento, Insumos:, Cables medicion de umbral (1), Cateter diagnostico (1), Defazolina o aztreonam con clindamicina , Destornillador de marcapaso (1) , Electrodo bipolar (2), Electrodo ventriculo izquierdo (1), Guia angioplastia (1), Guia hidrofilica (1), Introductor cps para marcapasos (1), Introductor marcapaso (1), Kit implante (1), Medio de contraste, Transductor de presion, Resincronizador (1) | E82: Complicaciones , Estancia Hospitalaria, Consulta especializada Pre Procedimiento, Insumos y medicamentos No incluidos en los paquetes (Ver tabla Anexa), Banco de Sangre, adicional, Ayudas diagnosticas adicionales a las incluidas en el paquete. | F82: 30345000 | G82: =(F82*5.1%)+F82 -> 31892595
A83: 80 | B83: 385620 | C83: OCLUSIÓN DE ARTERIAS ABDOMINALES, VÍA ENDOVASCULAR | D83: INCLUSIONES: El valor total Procedimiento incluye (Insumos básicos, Materiales de Sutrura y Curacion, agentes y gases anestesicos, honorario médico especialista,derecho de sala, uso de equipo angiografo)., | E83: EXCLUSIONES: Honorarios Anestesiologo, Registro digital, medio de contraste, cateteres y guias, dispositivos medicos, insumos alto costo y todo los servcios adicionales no detallados en las inclusiones de acuerdo al requerimiento de cada paciente. | F83: 859300 | G83: =(F83*5.1%)+F83 -> 903124.3
A84: 81 | B84: 890402 | C84: INTERCONSULTA POR OTRAS ESPECIALIDADES MÉDICAS | F84: 69400 | G84: =(F84*5.1%)+F84 -> 72939.4
A85: 82 | B85: 360201 | C85: ANGIOPLASTIA CORONARIA PERCUTÁNEA (ENDOVASCULAR) CON INFUSIÓN DE SUSTANCIA TERAPÉUTICA UNO O DOS VASOS | D85: Honorario médico Hemodinamista, Derecho de sala, Materiales de Sutura y curación, Agentes y gases anestésicos, Insumos básicos de Procedimientos, Consulta pos Procedimiento, Insumos:, Balon coronario para 1 vaso hasta (2), balones para 2 vasos (3) balones., Cateter diagnostico (1), Cateter guia coronario 1 por cada vaso, Guia angioplastia (2) para un vaso, (3) para dos vasos, Guia de diagnostico (1), Guia hidrofilica (1), Insufladorintroductor hemodinamia, Medio de contraste, Transductor de presion, | E85: Complicaciones, Estancia Hospitalaria, Consulta especializada Pre procedimiento, Honorario médico de anestesiólogo, Banco de Sangre, Balón de contrapulsación, Curva de hiperoxia, Iloprost, Insumos y medicamentos no detayados en las inclusiones de los paquetes | F85: 3206700 | G85: =(F85*5.1%)+F85 -> 3370241.7
A86: 83 | B86: 876130 | C86: ARTERIOGRAFÍA PULMONAR | D86: Honorario médico Hemodinamista, Derecho de sala, Materiales de Sutura y curación, Agentes y gases anestésicos, Insumos básicos de Procedimientos, Consulta pos Procedimiento , Insumos:, Cateter diagnostico (4), Extension de inyector (1), Guia de diagnostico (1), Introductor hemodinamia (2), Medio de contraste, Transductor de presion, | E86: Complicaciones, Estancia Hospitalaria, Consulta especializada Pre , Honorario médico de anestesiólogo, Insumos y medicamentos No incluidos en los paquetes, Banco de Sangre, Balón de contrapulsación, Estancia adicionales a las incluidas en el paquete | F86: 1467714 | G86: =(F86*5.1%)+F86 -> 1542567.4
A87: 84 | B87: 877112 | C87: ARTERIOGRAFÍA DE VASOS ABDOMINALES (SELECTIVA) | D87: Honorario médico Neuroradiología, Derecho de sala, 1 Electrocardiograma., Materiales de Sutura y curación, Agentes y gases anestésicos, Insumos básicos de Procedimientos, Insumos:, Cateter diagnostico (1), Cefazolina o aztreonam con clindamicina , Extension inyector (1), Guia hidrofilica (1), Introductor hemodinamia (1), Medio de contraste, Transductor de presion. | E87: Complicaciones, Estancia Hospitalaria, Consulta especializada Pre Procedimeinto, Insumos y medicamentos No incluidos en los paquetes, Banco de Sangre, Estancia adicionales a las incluidas en el paquete | F87: 1221561 | G87: =(F87*5.1%)+F87 -> 1283860.6
A88: 85 | B88: 890386 | C88: CONSULTA DE CONTROL O DE SEGUIMIENTO POR ESPECIALISTA EN RADIOLOGÍA E IMÁGENES DIAGNÓSTICAS (Neuroradiologia) | F88: 41206 | G88: =(F88*5.1%)+F88 -> 43307.506
A89: 86 | B89: 879116 | C89: TOMOGRAFÍA COMPUTADA DE SILLA TURCA (HIPÓFISIS) | E89: En el caso de requerir anestesiologo se cobrara adicional a la tarifa establecida , materiales de sutura e insumos basicos, medios de contraste | F89: 270300 | G89: =(F89*5.1%)+F89 -> 284085.3
A90: 87 | B90: 360202 | C90: ANGIOPLASTIA CORONARIA TRANSLUMINAL PERCUTÁNEA SIMPLE CON INFUSIÓN DE SUSTANCIA TERAPÉUTICA MAS DE DOS VASOS | D90: Honorario médico Hemodinamista, Derecho de sala, Materiales de Sutura y curación, Agentes y gases anestésicos, Insumos básicos de Procedimientos, Consulta pos Procedimiento, Insumos:, Cateter diagnostico (1), Cateter guia coronario (1) por cada vaso , Guia angioplastia (2) para un vaso, (3) para dos vasos y (4) para (3) vasos, Guia de diagnostico (1), Guia hidrofilica (1), Insuflador , Introductor hemodinamia (1), Medio de contraste, Transductor de presion, | E90: Complicaciones, Estancia Hospitalaria, Honorario Anestesiologo, Consulta especializada Pre Procedimiento , Honorario médico de anestesiólogo, Insumos y medicamentos No incluidos en los paquetes, Banco de Sangre, No incluye los insumos relacionados con aterectomia rotacional ( Rotablator), Balón de contrapulsación. | F90: 6283400 | G90: =(F90*5.1%)+F90 -> 6603853.4
A91: 88 | B91: 372801 | C91: MAPEO ELECTROANATÓMICO CONVENCIONAL | D91: Honorario médico Electro fisiólogo, Derecho de sala, 1 Electrocardiograma. ,Materiales de Sutura y curación, Agentes y gases anestésicos , Insumos básicos de Procedimientos, Consulta pos Procedimiento, Insumos:, Aguja transeptal (1), Bupirop y lidocaina, Cables para medicion de umbral (1), Cateter cuadripolar con extension (1), Cateter de ablacion convencional (1), Cateter de ablacion irrigado fa (1), Cateter de diagnostico (1), Cateter decapolar con extension (1), Cateter duodecapolar con extension (1), Cefazolina o aztreonam con clindamicina , Conector de ablacion (1), Electrodo multifuncion (1), Guia hidrofilica (1), Introductor hemodinamia (1), Introductor transeptal (1), Medio de contraste, Protamina, Transductor de presion | E91: Complicaciones, Honorario Anestesiologo, Estancia Hospitalaria, Consulta especializada Pre procedimiento, Honorario médico Anestesiólogo, Insumos y medicamentos No incluidos en los paquetes, Banco de Sangre. | F91: 6158300 | G91: =(F91*5.1%)+F91 -> 6472373.3
A92: 89 | B92: 387301 | C92: INSERCIÓN DE IMPLANTE O FILTRO EN VENA CAVA (SUPERIOR O INFERIOR) SOD | D92: Honorario médico Cirujano Vascular, Derecho de sala, 1 Electrocardiograma, Materiales de Sutura y curación, Agentes y gases anestésicos, Insumos básicos de Procedimientos, Insumos:, Bupirop y lidocaina, Cateter de diagnostico (1), Cefazolina o aztreonam con clindamicina (1), Filtro vena cava (1), Guia de diagnostico (1), Introductor hemodinamia (1), Medio de contraste, Transductor de presion | E92: Complicaciones, Honorario Anestesiologo, Estancia Hospitalaria, Consulta especializada Pre procedimiento, Honorario médico Anestesiólogo, Insumos y medicamentos No incluidos en los paquetes, Banco de Sangre. | F92: 6365126 | G92: =(F92*5.1%)+F92 -> 6689747.4
A93: 90 | B93: 352201 | C93: CAMBIO O REEMPLAZO DE VÁLVULA MITRAL | D93: * Honorarios cirujano cardiovascular, * Honorarios Anestesiólogo, * Honorarios Ayudante, * (1) Consulta post durante los 30 días siguientes al procedimiento y por la misma especialidad, * Valoración Preanestesica, * Valoración por medicina Interna, * Derechos de sala, * Derechos de equipo, * Derechos de Recuperación, * Exámenes de laboratorio: (Hemograma completo, TP, TPT, Electrolitos, Glucosa, Urea, Creatinina, Parcial de orina, Hemoclasificación) antes del procedimiento, * (1) Ecocardiograma transtoracico Rx de tórax si se requiere durante el procedimiento., * Estancia postquirúrgica: (3) días de UCI; (2) días de UCIN (después de realizado el procedimiento) ;(2) días en piso., * Materiales de sutura y curación, * Medio de contraste, * Agentes y gases anestésicos, * Medicamentos e Insumos básicos de procedimiento, * Incluye kit de trasfusión y derechos de perfusión. | E93: * Complicaciones y/o reintervenciones por sangrado, * Exámenes de laboratorio pre, durante y post. (Excepto los descritos en las inclusiones), * Consultas especializadas pre y post procedimiento pasado más de 30 días, * Apoyo diagnostico pre y post procedimiento. Diferentes a los relacionados en las inclusiones, * Materiales y medicamentos de la estancia, * Insumos y medicamentos descritos en la tabla anexa. Tarifa convenida,* Antibióticos de cuarta generación.,* Banco de sangre, * Medicamentos para terapia Hematológica, * Medicamentos Inotrópicos | F93: 26562469 | G93: =(F93*5.1%)+F93 -> 27917155
A94: 91 | B94: 372802 | C94: MAPEO ELECTROANATÓMICO TRIDIMENSIONAL | D94: Honorario médico Electro fisiólogo, Honorario médico Anestesiólogo, Derecho de sala, 1 Electrocardiograma. Ecocardiograma Intracardiaco, Materiales de Sutura y curación, Agentes y gases anestésicos, Insumos básicos de Procedimientos, Insumos:, Aguja transeptal, Bupirop y lidocaina (1), Cateter arterial (1), Cateter cuadripolar con extension (1), Cateter de ablacion convencional (1), Cateter de ablacion irrigado fa (1), Cateter decapolar con extension (1), Cateter diagnostico (1), Cateter duodecapolar con extension (1), Cateter eco intracardiaco (1), Cefazolina o aztreonam con clindamicina, Cisatracurio o Rocuronio o Vecuronio, Conector de ablacion (1), Electrodo multifuncion (1), Guia de diagnostico (1), Guia hidrofilica (1), Introductor ensite (1), Introductor hemodinamia (1), Introductores electrofisiologia (1), Isoproterenol, Medio de contraste, Parches ensite, Protamina, Transductor de presion. | E94: Complicaciones , Estancia Hospitalaria, Consulta especializada Pre Procedimiento, Insumos y medicamentos No incluidos en los paquetes, Banco de Sangre, Estancia hospitalaria adicional, Tomografías Cardiacas o Aorticas, Ecocardiograma Transesofagico | F94: 36780862 | G94: =(F94*5.1%)+F94 -> 38656686
A95: 92 | B95: 395205 | C95: REPARACION DE ANEURISMA POR OCLUSION VÍA PERCUTÁNEA (ENDOVASCULAR) | D95: INCLUSIONES: El valor total Procedimiento incluye (Insumos básicos, Materiales de Sutrura y Curacion, agentes y gases anestesicos, honorario médico especialista,derecho de sala, uso de equipo angiografo)., | E95: EXCLUSIONES: Honorarios Anestesiologo, Registro digital, medio de contraste, cateteres y guias, dispositivos medicos, insumos alto costo y todo los servcios adicionales no detallados en las inclusiones de acuerdo al requerimiento de cada paciente. | F95: 3802722 | G95: =(F95*5.1%)+F95 -> 3996660.8
A96: 93 | B96: 376101 | C96: IMPLANTACIÓN DE BALÓN CONTRAPULSACIÓN SOD | D96: Honorario médico Hemodinamista, Honorario médico Anestesiólogo, Derecho de sala, 1 Electrocardiograma. Rx de Tórax(1). Materiales de Sutura y curación, Agentes y gases anestésicos, Insumos básicos de Procedimientos, Insumos:, Balon contrapulsacion (1), Cateter diagnostico (1), Cefazolina, Cefalotina o aztreonam con clindamicina o Vancomicina (1), Guia de diagnostico (1), Introductor hemodinamia (1), Medio de contraste, Transductor de presion, | E96: Complicaciones, Estancia Hospitalaria, Consulta especializada Pre Procedimeinto, Insumos y medicamentos No incluidos en los paquetes, Banco de Sangre, Estancia adicionales a las incluidas en el paquete | F96: 11938798 | G96: =(F96*5.1%)+F96 -> 12547677
A97: 94 | B97: 876123 | C97: VALORACIÓN ANATÓMICA O FUNCIONAL DE ARTERIAS CORONARIAS | D97: Honorario médico Hemodinamista, Derecho de sala, Materiales de Sutura y curación, Agentes y gases anestésicos, Insumos básicos de Procedimientos (RESERVA DE FLUJO FRACCIONAL (FFR) O TOMOGRAFIA OPTICA COHERENTE (OCT) O ULTRASONIDO INTRAVASCULAR INTRACORONARIO ( IVUS)), Consulta pos Procedimiento , Insumos:, Cateter f/g assy sled pullback single pack md5 a7020 (1), Cateter para ultrasonido opticross o Guia para medicion de ffr o cateter oct (1), Guia angioplastia (1), Introductor hemodinamia (1), Medio de contraste, | E97: Complicaciones, Estancia Hospitalaria, Consulta especializada Pre , Honorario médico de anestesiólogo, Insumos y medicamentos No incluidos en los paquetes, Banco de Sangre, Balón de contrapulsación, Estancia adicionales a las incluidas en el paquete | F97: 5380325 | G97: =(F97*5.1%)+F97 -> 5654721.6
A98: 95 | B98: 386201 | C98: TOMA DE INJERTO VENOSO SOD | D98: HONORARIOS DE CIRUJANO,ANESTESIOLOGO Y AYUDANTE | F98: 477760 | G98: =(F98*5.1%)+F98 -> 502125.76
A99: 96 | B99: 875101 | C99: ANGIOGRAFÍA ESPINAL | D99: INCLUSIONES: El valor total Procedimiento incluye (Insumos básicos, Materiales de Sutrura y Curacion, agentes y gases anestesicos, honorario médico especialista,derecho de sala, uso de equipo angiografo)., | E99: EXCLUSIONES: Honorarios Anestesiologo, Registro digital, medio de contraste, cateteres y guias, dispositivos medicos, insumos alto costo y todo los servcios adicionales no detallados en las inclusiones de acuerdo al requerimiento de cada paciente. | F99: 1436346 | G99: =(F99*5.1%)+F99 -> 1509599.6
A100: 97 | B100: 879162 | C100: TOMOGRAFÍA COMPUTADA DE LARÍNGE | E100: En el caso de requerir anestesiologo se cobrara adicional a la tarifa establecida , materiales de sutura e insumos basicos, medios de contraste | F100: 229100 | G100: =(F100*5.1%)+F100 -> 240784.1
A101: 98 | B101: 879522 | C101: TOMOGRAFÍA COMPUTADA DE MIEMBROS INFERIORES (ANTEVERSION FEMORAL O TORSIÓN TIBIAL) | E101: En el caso de requerir anestesiologo se cobrara adicional a la tarifa establecida , materiales de sutura e insumos basicos, medios de contraste | F101: 93200 | G101: =(F101*5.1%)+F101 -> 97953.2
...

Sheet HISTORICO INTEG
A1: PRECIO HISTORICO Y PROYECTADO - INTEGRALIDAD CARDIOLOGÍA 2026
A3: ITEMS | B3: CUPS | C3: DESCRIPCION | D3: INCLUYE | E3: EXCLUYE | F3: HISTORICO | G3: HISTORICO PROYECTADO IPC 5,10%
A4: 1 | B4: 902210 | C4: HEMOGRAMA IV (HEMOGLOBINA HEMATOCRITO RECUENTO DE ERITROCITOS INDICES ERITROCITARIOS LEUCOGRAMA RECUENTO DE PLAQUETAS INDICES PLAQUETARIOS Y MORFOLOGIA ELECTRONICA E HISTOGRAMA) AUTOMATIZADO | D4: SERVICIO OFERTADO | E4: SERVICIOS ADICIONALES AL OFERTADO | F4: 13800 | G4: =(F4*5.1%)+F4 -> 14503.8
A5: 2 | B5: 871121 | C5: RADIOGRAFIA DE TORAX (P.A. O A.P. Y LATERAL, DECUBITO LATERAL, OBLICUAS O LATERAL) | D5: INFORMACION DEL EXAMEN. TOMA DEL ESTUDIO ENTREGA DE RESULTADO | E5: COMPLICACIONES DERIVADAS DEL PROCEDIMIENTO HOSPITALIZACIÓN, UCI Y UCIN. AYUDAS DIAGNOSTICAS ADICONALES A LA SOLICITADA | F5: 74677.514 | G5: =(F5*5.1%)+F5 -> 78486.067
A6: 3 | B6: 890266 | C6: CONSULTA DE PRIMERA VEZ POR ESPECIALISTA EN MEDICINA INTERNA | D6: HONORARIO DEL PROFESIONAL | E6: SERVICIOS, PROCEDIMIENTOS ADICIONALES AL OFERTADO Y/O COMPLICACIONES | F6: 83200 | G6: =(F6*5.1%)+F6 -> 87443.2
A7: 4 | B7: 931001 | C7: TERAPIA FISICA INTEGRAL | D7: HONORARIO DEL PROFESIONAL | E7: DERECHOS DE SALA, MATERIALES, MEDICAMENTOS E INSUMOS, INFECCIONES, COMPLICACIONES QUIRÚRGICAS, MATERIAL DE OSTEOSINTESIS, HOSPITALIZACIÓN EN UCI, UCIM O EN HABITACIÓN, SANGRE Y / O HEMODERIVADOS, NO INCLUYE PROCEDIMIENTOS ADICIONALES. | F7: 30706.667 | G7: =(F7*5.1%)+F7 -> 32272.707
A8: 5 | B8: 890366 | C8: CONSULTA DE CONTROL O DE SEGUIMIENTO POR ESPECIALISTA EN MEDICINA INTERNA | D8: HONORARIO DEL PROFESIONAL | E8: SERVICIOS, PROCEDIMIENTOS ADICIONALES AL OFERTADO Y/O COMPLICACIONES | F8: 71400 | G8: =(F8*5.1%)+F8 -> 75041.4
A9: 6 | B9: 881332 | C9: ECOGRAFIA DE VIAS URINARIAS (RIÑONES, VEJIGA Y PROSTATA TRANSABDOMINAL) | D9: INFORMACION DEL EXAMEN. TOMA DEL ESTUDIO ENTREGA DE RESULTADO | E9: COMPLICACIONES DERIVADAS DEL PROCEDIMIENTO HOSPITALIZACIÓN, UCI Y UCIN. AYUDAS DIAGNOSTICAS ADICONALES A LA SOLICITADA | F9: 145435.5 | G9: =(F9*5.1%)+F9 -> 152852.71
A10: 7 | B10: 881302 | C10: ECOGRAFIA DE ABDOMEN TOTAL | D10: INFORMACION DEL EXAMEN. TOMA DEL ESTUDIO ENTREGA DE RESULTADO | E10: COMPLICACIONES DERIVADAS DEL PROCEDIMIENTO HOSPITALIZACIÓN, UCI Y UCIN. AYUDAS DIAGNOSTICAS ADICONALES A LA SOLICITADA | F10: 159685.05 | G10: =(F10*5.1%)+F10 -> 167828.99
A11: 8 | B11: 998702 | C11: SOPORTE DE SEDACION PARA CONSULTA O APOYO DIAGNOSTICO | F11: 150000 | G11: =(F11*5.1%)+F11 -> 157650
A12: 9 | B12: 873420 | C12: RADIOGRAFIA DE RODILLA (AP, LATERAL) | D12: INFORMACION DEL EXAMEN. TOMA DEL ESTUDIO ENTREGA DE RESULTADO | E12: COMPLICACIONES DERIVADAS DEL PROCEDIMIENTO HOSPITALIZACIÓN, UCI Y UCIN. AYUDAS DIAGNOSTICAS ADICONALES A LA SOLICITADA | F12: 74677.514 | G12: =(F12*5.1%)+F12 -> 78486.067
A13: 10 | B13: 876802 | C13: MAMOGRAFIA BILATERAL | D13: INFORMACION DEL EXAMEN. TOMA DEL ESTUDIO ENTREGA DE RESULTADO | E13: SERVICIOS, PROCEDIMIENTOS ADICIONALES AL OFERTADO Y/O COMPLICACIONES | F13: 131920.95 | G13: =(F13*5.1%)+F13 -> 138648.92
A14: 11 | B14: 881201 | C14: ECOGRAFIA DE MAMA, CON TRANSDUCTOR DE 7 MHZ O MAS | D14: INFORMACION DEL EXAMEN. TOMA DEL ESTUDIO ENTREGA DE RESULTADO | E14: COMPLICACIONES DERIVADAS DEL PROCEDIMIENTO HOSPITALIZACIÓN, UCI Y UCIN. AYUDAS DIAGNOSTICAS ADICONALES A LA SOLICITADA | F14: 121196.25 | G14: =(F14*5.1%)+F14 -> 127377.26
A15: 12 | B15: 871040 | C15: RADIOGRAFIA DE COLUMNA LUMBOSACRA | D15: INFORMACION DEL EXAMEN. TOMA DEL ESTUDIO ENTREGA DE RESULTADO | E15: COMPLICACIONES DERIVADAS DEL PROCEDIMIENTO HOSPITALIZACIÓN, UCI Y UCIN. AYUDAS DIAGNOSTICAS ADICONALES A LA SOLICITADA | F15: 96957 | G15: =(F15*5.1%)+F15 -> 101901.81
A16: 13 | B16: 898101 | C16: ESTUDIO DE COLORACION BASICA EN BIOPSIA | F16: 73000 | G16: =(F16*5.1%)+F16 -> 76723
A17: 14 | B17: 441302 | C17: ESOFAGOGASTRODUODENOSCOPIA [EGD] CON O SIN BIOPSIA | D17: HONORARIOS MEDICOS ( CIRUJANO - ANESTESIOLOGO- AYUDANTE), DERECHOS DE SALA DE CIRUGIA, MATERIALES E INSUMOS BASICOS DEL PROCEDIMIENTO QUIRURGICO (CANASTA BASICA DE CIRUGIA ) , DERECHOS DE RECUPERACION | E17: COMPLICACIONES DERIVADAS DEL PROCEDIMIENTO HOSPITALIZACIÓN, UCI Y UCIN. AYUDAS DIAGNOSTICAS. ESTUDIO ANATOMOPATOLOGICO, BIOPSIA POR CONGELACION INSUMOS Y MEDICAMENTOS ESPECIALES SE FACTURAN POR CONSUMO DE ACUERDO A LA TARIFA CONVENIDA BANCO DE SANGRE (APLICACIÓN Y PROCESAMIENTO). ,NO INCLUYE PROCEDIMIENTOS ADICIONALES. | F17: 385000 | G17: =(F17*5.1%)+F17 -> 404635
A18: 15 | B18: 890206 | C18: CONSULTA DE PRIMERA VEZ POR NUTRICION Y DIETETICA | D18: HONORARIO DEL PROFESIONAL | E18: SERVICIOS, PROCEDIMIENTOS ADICIONALES AL OFERTADO Y/O COMPLICACIONES | F18: 52000 | G18: =(F18*5.1%)+F18 -> 54652
A19: 16 | B19: 890250 | C19: CONSULTA DE PRIMERA VEZ POR ESPECIALISTA EN GINECOLOGIA Y OBSTETRICIA | D19: HONORARIO DEL PROFESIONAL | E19: SERVICIOS, PROCEDIMIENTOS ADICIONALES AL OFERTADO Y/O COMPLICACIONES | F19: 70000 | G19: =(F19*5.1%)+F19 -> 73570
A20: 17 | B20: 890378 | C20: CONSULTA DE CONTROL O DE SEGUIMIENTO POR ESPECIALISTA EN ONCOLOGIA | D20: HONORARIO DEL PROFESIONAL | E20: SERVICIOS, PROCEDIMIENTOS ADICIONALES AL OFERTADO Y/O COMPLICACIONES | F20: 90000 | G20: =(F20*5.1%)+F20 -> 94590
A21: 18 | B21: 890246 | C21: CONSULTA DE PRIMERA VEZ POR ESPECIALISTA EN GASTROENTEROLOGIA | D21: HONORARIO DEL PROFESIONAL | E21: SERVICIOS, PROCEDIMIENTOS ADICIONALES AL OFERTADO Y/O COMPLICACIONES | F21: 99000 | G21: =(F21*5.1%)+F21 -> 104049
A22: 19 | B22: 903815 | C22: COLESTEROL DE ALTA DENSIDAD | D22: TOMA , PROCESAMAIENTO Y ENTREGA DE RESULTADO | E22: SERVICIOS, PROCEDIMIENTOS ADICIONALES AL OFERTADO Y/O COMPLICACIONES | F22: 11920 | G22: =(F22*5.1%)+F22 -> 12527.92
A23: 20 | B23: 873210 | C23: RADIOGRAFIA DE MANO | D23: INFORMACION DEL EXAMEN. TOMA DEL ESTUDIO ENTREGA DE RESULTADO | E23: COMPLICACIONES DERIVADAS DEL PROCEDIMIENTO HOSPITALIZACIÓN, UCI Y UCIN. AYUDAS DIAGNOSTICAS ADICONALES A LA SOLICITADA | F23: 61300 | G23: =(F23*5.1%)+F23 -> 64426.3
A24: 21 | B24: 890294 | C24: CONSULTA DE PRIMERA VEZ POR ESPECIALISTA EN UROLOGIA | D24: HONORARIO DEL PROFESIONAL | E24: SERVICIOS, PROCEDIMIENTOS ADICIONALES AL OFERTADO Y/O COMPLICACIONES | F24: 80700 | G24: =(F24*5.1%)+F24 -> 84815.7
A25: 22 | B25: 890282 | C25: CONSULTA DE PRIMERA VEZ POR ESPECIALISTA EN OTORRINOLARINGOLOGIA | D25: HONORARIO DEL PROFESIONAL | E25: SERVICIOS, PROCEDIMIENTOS ADICIONALES AL OFERTADO Y/O COMPLICACIONES | F25: 80700 | G25: =(F25*5.1%)+F25 -> 84815.7
A26: 23 | B26: 873411 | C26: RADIOGRAFIA DE CADERA O ARTICULACION COXO-FEMORAL (AP, LATERAL) | D26: INFORMACION DEL EXAMEN. TOMA DEL ESTUDIO ENTREGA DE RESULTADO | E26: COMPLICACIONES DERIVADAS DEL PROCEDIMIENTO HOSPITALIZACIÓN, UCI Y UCIN. AYUDAS DIAGNOSTICAS ADICONALES A LA SOLICITADA | F26: 66263 | G26: =(F26*5.1%)+F26 -> 69642.413
A27: 24 | B27: 890235 | C27: CONSULTA DE PRIMERA VEZ POR ESPECIALISTA EN CIRUGIA GENERAL | D27: HONORARIO DEL PROFESIONAL | E27: SERVICIOS, PROCEDIMIENTOS ADICIONALES AL OFERTADO Y/O COMPLICACIONES | F27: 80700 | G27: =(F27*5.1%)+F27 -> 84815.7
A28: 25 | B28: 881141 | C28: ECOGRAFIA DE TIROIDES CON TRANSDUCTOR DE 7 MHZ O MAS | D28: INFORMACION DEL EXAMEN. TOMA DEL ESTUDIO ENTREGA DE RESULTADO | E28: COMPLICACIONES DERIVADAS DEL PROCEDIMIENTO HOSPITALIZACIÓN, UCI Y UCIN. AYUDAS DIAGNOSTICAS ADICONALES A LA SOLICITADA | F28: 121196.25 | G28: =(F28*5.1%)+F28 -> 127377.26
... A30: 27 | B30: 903426 | C30: HEMOGLOBINA GLICOSILADA AUTOMATIZADA | D30: SERVICIO OFERTADO | E30: SERVICIOS ADICIONALES AL OFERTADO | F30: 22200 | G30: =(F30*5.1%)+F30 -> 23332.2
A31: 28 | B31: 882317 | C31: ECOGRAFIA DOPPLER DE VASOS VENOSOS DE MIEMBROS INFERIORES | E31: COMPLICACIONES , TRATAMIENTO HOSPITALARIO, ESTANCIAS, BANCO DE SANGRE, ESTUDIOS NO OFERTADOS O INCLUIDOS (IMÁGENES DIAGNOSTICAS, LABORATORIO CLINICO Y PATOLOGIA ) | F31: 221400 | G31: =(F31*5.1%)+F31 -> 232691.4
A32: 29 | B32: 903895 | C32: CREATININA EN SUERO U OTROS FLUIDOS | D32: TOMA , PROCESAMAIENTO Y ENTREGA DE RESULTADO | E32: SERVICIOS, PROCEDIMIENTOS ADICIONALES AL OFERTADO Y/O COMPLICACIONES | F32: 7100 | G32: =(F32*5.1%)+F32 -> 7462.1
A33: 30 | B33: 870108 | C33: RADIOGRAFIA DE SENOS PARANASALES | D33: INFORMACION DEL EXAMEN. TOMA DEL ESTUDIO ENTREGA DE RESULTADO | E33: COMPLICACIONES DERIVADAS DEL PROCEDIMIENTO HOSPITALIZACIÓN, UCI Y UCIN. AYUDAS DIAGNOSTICAS ADICONALES A LA SOLICITADA | F33: 88877.25 | G33: =(F33*5.1%)+F33 -> 93409.99
A34: 31 | B34: 907106 | C34: UROANALISIS | D34: TOMA , PROCESAMAIENTO Y ENTREGA DE RESULTADO | E34: SERVICIOS, PROCEDIMIENTOS ADICIONALES AL OFERTADO Y/O COMPLICACIONES | F34: 7600 | G34: =(F34*5.1%)+F34 -> 7987.6
A35: 32 | B35: 903026 | C35: MICROALBUMINURIA AUTOMATIZADA EN ORINA PARCIAL | D35: TOMA , PROCESAMAIENTO Y ENTREGA DE RESULTADO | E35: SERVICIOS, PROCEDIMIENTOS ADICIONALES AL OFERTADO Y/O COMPLICACIONES | F35: 31009 | G35: =(F35*5.1%)+F35 -> 32590.459
A36: 33 | B36: 881610 | C36: ECOGRAFIA ARTICULAR DE HOMBRO | D36: INFORMACION DEL EXAMEN. TOMA DEL ESTUDIO ENTREGA DE RESULTADO | E36: COMPLICACIONES DERIVADAS DEL PROCEDIMIENTO HOSPITALIZACIÓN, UCI Y UCIN. AYUDAS DIAGNOSTICAS ADICONALES A LA SOLICITADA | F36: 129276 | G36: =(F36*5.1%)+F36 -> 135869.08
A37: 34 | B37: 890350 | C37: CONSULTA DE CONTROL O DE SEGUIMIENTO POR ESPECIALISTA EN GINECOLOGIA Y OBSTETRICIA | D37: HONORARIO DEL PROFESIONAL | E37: SERVICIOS, PROCEDIMIENTOS ADICIONALES AL OFERTADO Y/O COMPLICACIONES | F37: 72500 | G37: =(F37*5.1%)+F37 -> 76197.5
A38: 35 | B38: 881401 | C38: ECOGRAFIA PELVICA GINECOLOGICA TRANSVAGINAL | D38: INFORMACION DEL EXAMEN. TOMA DEL ESTUDIO ENTREGA DE RESULTADO | E38: COMPLICACIONES DERIVADAS DEL PROCEDIMIENTO HOSPITALIZACIÓN, UCI Y UCIN. AYUDAS DIAGNOSTICAS ADICONALES A LA SOLICITADA | F38: 89600 | G38: =(F38*5.1%)+F38 -> 94169.6
A39: 36 | B39: 452301 | C39: COLONOSCOPIA TOTAL | D39: HONORARIOS, DERECHOS DE SALA E INSUMOS BASICOS, SEDACION | F39: 787900 | G39: =(F39*5.1%)+F39 -> 828082.9
A40: 37 | B40: 873412 | C40: RADIOGRAFIA DE CADERA COMPARATIVA | D40: INFORMACION DEL EXAMEN. TOMA DEL ESTUDIO ENTREGA DE RESULTADO | E40: COMPLICACIONES DERIVADAS DEL PROCEDIMIENTO HOSPITALIZACIÓN, UCI Y UCIN. AYUDAS DIAGNOSTICAS ADICONALES A LA SOLICITADA | F40: 43100 | G40: =(F40*5.1%)+F40 -> 45298.1
A41: 38 | B41: 881301 | C41: ECOGRAFIA DE TEJIDOS BLANDOS DE PARED ABDOMINAL Y DE PELVIS | D41: INFORMACION DEL EXAMEN. TOMA DEL ESTUDIO ENTREGA DE RESULTADO | E41: COMPLICACIONES DERIVADAS DEL PROCEDIMIENTO HOSPITALIZACIÓN, UCI Y UCIN. AYUDAS DIAGNOSTICAS ADICONALES A LA SOLICITADA | F41: 143280.9 | G41: =(F41*5.1%)+F41 -> 150588.23
A42: 39 | B42: 902045 | C42: TIEMPO DE PROTROMBINA [TP] | D42: SERVICIO OFERTADO | E42: SERVICIOS ADICIONALES AL OFERTADO | F42: 12861.751 | G42: =(F42*5.1%)+F42 -> 13517.7
A43: 40 | B43: 891509 | C43: NEUROCONDUCCION (CADA NERVIO) | D43: HONORARIO DEL PROFESIONAL | E43: DERECHOS DE SALA, MATERIALES, MEDICAMENTOS E INSUMOS, INFECCIONES, COMPLICACIONES QUIRÚRGICAS, MATERIAL DE OSTEOSINTESIS, HOSPITALIZACIÓN EN UCI, UCIM O EN HABITACIÓN, SANGRE Y / O HEMODERIVADOS, NO INCLUYE PROCEDIMIENTOS ADICIONALES. | F43: 311672 | G43: =(F43*5.1%)+F43 -> 327567.27
A44: 41 | B44: 890242 | C44: CONSULTA DE PRIMERA VEZ POR ESPECIALISTA EN DERMATOLOGIA | D44: HONORARIO DEL PROFESIONAL | E44: SERVICIOS, PROCEDIMIENTOS ADICIONALES AL OFERTADO Y/O COMPLICACIONES | F44: 70000 | G44: =(F44*5.1%)+F44 -> 73570
A45: 42 | B45: 870602 | C45: RADIOGRAFIA DE CAVUM FARINGEO | D45: INFORMACION DEL EXAMEN. TOMA DEL ESTUDIO ENTREGA DE RESULTADO | E45: COMPLICACIONES DERIVADAS DEL PROCEDIMIENTO HOSPITALIZACIÓN, UCI Y UCIN. AYUDAS DIAGNOSTICAS ADICONALES A LA SOLICITADA | F45: 74677.514 | G45: =(F45*5.1%)+F45 -> 78486.067
A46: 43 | B46: 873431 | C46: RADIOGRAFIA DE TOBILLO (AP, LATERAL Y ROTACION INTERNA) | D46: INFORMACION DEL EXAMEN. TOMA DEL ESTUDIO ENTREGA DE RESULTADO | E46: COMPLICACIONES DERIVADAS DEL PROCEDIMIENTO HOSPITALIZACIÓN, UCI Y UCIN. AYUDAS DIAGNOSTICAS ADICONALES A LA SOLICITADA | F46: 61300 | G46: =(F46*5.1%)+F46 -> 64426.3
A47: 44 | B47: 873204 | C47: RADIOGRAFIA DE HOMBRO | D47: INFORMACION DEL EXAMEN. TOMA DEL ESTUDIO ENTREGA DE RESULTADO | E47: COMPLICACIONES DERIVADAS DEL PROCEDIMIENTO HOSPITALIZACIÓN, UCI Y UCIN. AYUDAS DIAGNOSTICAS ADICONALES A LA SOLICITADA | F47: 74677.514 | G47: =(F47*5.1%)+F47 -> 78486.067
A48: 45 | B48: 930860 | C48: ELECTROMIOGRAFIA EN CADA EXTREMIDAD (UNO O MAS MUSCULOS) | D48: HONORARIOS DEL PROFESIONAL ,TOMA DEL EXAMEN Y RESULTADO | E48: SERVICIOS, PROCEDIMIENTOS ADICIONALES AL OFERTADO Y/O COMPLICACIONES | F48: 152060 | G48: =(F48*5.1%)+F48 -> 159815.06
A49: 46 | B49: 903843 | C49: GLUCOSA PRE Y POST PRANDIAL | D49: TOMA , PROCESAMAIENTO Y ENTREGA DE RESULTADO | E49: SERVICIOS, PROCEDIMIENTOS ADICIONALES AL OFERTADO Y/O COMPLICACIONES | F49: 13719 | G49: =(F49*5.1%)+F49 -> 14418.669
A50: 47 | B50: 883101 | C50: RESONANCIA MAGNETICA DE CEREBRO | D50: INFORMACION DEL EXAMEN. TOMA DEL ESTUDIO ENTREGA DE RESULTADO | E50: ANESTESIOLOGO, COMPLICACIONES DERIVADAS DEL PROCEDIMIENTO Y APLICACION DEL MEDIO DE CONTRASTE HOSPITALIZACIÓN, UCI Y UCIN. AYUDAS DIAGNOSTICAS ADICONALES A LA SOLICITADA | F50: 614061 | G50: =(F50*5.1%)+F50 -> 645378.11
A51: 48 | B51: 871030 | C51: RADIOGRAFIA DE COLUMNA DORSOLUMBAR | D51: INFORMACION DEL EXAMEN. TOMA DEL ESTUDIO ENTREGA DE RESULTADO | E51: COMPLICACIONES DERIVADAS DEL PROCEDIMIENTO HOSPITALIZACIÓN, UCI Y UCIN. AYUDAS DIAGNOSTICAS ADICONALES A LA SOLICITADA | F51: 118100 | G51: =(F51*5.1%)+F51 -> 124123.1
A52: 49 | B52: 890244 | C52: CONSULTA DE PRIMERA VEZ POR ESPECIALISTA EN ENDOCRINOLOGIA | F52: 104000 | G52: =(F52*5.1%)+F52 -> 109304
A53: 50 | B53: 898201 | C53: ESTUDIO DE COLORACION BASICA EN ESPECIMEN DE RECONOCIMIENTO | D53: TOMA DE MUESTRA, PROCESAMIENTO Y ENTREGA DE RESULTADO | E53: SERVICIOS, PROCEDIMIENTOS ADICIONALES AL OFERTADO Y/O COMPLICACIONES | F53: 96800 | G53: =(F53*5.1%)+F53 -> 101736.8
A54: 51 | B54: 881620 | C54: ECOGRAFIA ARTICULAR DE RODILLA | D54: INFORMACION DEL EXAMEN. TOMA DEL ESTUDIO ENTREGA DE RESULTADO | E54: COMPLICACIONES DERIVADAS DEL PROCEDIMIENTO HOSPITALIZACIÓN, UCI Y UCIN. AYUDAS DIAGNOSTICAS ADICONALES A LA SOLICITADA | F54: 129276 | G54: =(F54*5.1%)+F54 -> 135869.08
A55: 52 | B55: 890382 | C55: CONSULTA DE CONTROL O DE SEGUIMIENTO POR ESPECIALISTA EN OTORRINOLARINGOLOGIA | D55: HONORARIO DEL PROFESIONAL | E55: SERVICIOS, PROCEDIMIENTOS ADICIONALES AL OFERTADO Y/O COMPLICACIONES | F55: 72500 | G55: =(F55*5.1%)+F55 -> 76197.5
A56: 53 | B56: 890394 | C56: CONSULTA DE CONTROL O DE SEGUIMIENTO POR ESPECIALISTA EN UROLOGIA | D56: HONORARIO DEL PROFESIONAL | E56: SERVICIOS, PROCEDIMIENTOS ADICIONALES AL OFERTADO Y/O COMPLICACIONES | F56: 72500 | G56: =(F56*5.1%)+F56 -> 76197.5
A57: 54 | B57: 901236 | C57: UROCULTIVO (ANTIBIOGRAMA CONCENTRACION MINIMA INHIBITORIA AUTOMATIZADO) | F57: 40200 | G57: =(F57*5.1%)+F57 -> 42250.2
A58: 55 | B58: 883522 | C58: RESONANCIA MAGNETICA DE ARTICULACIONES DE MIEMBRO INFERIOR (ESPECIFICO) | D58: INFORMACION DEL EXAMEN. TOMA DEL ESTUDIO ENTREGA DE RESULTADO | E58: ANESTESIOLOGO, COMPLICACIONES DERIVADAS DEL PROCEDIMIENTO Y APLICACION DEL MEDIO DE CONTRASTE HOSPITALIZACIÓN, UCI Y UCIN. AYUDAS DIAGNOSTICAS ADICONALES A LA SOLICITADA | F58: 543835 | G58: =(F58*5.1%)+F58 -> 571570.58
A59: 56 | B59: 883230 | C59: RESONANCIA MAGNETICA DE COLUMNA LUMBOSACRA SIMPLE | D59: INFORMACION DEL EXAMEN. TOMA DEL ESTUDIO ENTREGA DE RESULTADO | E59: ANESTESIOLOGO, COMPLICACIONES DERIVADAS DEL PROCEDIMIENTO Y APLICACION DEL MEDIO DE CONTRASTE HOSPITALIZACIÓN, UCI Y UCIN. AYUDAS DIAGNOSTICAS ADICONALES A LA SOLICITADA | F59: 614061 | G59: =(F59*5.1%)+F59 -> 645378.11
A60: 57 | B60: 881601 | C60: ECOGRAFIA DE TEJIDOS BLANDOS EN LAS EXTREMIDADES SUPERIORES CON TRANSDUCTOR DE 7 MHZ O MAS | D60: INFORMACION DEL EXAMEN. TOMA DEL ESTUDIO ENTREGA DE RESULTADO | E60: COMPLICACIONES DERIVADAS DEL PROCEDIMIENTO HOSPITALIZACIÓN, UCI Y UCIN. AYUDAS DIAGNOSTICAS ADICONALES A LA SOLICITADA | F60: 121196.25 | G60: =(F60*5.1%)+F60 -> 127377.26
A61: 58 | B61: 890271 | C61: CONSULTA DE PRIMERA VEZ POR ESPECIALISTA EN NEUMOLOGIA | D61: HONORARIO DEL PROFESIONAL | E61: SERVICIOS, PROCEDIMIENTOS ADICIONALES AL OFERTADO Y/O COMPLICACIONES | F61: 104000 | G61: =(F61*5.1%)+F61 -> 109304
A62: 59 | B62: 893805 | C62: ESPIROMETRIA O CURVA DE FLUJO VOLUMEN PRE Y POST BRONCODILATADORES | D62: HONORARIOS DEL PROFESIONAL, USO DE EQUIPO SOPORTE | E62: INFECCIONES, COMPLICACIONES QUIRÚRGICAS, MATERIAL DE OSTEOSINTESIS, MEDICAMENTOS E INSUMOS, HOSPITALIZACIÓN EN UCI, UCIM O EN HABITACIÓN, SANGRE Y / O HEMODERIVADOS,NO INCLUYE PROCEDIMIENTOS ADICIONALES. | F62: 94655 | G62: =(F62*5.1%)+F62 -> 99482.405
A63: 60 | B63: 890346 | C63: CONSULTA DE CONTROL O DE SEGUIMIENTO POR ESPECIALISTA EN GASTROENTEROLOGIA | D63: HONORARIO DEL PROFESIONAL | E63: SERVICIOS, PROCEDIMIENTOS ADICIONALES AL OFERTADO Y/O COMPLICACIONES | F63: 99000 | G63: =(F63*5.1%)+F63 -> 104049
A64: 61 | B64: 873422 | C64: RADIOGRAFIA DE RODILLAS COMPARATIVAS POSICION VERTICAL (UNICAMENTE VISTA ANTEROPOSTERIOR) | D64: INFORMACION DEL EXAMEN. TOMA DEL ESTUDIO ENTREGA DE RESULTADO | E64: COMPLICACIONES DERIVADAS DEL PROCEDIMIENTO HOSPITALIZACIÓN, UCI Y UCIN. AYUDAS DIAGNOSTICAS ADICONALES A LA SOLICITADA | F64: 43100 | G64: =(F64*5.1%)+F64 -> 45298.1
A65: 62 | B65: 937001 | C65: TERAPIA FONOAUDIOLOGICA INTEGRAL SOD | D65: HONORARIO DEL PROFESIONAL | E65: DERECHOS DE SALA, MATERIALES, MEDICAMENTOS E INSUMOS, INFECCIONES, COMPLICACIONES QUIRÚRGICAS, MATERIAL DE OSTEOSINTESIS, HOSPITALIZACIÓN EN UCI, UCIM O EN HABITACIÓN, SANGRE Y / O HEMODERIVADOS, NO INCLUYE PROCEDIMIENTOS ADICIONALES. | F65: 33500 | G65: =(F65*5.1%)+F65 -> 35208.5
A66: 63 | B66: 903818 | C66: COLESTEROL TOTAL | D66: TOMA , PROCESAMAIENTO Y ENTREGA DE RESULTADO | E66: SERVICIOS, PROCEDIMIENTOS ADICIONALES AL OFERTADO Y/O COMPLICACIONES | F66: 11422.503 | G66: =(F66*5.1%)+F66 -> 12005.051
A67: 64 | B67: 890351 | C67: CONSULTA DE CONTROL O DE SEGUIMIENTO POR ESPECIALISTA EN HEMATOLOGIA | D67: SERVICIO OFERTADO | E67: SERVICIOS ADICIONALES AL OFERTADO | F67: 83200 | G67: =(F67*5.1%)+F67 -> 87443.2
A68: 65 | B68: 890342 | C68: CONSULTA DE CONTROL O DE SEGUIMIENTO POR ESPECIALISTA EN DERMATOLOGIA | D68: HONORARIO DEL PROFESIONAL | E68: SERVICIOS, PROCEDIMIENTOS ADICIONALES AL OFERTADO Y/O COMPLICACIONES | F68: 70000 | G68: =(F68*5.1%)+F68 -> 73570
A69: 66 | B69: 903868 | C69: TRIGLICERIDOS | D69: TOMA , PROCESAMAIENTO Y ENTREGA DE RESULTADO | E69: SERVICIOS, PROCEDIMIENTOS ADICIONALES AL OFERTADO Y/O COMPLICACIONES | F69: 11511.627 | G69: =(F69*5.1%)+F69 -> 12098.72
... A75: 72 | B75: 881306 | C75: ECOGRAFIA DE HIGADO, PANCREAS, VIA BILIAR Y VESICULA | D75: INFORMACION DEL EXAMEN. TOMA DEL ESTUDIO ENTREGA DE RESULTADO | E75: COMPLICACIONES DERIVADAS DEL PROCEDIMIENTO HOSPITALIZACIÓN, UCI Y UCIN. AYUDAS DIAGNOSTICAS ADICONALES A LA SOLICITADA | F75: 129276 | G75: =(F75*5.1%)+F75 -> 135869.08
A76: 73 | B76: 879430 | C76: TOMOGRAFIA COMPUTADA DE VIAS URINARIAS [UROTC] | F76: 388200 | G76: =(F76*5.1%)+F76 -> 407998.2
A77: 74 | B77: 871010 | C77: RADIOGRAFIA DE COLUMNA CERVICAL | D77: INFORMACION DEL EXAMEN. TOMA DEL ESTUDIO ENTREGA DE RESULTADO | E77: COMPLICACIONES DERIVADAS DEL PROCEDIMIENTO HOSPITALIZACIÓN, UCI Y UCIN. AYUDAS DIAGNOSTICAS ADICONALES A LA SOLICITADA | F77: 96957 | G77: =(F77*5.1%)+F77 -> 101901.81
A78: 75 | B78: 890374 | C78: CONSULTA DE CONTROL O DE SEGUIMIENTO POR ESPECIALISTA EN NEUROLOGIA | D78: HONORARIO DEL PROFESIONAL | E78: SERVICIOS, PROCEDIMIENTOS ADICIONALES AL OFERTADO Y/O COMPLICACIONES | F78: 99000 | G78: =(F78*5.1%)+F78 -> 104049
A79: 76 | B79: 883440 | C79: RESONANCIA MAGNETICA DE PELVIS | D79: INFORMACION DEL EXAMEN. TOMA DEL ESTUDIO ENTREGA DE RESULTADO | E79: ANESTESIOLOGO, COMPLICACIONES DERIVADAS DEL PROCEDIMIENTO Y APLICACION DEL MEDIO DE CONTRASTE HOSPITALIZACIÓN, UCI Y UCIN. AYUDAS DIAGNOSTICAS ADICONALES A LA SOLICITADA | F79: 837600 | G79: =(F79*5.1%)+F79 -> 880317.6
A80: 77 | B80: 903841 | C80: GLUCOSA EN SUERO U OTRO FLUIDO DIFERENTE A ORINA | D80: TOMA , PROCESAMAIENTO Y ENTREGA DE RESULTADO | E80: SERVICIOS, PROCEDIMIENTOS ADICIONALES AL OFERTADO Y/O COMPLICACIONES | F80: 6200 | G80: =(F80*5.1%)+F80 -> 6516.2
A81: 78 | B81: 890335 | C81: CONSULTA DE CONTROL O DE SEGUIMIENTO POR ESPECIALISTA EN CIRUGIA GENERAL | D81: HONORARIO DEL PROFESIONAL | E81: SERVICIOS, PROCEDIMIENTOS ADICIONALES AL OFERTADO Y/O COMPLICACIONES | F81: 72500 | G81: =(F81*5.1%)+F81 -> 76197.5
A82: 79 | B82: 873313 | C82: RADIOGRAFIA DE PIERNA (AP, LATERAL) | D82: INFORMACION DEL EXAMEN. TOMA DEL ESTUDIO ENTREGA DE RESULTADO | E82: COMPLICACIONES DERIVADAS DEL PROCEDIMIENTO HOSPITALIZACIÓN, UCI Y UCIN. AYUDAS DIAGNOSTICAS ADICONALES A LA SOLICITADA | F82: 74677.514 | G82: =(F82*5.1%)+F82 -> 78486.067
A83: 80 | B83: 881510 | C83: ECOGRAFIA TESTICULAR CON TRANSDUCTOR DE 7 MHZ O MAS | D83: INFORMACION DEL EXAMEN. TOMA DEL ESTUDIO ENTREGA DE RESULTADO | E83: COMPLICACIONES DERIVADAS DEL PROCEDIMIENTO HOSPITALIZACIÓN, UCI Y UCIN. AYUDAS DIAGNOSTICAS ADICONALES A LA SOLICITADA | F83: 129276 | G83: =(F83*5.1%)+F83 -> 135869.08
A84: 81 | B84: 881602 | C84: ECOGRAFIA DE TEJIDOS BLANDOS EN LAS EXTREMIDADES INFERIORES CON TRANSDUCTOR DE 7 MHZ O MAS | D84: INFORMACION DEL EXAMEN. TOMA DEL ESTUDIO ENTREGA DE RESULTADO | E84: COMPLICACIONES DERIVADAS DEL PROCEDIMIENTO HOSPITALIZACIÓN, UCI Y UCIN. AYUDAS DIAGNOSTICAS ADICONALES A LA SOLICITADA | F84: 121196.25 | G84: =(F84*5.1%)+F84 -> 127377.26
A85: 82 | B85: 873205 | C85: RADIOGRAFIA DE CODO | D85: INFORMACION DEL EXAMEN. TOMA DEL ESTUDIO ENTREGA DE RESULTADO | E85: COMPLICACIONES DERIVADAS DEL PROCEDIMIENTO HOSPITALIZACIÓN, UCI Y UCIN. AYUDAS DIAGNOSTICAS ADICONALES A LA SOLICITADA | F85: 61300 | G85: =(F85*5.1%)+F85 -> 64426.3
A86: 83 | B86: 881701 | C86: ECOGRAFIA COMO GUIA PARA PROCEDIMIENTOS | D86: INFORMACION DEL EXAMEN. TOMA DEL ESTUDIO ENTREGA DE RESULTADO | E86: COMPLICACIONES DERIVADAS DEL PROCEDIMIENTO HOSPITALIZACIÓN, UCI Y UCIN. AYUDAS DIAGNOSTICAS ADICONALES A LA SOLICITADA | F86: 176000 | G86: =(F86*5.1%)+F86 -> 184976
A87: 84 | B87: 890344 | C87: CONSULTA DE CONTROL O DE SEGUIMIENTO POR ESPECIALISTA EN ENDOCRINOLOGIA | F87: 104000 | G87: =(F87*5.1%)+F87 -> 109304
A88: 85 | B88: 306001 | C88: NASOLARINGOSCOPIA | D88: NASOFIBROLARINGOSCOPIA - DERECHOS DE SALA DE ENDOSCOPIA Y/O CONSULTORIO CON MEDICAMENTOS E INSUMOS BÁSICOS, HONORARIO ESPECIALISTA. | E88: VALORACIÓN PREANESTÉSICA, HOSPITALIZACIÓN EN HABITACIÓN, ESTANCIA EN UCI O CUIDADOS INTERMEDIOS, TRANSFUSIONES SANGUÍNEAS, NUTRICIÓN PARENTERAL, AYUDAS DIAGNÓSTICAS, INSUMOS Y MATERIALES DIFERENTES A LOS DESCRITOS. LOS CUALES SERÁN FACTURADOS A LO REAL UTILIZADO EN EL HALLAZGO QUIRÚRGICO | F88: 960000 | G88: =(F88*5.1%)+F88 -> 1008960
A89: 86 | B89: 890371 | C89: CONSULTA DE CONTROL O DE SEGUIMIENTO POR ESPECIALISTA EN NEUMOLOGIA | D89: HONORARIO DEL PROFESIONAL | E89: SERVICIOS, PROCEDIMIENTOS ADICIONALES AL OFERTADO Y/O COMPLICACIONES | F89: 104000 | G89: =(F89*5.1%)+F89 -> 109304
A90: 87 | B90: 872002 | C90: RADIOGRAFIA DE ABDOMEN SIMPLE | D90: INFORMACION DEL EXAMEN. TOMA DEL ESTUDIO ENTREGA DE RESULTADO | E90: COMPLICACIONES DERIVADAS DEL PROCEDIMIENTO HOSPITALIZACIÓN, UCI Y UCIN. AYUDAS DIAGNOSTICAS ADICONALES A LA SOLICITADA | F90: 80421.938 | G90: =(F90*5.1%)+F90 -> 84523.457
A91: 88 | B91: 904921 | C91: TIROXINA LIBRE | D91: TOMA , PROCESAMAIENTO Y ENTREGA DE RESULTADO | E91: SERVICIOS, PROCEDIMIENTOS ADICIONALES AL OFERTADO Y/O COMPLICACIONES | F91: 27090 | G91: =(F91*5.1%)+F91 -> 28471.59
A92: 89 | B92: 873122 | C92: RADIOGRAFIA DE ANTEBRAZO | D92: INFORMACION DEL EXAMEN. TOMA DEL ESTUDIO ENTREGA DE RESULTADO | E92: COMPLICACIONES DERIVADAS DEL PROCEDIMIENTO HOSPITALIZACIÓN, UCI Y UCIN. AYUDAS DIAGNOSTICAS ADICONALES A LA SOLICITADA | F92: 61300 | G92: =(F92*5.1%)+F92 -> 64426.3
A93: 90 | B93: 881305 | C93: ECOGRAFIA DE ABDOMEN SUPERIOR | D93: INFORMACION DEL EXAMEN. TOMA DEL ESTUDIO ENTREGA DE RESULTADO | E93: COMPLICACIONES DERIVADAS DEL PROCEDIMIENTO HOSPITALIZACIÓN, UCI Y UCIN. AYUDAS DIAGNOSTICAS ADICONALES A LA SOLICITADA | F93: 136458 | G93: =(F93*5.1%)+F93 -> 143417.36
A94: 91 | B94: 890306 | C94: CONSULTA DE CONTROL O DE SEGUIMIENTO POR NUTRICION Y DIETETICA | D94: HONORARIO DEL PROFESIONAL | E94: SERVICIOS, PROCEDIMIENTOS ADICIONALES AL OFERTADO Y/O COMPLICACIONES | F94: 51900 | G94: =(F94*5.1%)+F94 -> 54546.9
A95: 92 | B95: 890337 | C95: CONSULTA DE CONTROL O DE SEGUIMIENTO POR ESPECIALISTA EN CIRUGIA ONCOLOGICA | D95: HONORARIO DEL PROFESIONAL | E95: SERVICIOS, PROCEDIMIENTOS ADICIONALES AL OFERTADO Y/O COMPLICACIONES | F95: 70000 | G95: =(F95*5.1%)+F95 -> 73570
A96: 93 | B96: 938303 | C96: TERAPIA OCUPACIONAL INTEGRAL | D96: HONORARIO DEL PROFESIONAL | E96: DERECHOS DE SALA, MATERIALES, MEDICAMENTOS E INSUMOS, INFECCIONES, COMPLICACIONES QUIRÚRGICAS, MATERIAL DE OSTEOSINTESIS, HOSPITALIZACIÓN EN UCI, UCIM O EN HABITACIÓN, SANGRE Y / O HEMODERIVADOS, NO INCLUYE PROCEDIMIENTOS ADICIONALES. | F96: 31300 | G96: =(F96*5.1%)+F96 -> 32896.3
A97: 94 | B97: 890273 | C97: CONSULTA DE PRIMERA VEZ POR ESPECIALISTA EN NEUROCIRUGIA | D97: HONORARIO DEL PROFESIONAL | E97: SERVICIOS, PROCEDIMIENTOS ADICIONALES AL OFERTADO Y/O COMPLICACIONES | F97: 99000 | G97: =(F97*5.1%)+F97 -> 104049
A98: 95 | B98: 882318 | C98: ECOGRAFIA DOPPLER DE VASOS VENOSOS DE MIEMBRO INFERIOR | D98: INFORMACION DEL EXAMEN. TOMA DEL ESTUDIO ENTREGA DE RESULTADO | E98: COMPLICACIONES DERIVADAS DEL PROCEDIMIENTO HOSPITALIZACIÓN, UCI Y UCIN. AYUDAS DIAGNOSTICAS ADICONALES A LA SOLICITADA | F98: 192200 | G98: =(F98*5.1%)+F98 -> 202002.2
A99: 96 | B99: 883401 | C99: RESONANCIA MAGNETICA DE ABDOMEN | D99: INFORMACION DEL EXAMEN. TOMA DEL ESTUDIO ENTREGA DE RESULTADO | E99: ANESTESIOLOGO, COMPLICACIONES DERIVADAS DEL PROCEDIMIENTO Y APLICACION DEL MEDIO DE CONTRASTE HOSPITALIZACIÓN, UCI Y UCIN. AYUDAS DIAGNOSTICAS ADICONALES A LA SOLICITADA | F99: 909100 | G99: =(F99*5.1%)+F99 -> 955464.1
... A104: 101 | B104: 882308 | C104: ECOGRAFIA DOPPLER DE VASOS ARTERIALES DE MIEMBROS INFERIORES | D104: INFORMACION DEL EXAMEN. TOMA DEL ESTUDIO ENTREGA DE RESULTADO | E104: COMPLICACIONES DERIVADAS DEL PROCEDIMIENTO HOSPITALIZACIÓN, UCI Y UCIN. AYUDAS DIAGNOSTICAS ADICONALES A LA SOLICITADA | F104: 198500 | G104: =(F104*5.1%)+F104 -> 208623.5
A105: 102 | B105: 904904 | C105: HORMONA ESTIMULANTE DEL TIROIDES ULTRASENSIBLE | F105: 46500 | G105: =(F105*5.1%)+F105 -> 48871.5
A106: 103 | B106: 890278 | C106: CONSULTA DE PRIMERA VEZ POR ESPECIALISTA EN ONCOLOGIA | D106: HONORARIO DEL PROFESIONAL | E106: SERVICIOS, PROCEDIMIENTOS ADICIONALES AL OFERTADO Y/O COMPLICACIONES | F106: 90000 | G106: =(F106*5.1%)+F106 -> 94590
A107: 104 | B107: 903817 | C107: COLESTEROL DE BAJA DENSIDAD [LDL] AUTOMATIZADO | F107: 15500 | G107: =(F107*5.1%)+F107 -> 16290.5
A108: 105 | B108: 873312 | C108: RADIOGRAFIA DE FEMUR (AP, LATERAL) | D108: INFORMACION DEL EXAMEN. TOMA DEL ESTUDIO ENTREGA DE RESULTADO | E108: COMPLICACIONES DERIVADAS DEL PROCEDIMIENTO HOSPITALIZACIÓN, UCI Y UCIN. AYUDAS DIAGNOSTICAS ADICONALES A LA SOLICITADA | F108: 74677.514 | G108: =(F108*5.1%)+F108 -> 78486.067
A109: 106 | B109: 890373 | C109: CONSULTA DE CONTROL O DE SEGUIMIENTO POR ESPECIALISTA EN NEUROCIRUGIA | D109: HONORARIO DEL PROFESIONAL | E109: SERVICIOS, PROCEDIMIENTOS ADICIONALES AL OFERTADO Y/O COMPLICACIONES | F109: 94100 | G109: =(F109*5.1%)+F109 -> 98899.1
A110: 107 | B110: 881132 | C110: ECOGRAFIA DE CUELLO | D110: INFORMACION DEL EXAMEN. TOMA DEL ESTUDIO ENTREGA DE RESULTADO | E110: COMPLICACIONES DERIVADAS DEL PROCEDIMIENTO HOSPITALIZACIÓN, UCI Y UCIN. AYUDAS DIAGNOSTICAS ADICONALES A LA SOLICITADA | F110: 83766.55 | G110: =(F110*5.1%)+F110 -> 88038.644
A111: 108 | B111: 882112 | C111: ECOGRAFIA DOPPLER DE VASOS DEL CUELLO | D111: INFORMACION DEL EXAMEN. TOMA DEL ESTUDIO ENTREGA DE RESULTADO | E111: COMPLICACIONES DERIVADAS DEL PROCEDIMIENTO HOSPITALIZACIÓN, UCI Y UCIN. AYUDAS DIAGNOSTICAS ADICONALES A LA SOLICITADA | F111: 221400 | G111: =(F111*5.1%)+F111 -> 232691.4
...

Sheet MERCADO
A1: VALOR DEL MERCADO - CARDIOLOGIA 2026
A4: ITEM | B4: CUPS | C4: DESCRIPCION | D4: INCLUYE | E4: EXCLUYE | F4: FVL | G4: OCCIDENTE | H4: NUESTRA | I4: COSMITET | J4: VALRO DEL MERCADO
A5: 1 | B5: 881202 | C5: ECOCARDIOGRAMA TRANSTORÁCICO | D5: Adultos y Pediátricos | F5: =VLOOKUP(B5,FVL!$A$5:$N$6151,14,0) -> 458855 | G5: =VLOOKUP(B5,OCCIDENTE!$A$8:$J$5948,10,0) -> 334279.7 | H5: =VLOOKUP(B5,NUESTRA!$A$2:$G$2913,7,0) -> 456654 | I5: =VLOOKUP(B5,'COSMITET ABR'!$C$3:$H$363,6,0) -> 281586.7 | J5: =AVERAGE(F5,G5,H5,I5) -> 382843.85
A6: 2 | B6: 890226 | C6: CONSULTA DE PRIMERA VEZ POR ESPECIALISTA EN ANESTESIOLOGÍA | D6: HONORARIOS MEDICOS DEL ESPECIALISTA | F6: =VLOOKUP(B6,FVL!$A$5:$N$6151,14,0) -> 133848 | G6: =VLOOKUP(B6,OCCIDENTE!$A$8:$J$5948,10,0) -> 67947.123 | H6: =VLOOKUP(B6,NUESTRA!$A$2:$G$2913,7,0) -> 196114.66 | I6: =VLOOKUP(B6,'COSMITET ABR'!$C$3:$H$363,6,0) -> 90965 | J6: =AVERAGE(F6,G6,H6,I6) -> 122218.7
A7: 3 | B7: 998702 | C7: SOPORTE DE SEDACION PARA CONSULTA O APOYO DIAGNOSTICO | D7: MEDICO GENERAL ENTRENADO SOLO PARA UNIDAD DE ATENCION DIGESTIVA | F7: =VLOOKUP(B7,FVL!$A$5:$N$6151,14,0) -> 458672 | G7: =VLOOKUP(B7,OCCIDENTE!$A$8:$J$5948,10,0) -> 238871.89 | H7: =VLOOKUP(B7,NUESTRA!$A$2:$G$2913,7,0) -> 211200 | I7: 186900 | J7: =AVERAGE(F7,G7,H7,I7) -> 273910.97
A8: 4 | B8: 890228 | C8: CONSULTA DE PRIMERA VEZ POR ESPECIALISTA EN CARDIOLOGÍA | F8: =VLOOKUP(B8,FVL!$A$5:$N$6151,14,0) -> 133848 | G8: =VLOOKUP(B8,OCCIDENTE!$A$8:$J$5948,10,0) -> 75496.804 | H8: =VLOOKUP(B8,NUESTRA!$A$2:$G$2913,7,0) -> 196114.66 | I8: =VLOOKUP(B8,'COSMITET ABR'!$C$3:$H$363,6,0) -> 83681.667 | J8: =AVERAGE(F8,G8,H8,I8) -> 122285.28
A9: 5 | B9: 890701 | C9: CONSULTA DE URGENCIAS POR MEDICINA GENERAL | D9: HONORARIOS MEDICOS DEL ESPECIALISTA | F9: =VLOOKUP(B9,FVL!$A$5:$N$6151,14,0) -> 95605 | G9: =VLOOKUP(B9,OCCIDENTE!$A$8:$J$5948,10,0) -> 25098.5 | H9: =VLOOKUP(B9,NUESTRA!$A$2:$G$2913,7,0) -> 79200 | I9: =VLOOKUP(B9,'COSMITET ABR'!$C$3:$H$363,6,0) -> 73790.9 | J9: =AVERAGE(F9,G9,H9,I9) -> 68423.6
A10: 6 | B10: 895001 | C10: MONITOREO ELECTROCARDIOGRÁFICO CONTINUO (HOLTER) | D10: Adultos y Pediátricos (éstos últimos mayores de 12 años exclusivamente) | F10: =VLOOKUP(B10,FVL!$A$5:$N$6151,14,0) -> 380591 | G10: =VLOOKUP(B10,OCCIDENTE!$A$8:$J$5948,10,0) -> 250560.8 | H10: =VLOOKUP(B10,NUESTRA!$A$2:$G$2913,7,0) -> 257485.54 | I10: =VLOOKUP(B10,'COSMITET ABR'!$C$3:$H$363,6,0) -> 400848.89 | J10: =AVERAGE(F10,G10,H10,I10) -> 322371.56
A11: 7 | B11: 895004 | C11: MONITOREO AMBULATORIO DE PRESIÓN ARTERIAL SISTÉMICA | F11: =VLOOKUP(B11,FVL!$A$5:$N$6151,14,0) -> 390754 | G11: =VLOOKUP(B11,OCCIDENTE!$A$8:$J$5948,10,0) -> 250560.8 | H11: =VLOOKUP(B11,NUESTRA!$A$2:$G$2913,7,0) -> 257485.54 | I11: NO OFERTA | J11: =AVERAGE(F11,G11,H11,I11) -> 299600.11
A12: 8 | B12: 881210 | C12: ECOCARDIOGRAMA DE STRESS CON PRUEBA DE ESFUERZO O CON PRUEBA FARMACOLÓGICA | D12: Adultos y Pediátricos (éstos últimos mayores de 15 años y previa revisión de la HC por parte de nuestro especialista) | F12: =VLOOKUP(B12,FVL!$A$5:$N$6151,14,0) -> 858658 | G12: =VLOOKUP(B12,OCCIDENTE!$A$8:$J$5948,10,0) -> 625543.5 | H12: =VLOOKUP(B12,NUESTRA!$A$2:$G$2913,7,0) -> 422400 | I12: =VLOOKUP(B12,'COSMITET ABR'!$C$3:$H$363,6,0) -> 1330896.4 | J12: =AVERAGE(F12,G12,H12,I12) -> 809374.48
A13: 9 | B13: 890328 | C13: CONSULTA DE CONTROL O DE SEGUIMIENTO POR ESPECIALISTA EN CARDIOLOGÍA | F13: =VLOOKUP(B13,FVL!$A$5:$N$6151,14,0) -> 133848 | G13: =VLOOKUP(B13,OCCIDENTE!$A$8:$J$5948,10,0) -> 75496.804 | H13: =VLOOKUP(B13,NUESTRA!$A$2:$G$2913,7,0) -> 101954.29 | I13: =VLOOKUP(B13,'COSMITET ABR'!$C$3:$H$363,6,0) -> 76935 | J13: =AVERAGE(F13,G13,H13,I13) -> 97058.523
A14: 10 | B14: 933601 | C14: TERAPIA DE REHABILITACIÓN CARDIOVASCULAR | F14: =VLOOKUP(B14,FVL!$A$5:$N$6151,14,0) -> 73656 | G14: =VLOOKUP(B14,OCCIDENTE!$A$8:$J$5948,10,0) -> 45298.082 | H14: =VLOOKUP(B14,NUESTRA!$A$2:$G$2913,7,0) -> 148331.86 | I14: =VLOOKUP(B14,'COSMITET ABR'!$C$3:$H$363,6,0) -> 68003.525 | J14: =AVERAGE(F14,G14,H14,I14) -> 83822.368
A15: 11 | B15: 129A01 | C15: INTERNACION COMPLEJIDAD ALTA HABITACION UNIPERSONAL (INCLUYE AISLAMIENTO) | E15: EXCLUYE CUALQUIER TIPO DE TERAPIA Y INTERCONSULTA ESPECIALIZA | F15: 360377 | G15: =VLOOKUP(B15,OCCIDENTE!$A$8:$J$5948,10,0) -> 615495.31 | H15: =VLOOKUP(B15,NUESTRA!$A$2:$G$2913,7,0) -> 520963.87 | I15: =VLOOKUP(B15,'COSMITET ABR'!$C$3:$H$363,6,0) -> 477200.17 | J15: =AVERAGE(F15,G15,H15,I15) -> 493509.09
A16: 12 | B16: 129A02 | C16: INTERNACION COMPLEJIDAD ALTA HABITACION MULTIPLE | E16: EXCLUYE CUALQUIER TIPO DE TERAPIA Y INTERCONSULTA ESPECIALIZA | F16: =VLOOKUP(B16,FVL!$A$5:$N$6151,14,0) -> 360377 | G16: =VLOOKUP(B16,OCCIDENTE!$A$8:$J$5948,10,0) -> 218940.73 | H16: =VLOOKUP(B16,NUESTRA!$A$2:$G$2913,7,0) -> 428562.42 | I16: =VLOOKUP(B16,'COSMITET ABR'!$C$3:$H$363,6,0) -> 365230.03 | J16: =AVERAGE(F16,G16,H16,I16) -> 343277.55
A17: 13 | B17: 110A01 | C17: INTERNACION EN UNIDAD DE CUIDADO INTENSIVO ADULTOS | E17: EXCLUYE CUALQUIER TIPO DE TERAPIA Y INTERCONSULTA ESPECIALIZA | F17: =VLOOKUP(B17,FVL!$A$5:$N$6151,14,0) -> 2229609 | G17: =VLOOKUP(B17,OCCIDENTE!$A$8:$J$5948,10,0) -> 1543908.4 | H17: =VLOOKUP(B17,NUESTRA!$A$2:$G$2913,7,0) -> 2087261 | I17: NO OFERTA | J17: =AVERAGE(F17,G17,H17,I17) -> 1953592.8
A18: 14 | B18: 107M01 | C18: INTERNACION EN UNIDAD DE CUIDADO INTERMEDIO ADULTO | E18: EXCLUYE CUALQUIER TIPO DE TERAPIA Y INTERCONSULTA ESPECIALIZA | F18: =VLOOKUP(B18,FVL!$A$5:$N$6151,14,0) -> 980647 | G18: =VLOOKUP(B18,OCCIDENTE!$A$8:$J$5948,10,0) -> 665860.27 | H18: =VLOOKUP(B18,NUESTRA!$A$2:$G$2913,7,0) -> 1440598 | I18: =VLOOKUP(B18,'COSMITET ABR'!$C$3:$H$363,6,0) -> 964424.5 | J18: =AVERAGE(F18,G18,H18,I18) -> 1012882.4
A19: 15 | B19: 372202 | C19: CATETERISMO CARDÍACO DEL LADO IZQUIERDO DEL CORAZÓN | D19: * Honorarios profesional de hemodinamia. * (1) Consulta post durante los 15 días siguientes al procedimiento y por la misma especialidad. * Derechos de sala * Derechos de Recuperación *Exámenes de laboratorio: (Hemograma. PT. PTT, Creatinina) antes del procedimiento * (1) Electrocardiograma; si se requiere durante el procedimiento. * Insumos alto costo: dos (2) cateter Diagnóstico 5F, un (1) Introductor 5F, una (1) Guia Hidrofílica * Materiales de sutura y curación. * Medio de contraste: equivalentes máximo a 100cc. * Agentes y gases anestésicos (locales) * Medicamentos e Insumos básicos de procedimiento | E19: * Complicaciones * Exámenes de laboratorio pre, durante y post. (Excepto los descritos en las inclusiones) * Consultas especializadas pre y post procedimiento pasado más de 15 días. * Apoyo diagnostico pre y post procedimiento. * Banco de sangre * Honorarios de anestesiólogo en caso de necesitarlos se facturara a 250,000. * LO QUE NO ESTE EXPLICITO, SE ENTIENDE EXCLUIDO DEL PAQUETE y se facturará a tarifas convenidas | F19: =VLOOKUP(B19,FVL!$A$5:$N$6151,14,0) -> 11775108 | G19: NO OFERTA | H19: NO OFERTA | I19: =VLOOKUP(B19,'COSMITET ABR'!$C$3:$H$363,6,0) -> 1781738.7 | J19: =AVERAGE(F19,G19,H19,I19) -> 6778423.3
A20: 16 | B20: 378501 | C20: REVISIÓN (REPROGRAMACIÓN) DE MARCAPASOS | F20: =VLOOKUP(B20,FVL!$A$5:$N$6151,14,0) -> 98750 | G20: NO OFERTA | H20: NO OFERTA | I20: =VLOOKUP(B20,'COSMITET ABR'!$C$3:$H$363,6,0) -> 69000 | J20: =AVERAGE(F20,G20,H20,I20) -> 83875
A21: 17 | B21: 890202 | C21: CONSULTA DE PRIMERA VEZ POR OTRAS ESPECIALIDADES MÉDICAS(ELECTROFISIOLOGIA) | F21: =VLOOKUP(B21,FVL!$A$5:$N$6151,14,0) -> 163533 | G21: NO OFERTA | H21: =VLOOKUP(B21,NUESTRA!$A$2:$G$2913,7,0) -> 196114.66 | I21: =VLOOKUP(B21,'COSMITET ABR'!$C$3:$H$363,6,0) -> 78161.667 | J21: =AVERAGE(F21,G21,H21,I21) -> 145936.44
A22: 18 | B22: 890240 | C22: CONSULTA DE PRIMERA VEZ POR ESPECIALISTA EN CIRUGÍA VASCULAR | F22: =VLOOKUP(B22,FVL!$A$5:$N$6151,14,0) -> 133848 | G22: =VLOOKUP(B22,OCCIDENTE!$A$8:$J$5948,10,0) -> 90596.164 | H22: =VLOOKUP(B22,NUESTRA!$A$2:$G$2913,7,0) -> 196114.66 | I22: =VLOOKUP(B22,'COSMITET ABR'!$C$3:$H$363,6,0) -> 83681.667 | J22: =AVERAGE(F22,G22,H22,I22) -> 126060.12
A23: 19 | B23: 890230 | C23: CONSULTA DE PRIMERA VEZ POR ESPECIALISTA EN CIRUGÍA CARDIOVASCULAR | F23: =VLOOKUP(B23,FVL!$A$5:$N$6151,14,0) -> 133848 | G23: =VLOOKUP(B23,OCCIDENTE!$A$8:$J$5948,10,0) -> 75496.804 | H23: =VLOOKUP(B23,NUESTRA!$A$2:$G$2913,7,0) -> 196114.66 | I23: =VLOOKUP(B23,'COSMITET ABR'!$C$3:$H$363,6,0) -> 88895 | J23: =AVERAGE(F23,G23,H23,I23) -> 123588.62
A24: 20 | B24: 360101 | C24: ANGIOPLASTIA CORONARIA PERCUTÁNEA (ENDOVASCULAR) UNO O DOS VASOS | D24: Honorario médico Hemodinamista, Derecho de sala, (1) día de hospitalización en piso, (1) día de UCIN, Materiales de Sutura y curación, Agentes y gases anestésicos, Insumos básicos de Procedimientos, Consulta pos Procedimiento, Insumos:, Balon coronario para (1) vaso hasta (2), balones para 2 vasos (3) balones., Cateter diagnostico (1), Cateter guia coronario (1) por cada vaso, Guia angioplastia (2) para un vaso, (3) para dos vasos, Guia de diagnostico (1), Guia hidrofilica (1), Insufladorintroductor hemodinamia, Medio de contraste, Transductor de presion, , Aguja Angiografica (1),Jeringa De 5 C.C. (3),Jeringa De 10 C.C. (3),Extensiones (1),Jeringa de Inyeccion (1),Manifold (1). | E24: Complicaciones Consulta especializada Pre Honorario médico de anestesiólogo Insumos y medicamentos No incluidos en los paquetes Banco de Sangre No incluye los insumos relacionados con aterectomia rotacional ( Rotablator) Balón de contrapulsación Estancia adicionales a las incluidas en el paquete | F24: =VLOOKUP(B24,FVL!$A$5:$N$6151,14,0) -> 2003234 | G24: NO OFERTA | H24: NO OFERTA | I24: =VLOOKUP(B24,'COSMITET ABR'!$C$3:$H$363,6,0) -> 6233248.4 | J24: =AVERAGE(F24,G24,H24,I24) -> 4118241.2
A25: 21 | B25: 896101 | C25: MONITOREO DE PRESIÓN ARTERIAL SISTÉMICA (TELEMETRÍA) | D25: Adultos y Pediátricos (éstos últimos mayores de 12 años exclusivamente) | F25: NO OFERTA | G25: =VLOOKUP(B25,OCCIDENTE!$A$8:$J$5948,10,0) -> 250560.8 | H25: =VLOOKUP(B25,NUESTRA!$A$2:$G$2913,7,0) -> 279673.37 | I25: =VLOOKUP(B25,'COSMITET ABR'!$C$3:$H$363,6,0) -> 172500 | J25: =AVERAGE(F25,G25,H25,I25) -> 234244.72
A26: 22 | B26: 894102 | C26: PRUEBA DE ESFUERZO CARDIOVASCULAR | D26: Adultos y Pediátricos | F26: =VLOOKUP(B26,FVL!$A$5:$N$6151,14,0) -> 372257 | G26: =VLOOKUP(B26,OCCIDENTE!$A$8:$J$5948,10,0) -> 266396.14 | H26: =VLOOKUP(B26,NUESTRA!$A$2:$G$2913,7,0) -> 170611.51 | I26: =VLOOKUP(B26,'COSMITET ABR'!$C$3:$H$363,6,0) -> 257203.25 | J26: =AVERAGE(F26,G26,H26,I26) -> 266616.97
A27: 23 | B27: 894402 | C27: PRUEBA DE CAMINATA DE 6 MINUTOS | F27: =VLOOKUP(B27,FVL!$A$5:$N$6151,14,0) -> 122251 | G27: =VLOOKUP(B27,OCCIDENTE!$A$8:$J$5948,10,0) -> 126834.63 | H27: NO OFERTA | I27: =VLOOKUP(B27,'COSMITET ABR'!$C$3:$H$363,6,0) -> 343539.21 | J27: =AVERAGE(F27,G27,H27,I27) -> 197541.61
A28: 24 | B28: 881205 | C28: ECOCARDIOGRAMA TRANSESOFÁGICO | D28: Adultos y Pediátricos (éstos últimos mayores de 15 años y previa revisión de la HC por parte de nuestro especialista) | F28: =VLOOKUP(B28,FVL!$A$5:$N$6151,14,0) -> 502041 | G28: =VLOOKUP(B28,OCCIDENTE!$A$8:$J$5948,10,0) -> 424927.2 | H28: =VLOOKUP(B28,NUESTRA!$A$2:$G$2913,7,0) -> 539748 | I28: =VLOOKUP(B28,'COSMITET ABR'!$C$3:$H$363,6,0) -> 712000.07 | J28: =AVERAGE(F28,G28,H28,I28) -> 544679.07
A29: 25 | B29: 372302 | C29: CATETERISMO COMBINADO DE LOS LADOS DERECHO E IZQUIERDO DEL CORAZÓN | D29: Honorario médico Hemodinamista , Derecho de sala, (1) día de hospitalización en piso, Materiales de Sutura y curación, Agentes y gases anestésicos, Insumos básicos de Procedimientos, Consulta post-Procedimiento, Insumos:, Cateter diagnostico (4), Extension de inyector (1), Guia de diagnostico (2), Introductor hemodinamia (2), Medio de contraste , Pulsera compresion (1), Transductor de presion (1), Aguja Angiografica (1),Jeringa De 5 C.C. (3),Jeringa De 10 C.C. (3),Extensiones (1),Jeringa de Inyeccion (1),Manifold (1). | E29: Complicaciones Consulta especializada Pre Honorario médico de anestesiólogo Insumos y medicamentos No incluidos en los paquetes Banco de Sangre Balón de contrapulsación Estancia adicionales a las incluidas en el paquete Curva de hiperoxia Iloprost | F29: =VLOOKUP(B29,FVL!$A$5:$N$6151,14,0) -> 1499158 | G29: NO OFERTA | H29: NO OFERTA | I29: =VLOOKUP(B29,'COSMITET ABR'!$C$3:$H$363,6,0) -> 1971244.3 | J29: =AVERAGE(F29,G29,H29,I29) -> 1735201.2
A30: 26 | B30: 890502 | C30: PARTICIPACIÓN EN JUNTA MÉDICA, POR MEDICINA ESPECIALIZADA Y CASO (PACIENTE) JUNTA CARDIOQUIRURGICA (Valor de la Junta) | F30: =VLOOKUP(B30,FVL!$A$5:$N$6151,14,0) -> 109573 | G30: =VLOOKUP(B30,OCCIDENTE!$A$8:$J$5948,10,0) -> 1207948.9 | H30: =VLOOKUP(B30,NUESTRA!$A$2:$G$2913,7,0) -> 277200 | I30: =VLOOKUP(B30,'COSMITET ABR'!$C$3:$H$363,6,0) -> 206858.17 | J30: =AVERAGE(F30,G30,H30,I30) -> 450395.01
A31: 27 | B31: 360601 | C31: INSERCIÓN O IMPLANTE DE PRÓTESIS INTRACORONARIA (STENT) SOD | D31: Honorario médico Hemodinamista, Derecho de sala, (1) día de hospitalización en piso, (1) día de UCIN, Materiales de Sutura y curación, Agentes y gases anestésicos, Insumos básicos de Procedimientos, Consulta pos Procedimiento, Insumos:, Cateter diagnostico (1), Cateter guia coronario (1) por cada vaso , Guia angioplastia (2) para un vaso, (3) para dos vasos y (4) para (3) vasos, Guia de diagnostico (1), Guia hidrofilica (1), Insuflador , Introductor hemodinamia (1), Medio de contraste, Transductor de presion., Aguja Angiografica (1),Jeringa De 5 C.C. (3),Jeringa De 10 C.C. (3),Extensiones (1),Jeringa de Inyeccion (1),Manifold (1). | E31: Complicaciones Consulta especializada Pre Honorario médico de anestesiólogo Insumos y medicamentos No incluidos en los paquetes Banco de Sangre Balón de contrapulsación Estancia adicionales a las incluidas en el paquete | F31: NO OFERTA | G31: NO OFERTA | H31: NO OFERTA | I31: =VLOOKUP(B31,'COSMITET ABR'!$C$3:$H$363,6,0) -> 4174360.9 | J31: =AVERAGE(F31,G31,H31,I31) -> 4174360.9
A32: 28 | B32: 890302 | C32: CONSULTA DE CONTROL O DE SEGUIMIENTO POR OTRAS ESPECIALIDADES MÉDICAS(ELECTROFISIOLOGIA) | F32: =VLOOKUP(B32,FVL!$A$5:$N$6151,14,0) -> 133848 | G32: NO OFERTA | H32: =VLOOKUP(B32,NUESTRA!$A$2:$G$2913,7,0) -> 101954.29 | I32: =VLOOKUP(B32,'COSMITET ABR'!$C$3:$H$363,6,0) -> 78161.667 | J32: =AVERAGE(F32,G32,H32,I32) -> 104654.65
A33: 29 | B33: 890340 | C33: CONSULTA DE CONTROL O DE SEGUIMIENTO POR ESPECIALISTA EN CIRUGÍA VASCULAR | F33: =VLOOKUP(B33,FVL!$A$5:$N$6151,14,0) -> 133848 | G33: =VLOOKUP(B33,OCCIDENTE!$A$8:$J$5948,10,0) -> 90596.164 | H33: =VLOOKUP(B33,NUESTRA!$A$2:$G$2913,7,0) -> 101954.29 | I33: =VLOOKUP(B33,'COSMITET ABR'!$C$3:$H$363,6,0) -> 76935 | J33: =AVERAGE(F33,G33,H33,I33) -> 100833.36
A34: 30 | B34: 876121 | C34: ARTERIOGRAFÍA CORONARIA CON CATETERISMO DERECHO E IZQUIERDO | D34: Honorario médico Hemodinamista , Derecho de sala, (1) día de hospitalización en piso, Materiales de Sutura y curación, Agentes y gases anestésicos, Insumos básicos de Procedimientos, Consulta post-Procedimiento, Insumos:, Cateter diagnostico (4), Extension de inyector (1), Guia de diagnostico (2), Introductor hemodinamia (2), Medio de contraste , Pulsera compresion (1), Transductor de presion (1), , Aguja Angiografica (1),Jeringa De 5 C.C. (3),Jeringa De 10 C.C. (3),Extensiones (1),Jeringa de Inyeccion (1),Manifold (1). | E34: Complicaciones Consulta especializada Pre Honorario médico de anestesiólogo Insumos y medicamentos No incluidos en los paquetes Banco de Sangre Balón de contrapulsación Estancia adicionales a las incluidas en el paquete Curva de hiperoxia Iloprost | F34: =VLOOKUP(B34,FVL!$A$5:$N$6151,14,0) -> 1588311 | G34: NO OFERTA | H34: NO OFERTA | I34: =VLOOKUP(B34,'COSMITET ABR'!$C$3:$H$363,6,0) -> 2107314.9 | J34: =AVERAGE(F34,G34,H34,I34) -> 1847813
A35: 31 | B35: 360102 | C35: ANGIOPLASTIA CORONARIA PERCUTÁNEA (ENDOVASCULAR) MAS DE DOS VASOS | D35: Honorario médico Hemodinamista, Derecho de sala, (1) día de hospitalización en piso, (1) día de UCIN, Materiales de Sutura y curación, Agentes y gases anestésicos, Insumos básicos de Procedimientos, Consulta pos Procedimiento, Insumos:, Balon coronario para 1 vaso hasta (2), balones para 2 vasos (3) balones., Cateter diagnostico (1), Cateter guia coronario (1) por cada vaso, Guia angioplastia (2) para un vaso, (3) para dos vasos y (4) para 3 vasos, Guia de diagnostico (1), Guia hidrofilica (1), Insufladorintroductor hemodinamia, Medio de contraste, Transductor de presion, , Aguja Angiografica (1),Jeringa De 5 C.C. (3),Jeringa De 10 C.C. (3),Extensiones (1),Jeringa de Inyeccion (1),Manifold (1). | E35: Complicaciones Consulta especializada Pre Honorario médico de anestesiólogo Insumos y medicamentos No incluidos en los paquetes Banco de Sangre No incluye los insumos relacionados con aterectomia rotacional ( Rotablator) Balón de contrapulsación Estancia adicionales a las incluidas en el paquete | F35: =VLOOKUP(B35,FVL!$A$5:$N$6151,14,0) -> 2289408 | G35: NO OFERTA | H35: NO OFERTA | I35: 2336900 | J35: =AVERAGE(F35,G35,H35,I35) -> 2313154
A36: 32 | B36: 890330 | C36: CONSULTA DE CONTROL O DE SEGUIMIENTO POR ESPECIALISTA EN CIRUGÍA CARDIOVASCULAR | F36: =VLOOKUP(B36,FVL!$A$5:$N$6151,14,0) -> 133848 | G36: =VLOOKUP(B36,OCCIDENTE!$A$8:$J$5948,10,0) -> 75496.804 | H36: =VLOOKUP(B36,NUESTRA!$A$2:$G$2913,7,0) -> 101954.29 | I36: =VLOOKUP(B36,'COSMITET ABR'!$C$3:$H$363,6,0) -> 84985 | J36: =AVERAGE(F36,G36,H36,I36) -> 99071.023
A37: 33 | B37: 872202 | C37: AORTOGRAMA ABDOMINAL Y ESTUDIO DE MIEMBROS INFERIORES | D37: Honorario médico Vascular Periférico, Derecho de sala, (1) día de hospitalización en piso, Materiales de Sutura y curación, Agentes y gases anestésicos, Insumos básicos de Procedimientos, Insumos:, Cateter diagnostico (1), Cefazolina o aztreonam con clindamicina, Extension inyector (1), Guia hidrofilica (1), Introductor hemodinamia (1), Medio de contraste, Transductor de presion , Aguja Angiografica (1),Jeringa De 5 C.C. (3),Jeringa De 10 C.C. (3),Extensiones (1),Jeringa de Inyeccion (1),Manifold (1). | E37: Complicaciones Consulta especializada Pre Honorario médico de anestesiólogo Insumos y medicamentos No incluidos en los paquetes Banco de Sangre Balón de contrapulsación Estancia adicionales a las incluidas en el paquete | F37: =VLOOKUP(B37,FVL!$A$5:$N$6151,14,0) -> 2488348 | G37: NO OFERTA | H37: NO OFERTA | I37: =VLOOKUP(B37,'COSMITET ABR'!$C$3:$H$363,6,0) -> 2151451 | J37: =AVERAGE(F37,G37,H37,I37) -> 2319899.5
A38: 34 | B38: 879910 | C38: TOMOGRAFÍA COMPUTADA EN RECONSTRUCCIÓN TRIDIMENSIONAL | D38: *SERVICIO | E38: * Excluye Medio de Contraste * Honorario Anestesiologo | F38: =VLOOKUP(B38,FVL!$A$5:$N$6151,14,0) -> 535824 | G38: =VLOOKUP(B38,OCCIDENTE!$A$8:$J$5948,10,0) -> 284193.8 | H38: =VLOOKUP(B38,NUESTRA!$A$2:$G$2913,7,0) -> 670032 | I38: =VLOOKUP(B38,'COSMITET ABR'!$C$3:$H$363,6,0) -> 886067.72 | J38: =AVERAGE(F38,G38,H38,I38) -> 594029.38
A39: 35 | B39: 895101 | C39: ELECTROCARDIOGRAMA DE RITMO O DE SUPERFICIE SOD | D39: Adultos y Pediátricos | F39: =VLOOKUP(B39,FVL!$A$5:$N$6151,14,0) -> 33731 | G39: =VLOOKUP(B39,OCCIDENTE!$A$8:$J$5948,10,0) -> 27542.7 | H39: NO OFERTA | I39: =VLOOKUP(B39,'COSMITET ABR'!$C$3:$H$363,6,0) -> 27827.7 | J39: =AVERAGE(F39,G39,H39,I39) -> 29700.467
A40: 36 | B40: 378301 | C40: INSERCIÓN [IMPLANTACIÓN] DE MARCAPASOS BICAMERAL | D40: Honorario médico Electro fisiólogo, Derecho de sala, (1) días de hospitalización en piso, Materiales de Sutura y curación, Agentes y gases anestésicos, Insumos básicos de Procedimientos, Consulta Pos Procedimiento, Insumos:, Bupirop y lidocaina, Cables medicion de umbral (1), Cefazolina o aztreonam con clindamicina, Electrodo bipolar 2, Electrodo multifuncion (1), Introductor marcapaso (1), Marcapaso bicameraltransductor de presion (1), Aguja Angiografica (1),Jeringa De 5 C.C. (3),Jeringa De 10 C.C. (3),Extensiones (1),Jeringa de Inyeccion (1),Manifold (1). | E40: Complicaciones Consulta especializada Pre Honorario médico de anestesiólogo Insumos y medicamentos No incluidos en los paquetes Banco de Sangre Balón de contrapulsación Estancia adicionales a las incluidas en el paquete | F40: =VLOOKUP(B40,FVL!$A$5:$N$6151,14,0) -> 1172445 | G40: NO OFERTA | H40: NO OFERTA | I40: =VLOOKUP(B40,'COSMITET ABR'!$C$3:$H$363,6,0) -> 16860879 | J40: =AVERAGE(F40,G40,H40,I40) -> 9016662.2
A41: 37 | B41: 876122 | C41: ARTERIOGRAFÍA CORONARIA CON CATETERISMO IZQUIERDO | D41: Honorario médico Hemodinamista, Derecho de sala, (1) día de hospitalización en piso, Materiales de Sutura y curación, Agentes y gases anestésicos, Insumos básicos de Procedimientos, Consulta pos Procedimiento, Insumos:, Cateter diagnostico (3), Extension de inyector (1), Guia de diagnostico (1), Introductor hemodinamia (1), Medio de contraste, Pulsera compresion (1), Transductor de presion (1), , Aguja Angiografica (1),Jeringa De 5 C.C. (3),Jeringa De 10 C.C. (3),Extensiones (1),Jeringa de Inyeccion (1),Manifold (1). | E41: Complicaciones Consulta especializada Pre Honorario médico de anestesiólogo Insumos y medicamentos No incluidos en los paquetes Banco de Sangre Balón de contrapulsación Estancia adicionales a las incluidas en el paquete | F41: =VLOOKUP(B41,FVL!$A$5:$N$6151,14,0) -> 1499158 | G41: NO OFERTA | H41: NO OFERTA | I41: =VLOOKUP(B41,'COSMITET ABR'!$C$3:$H$363,6,0) -> 1296182.2 | J41: =AVERAGE(F41,G41,H41,I41) -> 1397670.1
A42: 38 | B42: 881204 | C42: ECOCARDIOGRAMA TRANSTORÁCICO TRIDIMENSIONAL | D42: Adultos y Pediátricos | F42: NO OFERTA | G42: =VLOOKUP(B42,OCCIDENTE!$A$8:$J$5948,10,0) -> 550673.68 | H42: NO OFERTA | I42: =VLOOKUP(B42,'COSMITET ABR'!$C$3:$H$363,6,0) -> 445896.4 | J42: =AVERAGE(F42,G42,H42,I42) -> 498285.04
A43: 39 | B43: 876120 | C43: ARTERIOGRAFÍA CORONARIA | D43: Honorario médico Hemodinamista, Derecho de sala, (1) día de hospitalización en piso, Materiales de Sutura y curación, Agentes y gases anestésicos, Insumos básicos de Procedimientos, Consulta pos Procedimiento, Insumos:, Cateter diagnostico (3), Extension de inyector (1), Guia de diagnostico (1), Introductor hemodinamia (1), Medio de contraste, Pulsera compresion (1), Transductor de presion (1), , Aguja Angiografica (1),Jeringa De 5 C.C. (3),Jeringa De 10 C.C. (3),Extensiones (1),Jeringa de Inyeccion (1),Manifold (1). | E43: Complicaciones Consulta especializada Pre Honorario médico de anestesiólogo Insumos y medicamentos No incluidos en los paquetes Banco de Sangre Balón de contrapulsación Estancia adicionales a las incluidas en el paquete | F43: NO OFERTA | G43: NO OFERTA | H43: NO OFERTA | I43: =VLOOKUP(B43,'COSMITET ABR'!$C$3:$H$363,6,0) -> 1736038.9 | J43: =AVERAGE(F43,G43,H43,I43) -> 1736038.9
A44: 40 | B44: 378503 | C44: REVISIÓN (REPROGRAMACIÓN) DE CARDIOVERSOR (DESFIBRILADOR) | F44: =VLOOKUP(B44,FVL!$A$5:$N$6151,14,0) -> 156769 | G44: NO OFERTA | H44: NO OFERTA | I44: =VLOOKUP(B44,'COSMITET ABR'!$C$3:$H$363,6,0) -> 80500 | J44: =AVERAGE(F44,G44,H44,I44) -> 118634.5
A45: 41 | B45: 385120 | C45: OCLUSIÓN DE LESIÓN EN VASOS INTRACRANEALES, VÍA ENDOVASCULAR | D45: * Honorarios especialista * (1) Consulta post durante los 15 días siguientes al procedimiento y por la misma especialidad. * Derechos de sala * Derechos de Recuperación * Exámenes de laboratorio: (Hemograma. PT. PTT) antes del procedimiento * Estancia postquirúrgica: (1) día en UCI. * Materiales de sutura y curación. * Medio de contraste * Agentes y gases anestésicos * Medicamentos e Insumos básicos de procedimiento GUIA TEFLON, INTRODUCTOR, GUIA HIDROFILICA | E45: * Complicaciones * Exámenes de laboratorio pre, durante y post. (Excepto los descritos en las inclusiones) * Consultas especializadas pre y post procedimiento pasado más de 15 días. * Apoyo diagnostico pre y post procedimiento. * Materiales y medicamentos de la estancia. * Honorarios de anestesiólogo en caso de necesitarlos se facturara a tarifa convenida. * Insumos y medicamentos no descritos en la tabla anexa. Tarifa convenida. * Banco de sangre * Estancia en UCI | F45: NO OFERTA | G45: NO OFERTA | H45: NO OFERTA | I45: =VLOOKUP(B45,'COSMITET ABR'!$C$3:$H$363,6,0) -> 14671429 | J45: =AVERAGE(F45,G45,H45,I45) -> 14671429
A46: 42 | B46: 890227 | C46: CONSULTA DE PRIMERA VEZ POR ESPECIALISTA EN ANESTESIOLOGÍA CARDIOVASCULAR | F46: NO OFERTA | G46: =VLOOKUP(B46,OCCIDENTE!$A$8:$J$5948,10,0) -> 143226.72 | H46: =VLOOKUP(B46,NUESTRA!$A$2:$G$2913,7,0) -> 441257.14 | I46: =VLOOKUP(B46,'COSMITET ABR'!$C$3:$H$363,6,0) -> 101482.9 | J46: =AVERAGE(F46,G46,H46,I46) -> 228655.59
A47: 43 | B47: 372301 | C47: ESTUDIO ELECTROFISIOLÓGICO CARDÍACO COMBINADO DERECHO E IZQUIERDO DEL CORAZÓN VÍA PERCUTÁNEA (ENDOVASCULAR) | D47: Honorario médico Electro fisiólogo, Derecho de sala, (1) días de hospitalización en piso, Materiales de Sutura y curación, Agentes y gases anestésicos, Insumos básicos de Procedimientos , Insumos:, Bupirop y lidocaina, Cateter cuadripolar con extension (1), Cateter decapolar con extension (1), Cateter duodecapolar con extension (1), Cefazolina o aztreonam con clindamicina, Introductor hemodinamia (3), Transductor de presion, , Aguja Angiografica (1),Jeringa De 5 C.C. (3),Jeringa De 10 C.C. (3),Extensiones (1),Jeringa de Inyeccion (1),Manifold (1). | E47: Complicaciones Consulta especializada Pre Honorario médico de anestesiólogo Insumos y medicamentos No incluidos en los paquetes Banco de Sangre Estancia adicionales a las incluidas en el paquete | F47: =VLOOKUP(B47,FVL!$A$5:$N$6151,14,0) -> 3431948 | G47: NO OFERTA | H47: NO OFERTA | I47: =VLOOKUP(B47,'COSMITET ABR'!$C$3:$H$363,6,0) -> 5299823.3 | J47: =AVERAGE(F47,G47,H47,I47) -> 4365885.7
A48: 44 | B48: 395010 | C48: ANGIOPLASTIA DE VASOS INTRACRANEALES CON O SIN IMPLANTE DE DISPOSITIVO | D48: * Honorarios profesional Neuroradiologo. * (1) Consulta post durante los 15 días siguientes al procedimiento y por la misma especialidad. * Derechos de sala * Derechos de Recuperación * Exámenes de laboratorio: (Hemograma. PT. PTT) antes del procedimiento * (1) Electrocardiograma; (1) Rx de tórax si se requiere durante el procedimiento. * Estancia postquirúrgica: (1) día de UCIN. (Después de realizado el procedimiento) ;(1) día en piso. * Materiales de sutura y curación. * Medio de contraste * Agentes y gases anestésicos * Medicamentos e Insumos básicos de procedimiento | E48: * Complicaciones * Exámenes de laboratorio pre, durante y post. (excepto los descritos en las incluciones) * Consultas especializadas pre y post procedimiento pasado más de 15 días. * Apoyo diagnostico pre y post procedimiento. * Materiales y medicamentos de Estancia. * Honorarios de anestesiólogo en caso de necesitarlos se facturara a tarifa convenida. * Insumos y medicamentos descritos en la tabla anexa. Tarifa convenida. * Banco de sangre *Estancia en UCI | F48: =VLOOKUP(B48,FVL!$A$5:$N$6151,14,0) -> 9879840 | G48: NO OFERTA | H48: NO OFERTA | I48: =VLOOKUP(B48,'COSMITET ABR'!$C$3:$H$363,6,0) -> 14671429 | J48: =AVERAGE(F48,G48,H48,I48) -> 12275634
A49: 45 | B49: 352101 | C49: REEMPLAZO DE LA VÁLVULA AÓRTICA VÍA ABIERTA | D49: * Honorarios cirujano cardiovascular * Honorarios Anestesiólogo * Honorarios Ayudante * (1) Consulta post durante los 30 días siguientes al procedimiento y por la misma especialidad. * Valoración Preanestesica * Valoración por medicina Interna * Derechos de sala * Derechos de equipo * Derechos de Recuperación * Exámenes de laboratorio: (Hemograma completo, TP, TPT, Electrolitos, Glucosa, Urea, Creatinina, Parcial de orina, Hemoclasificación) antes del procedimiento * (1) Ecocardiograma transtoracico Rx de tórax si se requiere durante el procedimiento. * Estancia postquirúrgica: (3) días de UCI; (2) días de UCIN (después de realizado el procedimiento) ;(2) días en piso. * Materiales de sutura y curación. * Medio de contraste * Agentes y gases anestésicos * Medicamentos e Insumos básicos de procedimiento * Incluye kit de trasfusión y derechos de perfusión. | E49: * Complicaciones y/o reintervenciones por sangrado. * Exámenes de laboratorio pre, durante y post. (Excepto los descritos en las inclusiones) * Consultas especializadas pre y post procedimiento pasado más de 30 días. * Apoyo diagnostico pre y post procedimiento. Diferentes a los relacionados en las inclusiones. * Materiales y medicamentos de la estancia. * Insumos y medicamentos descritos en la tabla anexa. Tarifa convenida. * Antibióticos de cuarta generación. * Banco de sangre * Medicamentos para terapia Hematológica. * Medicamentos Inotrópicos | F49: =VLOOKUP(B49,FVL!$A$5:$N$6151,14,0) -> 43424522 | G49: =VLOOKUP(B49,OCCIDENTE!$A$8:$J$5948,10,0) -> 34728530 | H49: NO OFERTA | I49: =VLOOKUP(B49,'COSMITET ABR'!$C$3:$H$363,6,0) -> 27571569 | J49: =AVERAGE(F49,G49,H49,I49) -> 35241540
A50: 46 | B50: 378502 | C50: REVISIÓN (REPROGRAMACIÓN) DE RESINCRONIZADOR CARDÍACO | F50: =VLOOKUP(B50,FVL!$A$5:$N$6151,14,0) -> 156742 | G50: NO OFERTA | H50: NO OFERTA | I50: =VLOOKUP(B50,'COSMITET ABR'!$C$3:$H$363,6,0) -> 80500 | J50: =AVERAGE(F50,G50,H50,I50) -> 118621
A51: 47 | B51: 878201 | C51: ARTERIOGRAFÍA PERIFÉRICA DE UNA EXTREMIDAD INFERIOR POR PUNCIÓN | D51: Honorario médico Vascular Periférico, Derecho de sala, (1) día de hospitalización en piso, Materiales de Sutura y curación, Agentes y gases anestésicos, Insumos básicos de Procedimientos, Insumos:, Cateter diagnostico (1), Cefazolina o aztreonam con clindamicina, Extension inyector (1), Guia hidrofilica (1), Introductor hemodinamia (1), Medio de contraste, Transductor de presion , Aguja Angiografica (1),Jeringa De 5 C.C. (3),Jeringa De 10 C.C. (3),Extensiones (1),Jeringa de Inyeccion (1),Manifold (1). | E51: Complicaciones Consulta especializada Pre Honorario médico de anestesiólogo Insumos y medicamentos No incluidos en los paquetes Banco de Sangre Estancia adicionales a las incluidas en el paquete | F51: =VLOOKUP(B51,FVL!$A$5:$N$6151,14,0) -> 2551303 | G51: NO OFERTA | H51: NO OFERTA | I51: =VLOOKUP(B51,'COSMITET ABR'!$C$3:$H$363,6,0) -> 2237879.3 | J51: =AVERAGE(F51,G51,H51,I51) -> 2394591.1
A52: 48 | B52: 385920 | C52: OCLUSIÓN DE VENAS DE MIEMBROS INFERIORES, VÍA ENDOVASCULAR | D52: INCLUSIONES: El valor incluye (honorario médico especialista, derecho de sala, insumos basicos: Aguja Angiografica (1),Jeringa De 5 C.C. (3),Jeringa De 10 C.C. (3),Extensiones (1),Jeringa de Inyeccion (1),Manifold (1), uso de equipos, materiales de sutura y curacion, agentes y gases anestesicos, registro digital (cineangiografia). | E52: EXCLUSIONES: medio de contraste, medicamentos, cateteres y guias, insumos de alto costo, y todo los servcios adicionales no detallados en las inclusiones de acuerdo al requerimiento de cada paciente. | F52: =VLOOKUP(B52,FVL!$A$5:$N$6151,14,0) -> 1641488 | G52: =VLOOKUP(B52,OCCIDENTE!$A$8:$J$5948,10,0) -> 4013725.3 | H52: NO OFERTA | I52: =VLOOKUP(B52,'COSMITET ABR'!$C$3:$H$363,6,0) -> 6630771.8 | J52: =AVERAGE(F52,G52,H52,I52) -> 4095328.3
A53: 49 | B53: 361901 | C53: ANASTOMOSIS SIMPLE DE ARTERIA CORONARIA DERECHA CON INJERTO VENOSO VÍA ABIERTA | D53: * Honorarios cirujano cardiovascular * Honorarios Anestesiólogo * Honorarios Ayudante * (1) Consulta post durante los 30 días siguientes al procedimiento y por la misma especialidad. * Valoración Preanestesica * Valoración por medicina Interna * Derechos de sala * Derechos de equipo * Derechos de Recuperación * Exámenes de laboratorio: (Hemograma completo, TP, TPT, Electrolitos, Glucosa, Urea, Creatinina, Parcial de orina, Hemoclasificación) antes del procedimiento * (1) Electrocardiograma Rx de tórax si se requiere durante el procedimiento. * Estancia postquirúrgica: (2) días de UCI; (1) días de UCIN (después de realizado el procedimiento) ;(3) día en piso. * Materiales de sutura y curación. * Medio de contraste * Agentes y gases anestésicos * Medicamentos e Insumos básicos de procedimiento * Incluye kit de trasfusión y derechos de perfusión | E53: * Complicaciones y/o reintervenciones por sangrado. * Exámenes de laboratorio pre, durante y post. (Excepto los descritos en las inclusiones) * Consultas especializadas pre y post procedimiento pasado más de 30 días. * Apoyo diagnostico pre y post procedimiento. Diferentes a los relacionados en las inclusiones. | F53: NO OFERTA | G53: =VLOOKUP(B53,OCCIDENTE!$A$8:$J$5948,10,0) -> 34728530 | H53: NO OFERTA | I53: 7455600 | J53: =AVERAGE(F53,G53,H53,I53) -> 21092065
A54: 50 | B54: 877110 | C54: AORTOGRAMA ABDOMINAL | D54: Honorario médico Vascular Periférico, Derecho de sala, (1) día de hospitalización en piso, Materiales de Sutura y curación, Agentes y gases anestésicos, Insumos básicos de Procedimientos, Insumos:, Cateter diagnostico (1), Cefazolina o aztreonam con clindamicina, Extension inyector (1), Guia hidrofilica (1), Introductor hemodinamia (1), Medio de contraste, Transductor de presion , Aguja Angiografica (1),Jeringa De 5 C.C. (3),Jeringa De 10 C.C. (3),Extensiones (1),Jeringa de Inyeccion (1),Manifold (1). | E54: Complicaciones Consulta especializada Pre Honorario médico de anestesiólogo Insumos y medicamentos No incluidos en los paquetes Banco de Sangre Estancia adicionales a las incluidas en el paquete | F54: NO OFERTA | G54: NO OFERTA | H54: NO OFERTA | I54: =VLOOKUP(B54,'COSMITET ABR'!$C$3:$H$363,6,0) -> 1924607.8 | J54: =AVERAGE(F54,G54,H54,I54) -> 1924607.8
A55: 51 | B55: 876241 | C55: ANGIOGRAFÍA DE VENAS CAVAS O CAVOGRAFIA | D55: INCLUSIONES: El valor incluye (honorario médico especialista, derecho de sala, insumos basicos: Aguja Angiografica (1),Jeringa De 5 C.C. (3),Jeringa De 10 C.C. (3),Extensiones (1),Jeringa de Inyeccion (1),Manifold (1), uso de equipos, materiales de sutura y curacion, agentes y gases anestesicos, registro digital (cineangiografia). | E55: EXCLUSIONES: medio de contraste, medicamentos, cateteres y guias, insumos de alto costo, y todo los servcios adicionales no detallados en las inclusiones de acuerdo al requerimiento de cada paciente. | F55: =VLOOKUP(B55,FVL!$A$5:$N$6151,14,0) -> 438787 | G55: NO OFERTA | H55: NO OFERTA | I55: =VLOOKUP(B55,'COSMITET ABR'!$C$3:$H$363,6,0) -> 905943.93 | J55: =AVERAGE(F55,G55,H55,I55) -> 672365.47
A56: 52 | B56: 355102 | C56: REPARACIÓN DE DEFECTO DE TABIQUE INTERAURÍCULAR VÍA PERCUTÁNEA (ENDOVASCULAR) | D56: Honorario médico Hemodinamista, Honorario médico Anestesiólogo, Derecho de sala, Ayudas diagnosticas solicitadas y realizadas en la sala de hemodinamia durante el procedimiento: Eco transesofagico(1), Un Dispositivo Amplatzer (1), (1) días de hospitalización en piso, (1) días de UCIN, Materiales de Sutura y curación, Agentes y gases anestésicos, Insumos básicos de Procedimientos, Consulta pos Procedimiento , Insumos:, Cateter diagnostico (1), Cefazolina o aztreonam con clindamicina (1), Cisatracurio o Rocuronio o Vecuronio (1), Dispositivo cierre septal para cia, civ y fop (1), Guia de diagnostico (1), Guia hidrofilica (1), Guia para cierres, Introductor hemodinamia (1), Medio de contraste, Sistema de liberacion dispositivo (1), Transductor de presion, Aguja Angiografica (1),Jeringa De 5 C.C. (3),Jeringa De 10 C.C. (3),Extensiones (1),Jeringa de Inyeccion (1),Manifold (1). | E56: Complicaciones Consulta especializada Pre Insumos y medicamentos No incluidos en los paquetes Banco de Sangre Balón de contrapulsación Dispositivos adicionales Monitoria Eco cardiográfica transesofagico Estancia adicionales a las incluidas en el paquete | F56: =VLOOKUP(B56,FVL!$A$5:$N$6151,14,0) -> 13423624 | G56: NO OFERTA | H56: NO OFERTA | I56: =VLOOKUP(B56,'COSMITET ABR'!$C$3:$H$363,6,0) -> 40280283 | J56: =AVERAGE(F56,G56,H56,I56) -> 26851953
A57: 53 | B57: 890428 | C57: INTERCONSULTA POR ESPECIALISTA EN CARDIOLOGÍA | F57: =VLOOKUP(B57,FVL!$A$5:$N$6151,14,0) -> 101698 | G57: =VLOOKUP(B57,OCCIDENTE!$A$8:$J$5948,10,0) -> 75496.804 | H57: =VLOOKUP(B57,NUESTRA!$A$2:$G$2913,7,0) -> 94474.286 | I57: =VLOOKUP(B57,'COSMITET ABR'!$C$3:$H$363,6,0) -> 81998.833 | J57: =AVERAGE(F57,G57,H57,I57) -> 88416.981
A58: 54 | B58: 383406 | C58: RECONSTRUCION DE AORTA TORÁCICA ASCENDENTE VÍA ABIERTA | F58: =VLOOKUP(B58,FVL!$A$5:$N$6151,14,0) -> 7015675 | G58: =VLOOKUP(B58,OCCIDENTE!$A$8:$J$5948,10,0) -> 34728530 | H58: NO OFERTA | I58: =VLOOKUP(B58,'COSMITET ABR'!$C$3:$H$363,6,0) -> 26028962 | J58: =AVERAGE(F58,G58,H58,I58) -> 22591056
A59: 55 | B59: 361605 | C59: ANASTOMOSIS SIMPLE ARTERIA DESCENDENTE ANTERIOR CON ARTERIA MAMARIA VÍA ABIERTA | D59: * Honorarios cirujano cardiovascular * Honorarios Anestesiólogo * Honorarios Ayudante * (1) Consulta post durante los 30 días siguientes al procedimiento y por la misma especialidad. * Valoración Preanestesica * Valoración por medicina Interna * Derechos de sala * Derechos de equipo * Derechos de Recuperación * Exámenes de laboratorio: (Hemograma completo, TP, TPT, Electrolitos, Glucosa, Urea, Creatinina, Parcial de orina, Hemoclasificación) antes del procedimiento * (1) Electrocardiograma Rx de tórax si se requiere durante el procedimiento. * Estancia postquirúrgica: (2) días de UCI; (1) días de UCIN (después de realizado el procedimiento) ;(3) día en piso. * Materiales de sutura y curación. * Medio de contraste * Agentes y gases anestésicos * Medicamentos e Insumos básicos de procedimiento * Incluye kit de trasfusión y derechos de perfusión | E59: * Complicaciones y/o reintervenciones por sangrado. * Exámenes de laboratorio pre, durante y post. (Excepto los descritos en las inclusiones) * Consultas especializadas pre y post procedimiento pasado más de 30 días. * Apoyo diagnostico pre y post procedimiento. Diferentes a los relacionados en las inclusiones. | F59: =VLOOKUP(B59,FVL!$A$5:$N$6151,14,0) -> 87920911 | G59: =VLOOKUP(B59,OCCIDENTE!$A$8:$J$5948,10,0) -> 34728530 | H59: NO OFERTA | I59: =VLOOKUP(B59,'COSMITET ABR'!$C$3:$H$363,6,0) -> 24945705 | J59: =AVERAGE(F59,G59,H59,I59) -> 49198382
A60: 56 | B60: 378001 | C60: INSERCIÓN [IMPLANTACIÓN] DE MONITOR DE EVENTOS | D60: Honorario médico electro fisiólogo, Derecho de sala, Materiales de Sutura y curación, Agentes y gases anestésicos, Insumos básicos de Procedimientos, Consulta Post Procedimiento, Insumos:, Cables para medicion de umbral (1), Cefazolina o aztreonam con clindamicina, Electrodo multifuncion (1), Transductor de presion, Aguja Angiografica (1),Jeringa De 5 C.C. (3),Jeringa De 10 C.C. (3),Extensiones (1),Jeringa de Inyeccion (1),Manifold (1). | E60: Complicaciones Consulta especializada Pre Honorario médico Anestesiólogo Insumos y medicamentos No incluidos en los paquetes Banco de Sangre Estancia (UCI, UCIN, PISO) Monitor de Eventos Convencional Monitor de Eventos RX | F60: =VLOOKUP(B60,FVL!$A$5:$N$6151,14,0) -> 779544 | G60: NO OFERTA | H60: NO OFERTA | I60: =VLOOKUP(B60,'COSMITET ABR'!$C$3:$H$363,6,0) -> 8722789.4 | J60: =AVERAGE(F60,G60,H60,I60) -> 4751166.7
A61: 57 | B61: 395080 | C61: ANGIOPLASTIA O ATERECTOMÍA DE VASOS DE MIEMBROS INFERIORES, CON BALÓN | D61: * Honorarios profesional de hemodinamia. * (1) Consulta post durante los 15 días siguientes al procedimiento y por la misma especialidad. * Derechos de sala * Derechos de Recuperación * Exámenes de laboratorio: (Hemograma. PT. PTT) antes del procedimiento. * (1) Electrocardiograma; (1) Rx de tórax si se requiere durante el procedimiento. * Estancia postquirúrgica: (1) día de UCIN. (Después de realizado el procedimiento) ;(1) día en piso. * Materiales de sutura y curación. * Medio de contraste * Agentes y gases anestésicos * Medicamentos e Insumos básicos de procedimiento | E61: * Complicaciones * Exámenes de laboratorio pre, durante y post. (Excepto los descritos en las inclusiones) * Consultas especializadas pre y post procedimiento pasado más de 15 días. * Apoyo diagnostico pre y post procedimiento. * Materiales y medicamentos dela estancia * Honorarios de anestesiólogo en caso de necesitarlos se facturara a tarifa convenida. * Insumos y medicamentos descritos en la tabla anexa. Tarifa convenida. * Banco de sangre * Estancia en UCI | F61: =VLOOKUP(B61,FVL!$A$5:$N$6151,14,0) -> 3286158 | G61: NO OFERTA | H61: NO OFERTA | I61: =VLOOKUP(B61,'COSMITET ABR'!$C$3:$H$363,6,0) -> 7676505.3 | J61: =AVERAGE(F61,G61,H61,I61) -> 5481331.7
A62: 58 | B62: 395081 | C62: ANGIOPLASTIA O ATERECTOMÍA DE VASOS DE MIEMBROS INFERIORES, CON BALÓN, PRÓTESIS (STENT) O INJERTO (S) PROTÉSICO (S) | D62: Honorario médico Cirujano Vascular, Derecho de sala, (1) día de hospitalización en piso, (1) día de UCIN, Materiales de Sutura y curación, Agentes y gases anestésicos, Insumos básicos de Procedimientos, Insumos:, Balon periferico convencional (1), Cateter diagnostico (1), Cateter guia (1), Cefazolina o aztreonam con clindamicina, Guia angioplastia (1), Guia de diagnostico (1), Guia hidrofilica (1), Insuflador (1), Introductor hemodinamia (1), Medio de contraste, Protamina, Transductor de presion, Aguja Angiografica (1),Jeringa De 5 C.C. (3),Jeringa De 10 C.C. (3),Extensiones (1),Jeringa de Inyeccion (1),Manifold (1). | E62: Complicaciones Consulta especializada Pre Honorario médico de anestesiólogo Insumos y medicamentos No incluidos en los paquetes Banco de Sangre No incluye los insumos relacionados con aterectomia rotacional ( Rotablator) Estancia hospitalaria adicionales | F62: =VLOOKUP(B62,FVL!$A$5:$N$6151,14,0) -> 4190774 | G62: NO OFERTA | H62: NO OFERTA | I62: =VLOOKUP(B62,'COSMITET ABR'!$C$3:$H$363,6,0) -> 6682817.9 | J62: =AVERAGE(F62,G62,H62,I62) -> 5436796
A63: 59 | B63: 878111 | C63: ARTERIOGRAFÍA PERIFÉRICA DE MIEMBROS SUPERIORES BILATERAL CON AORTOGRAMA TORÁCICO | D63: Honorario médico Vascular Periférico, Derecho de sala, (1) día de hospitalización en piso, Materiales de Sutura y curación, Agentes y gases anestésicos, Insumos básicos de Procedimientos, Consulta Post-Procedimiento, Insumos:, Cateter diagnostico (1), Cefazolina o aztreonam con clindamicina , Extension inyector (1), Guia hidrofilica (1), Aguja Angiografica (1),Jeringa De 5 C.C. (3),Jeringa De 10 C.C. (3),Extensiones (1),Jeringa de Inyeccion (1),Manifold (1). | E63: Complicaciones | F63: NO OFERTA | G63: NO OFERTA | H63: NO OFERTA | I63: =VLOOKUP(B63,'COSMITET ABR'!$C$3:$H$363,6,0) -> 2497818.4 | J63: =AVERAGE(F63,G63,H63,I63) -> 2497818.4
E64: Consulta especializada Pre | G64: =VLOOKUP(B64,OCCIDENTE!$A$8:$J$5948,10,0) -> #N/A | H64: =VLOOKUP(B64,NUESTRA!$A$2:$G$2913,7,0) -> #N/A | I64: =VLOOKUP(B64,'COSMITET ABR'!$C$3:$H$363,6,0) -> #N/A | J64: =AVERAGE(F64,G64,H64,I64) -> #N/A
E65: Honorario médico de anestesiólogo | G65: =VLOOKUP(B65,OCCIDENTE!$A$8:$J$5948,10,0) -> #N/A | H65: =VLOOKUP(B65,NUESTRA!$A$2:$G$2913,7,0) -> #N/A | I65: =VLOOKUP(B65,'COSMITET ABR'!$C$3:$H$363,6,0) -> #N/A | J65: =AVERAGE(F65,G65,H65,I65) -> #N/A
E66: Insumos y medicamentos No incluidos en los paquetes | G66: =VLOOKUP(B66,OCCIDENTE!$A$8:$J$5948,10,0) -> #N/A | H66: =VLOOKUP(B66,NUESTRA!$A$2:$G$2913,7,0) -> #N/A | I66: =VLOOKUP(B66,'COSMITET ABR'!$C$3:$H$363,6,0) -> #N/A | J66: =AVERAGE(F66,G66,H66,I66) -> #N/A
E67: Banco de Sangre | G67: =VLOOKUP(B67,OCCIDENTE!$A$8:$J$5948,10,0) -> #N/A | H67: =VLOOKUP(B67,NUESTRA!$A$2:$G$2913,7,0) -> #N/A | I67: =VLOOKUP(B67,'COSMITET ABR'!$C$3:$H$363,6,0) -> #N/A | J67: =AVERAGE(F67,G67,H67,I67) -> #N/A
E68: Estancia hospitalaria adicionales | G68: =VLOOKUP(B68,OCCIDENTE!$A$8:$J$5948,10,0) -> #N/A | H68: =VLOOKUP(B68,NUESTRA!$A$2:$G$2913,7,0) -> #N/A | I68: =VLOOKUP(B68,'COSMITET ABR'!$C$3:$H$363,6,0) -> #N/A | J68: =AVERAGE(F68,G68,H68,I68) -> #N/A
A69: 60 | B69: 890702 | C69: CONSULTA DE URGENCIAS POR OTRAS ESPECIALIDADES MÉDICAS | D69: HONORARIOS MEDICOS DEL ESPECIALISTA | F69: =VLOOKUP(B69,FVL!$A$5:$N$6151,14,0) -> 133848 | G69: =VLOOKUP(B69,OCCIDENTE!$A$8:$J$5948,10,0) -> 67947.123 | H69: =VLOOKUP(B69,NUESTRA!$A$2:$G$2913,7,0) -> 122571.43 | I69: =VLOOKUP(B69,'COSMITET ABR'!$C$3:$H$363,6,0) -> 64113.65 | J69: =AVERAGE(F69,G69,H69,I69) -> 97120.05
A70: 61 | B70: 378604 | C70: INSERCIÓN [IMPLANTACIÓN] DE CARDIOVERSOR (DESFIBRILADOR) BICAMERAL VÍA PERCUTÁNEA (ENDOVASCULAR) | D70: Honorario médico Electrofisiólogo, Honorario médico Anestesiólogo, Derecho de sala, (1) días de hospitalización en piso, (1) días de hospitalización en UCI, Materiales de Sutura y curación, Agentes y gases anestésicos, Insumos básicos de Procedimientos, Consulta post procedimiento, Insumos:, Cables medicion de umbral (1), Cardiodesfibrilador (1), Cefazolina o aztreonam con clindamicina, Destornillador de marcapaso (1), Electrodo bipolar (1), Electrodo cardiodesfibrilador (1), Guia angioplastia (1), Guia hidrofilica (1), Introductor marcapaso (1), Kit de implante (1), Transductor de presion, , Aguja Angiografica (1),Jeringa De 5 C.C. (3),Jeringa De 10 C.C. (3),Extensiones (1),Jeringa de Inyeccion (1),Manifold (1). | E70: Complicaciones | F70: =VLOOKUP(B70,FVL!$A$5:$N$6151,14,0) -> 58860000 | G70: NO OFERTA | H70: NO OFERTA | I70: =VLOOKUP(B70,'COSMITET ABR'!$C$3:$H$363,6,0) -> 58147456 | J70: =AVERAGE(F70,G70,H70,I70) -> 58503728
E71: Consulta especializada Pre
E72: Insumos y medicamentos No incluidos en los paquetes
E73: Banco de Sangre
E74: Estancia hospitalaria adicional
E75: Ayudas diagnosticas adicionales a las incluidas en el paquete
A76: 62 | B76: 378901 | C76: EXPLANTE O ELIMINACION DE MARCAPASO | D76: INCLUSIONES: El valor incluye (honorario médico especialista, derecho de sala, insumos basicos: Aguja Angiografica (1),Jeringa De 5 C.C. (3),Jeringa De 10 C.C. (3),Extensiones (1),Jeringa de Inyeccion (1),Manifold (1), uso de equipos, materiales de sutura y curacion, agentes y gases anestesicos, registro digital (cineangiografia). | E76: EXCLUSIONES: medio de contraste, medicamentos, cateteres y guias, insumos de alto costo, y todo los servcios adicionales no detallados en las inclusiones de acuerdo al requerimiento de cada paciente. | F76: =VLOOKUP(B76,FVL!$A$5:$N$6151,14,0) -> 1426908 | G76: NO OFERTA | H76: NO OFERTA | I76: =VLOOKUP(B76,'COSMITET ABR'!$C$3:$H$363,6,0) -> 2540500.1 | J76: =AVERAGE(F76,G76,H76,I76) -> 1983704
A77: 63 | B77: 360202 | C77: ANGIOPLASTIA CORONARIA TRANSLUMINAL PERCUTÁNEA SIMPLE CON INFUSIÓN DE SUSTANCIA TERAPÉUTICA MAS DE DOS VASOS | D77: Honorario médico Hemodinamista, Derecho de sala, (1) día de hospitalización en piso, (1) día de UCIN, Materiales de Sutura y curación, Agentes y gases anestésicos, Insumos básicos de Procedimientos, Consulta pos Procedimiento, Insumos:, Cateter diagnostico (1), Cateter guia coronario (1) por cada vaso , Guia angioplastia (2) para un vaso, (3) para dos vasos y (4) para (3) vasos, Guia de diagnostico (1), Guia hidrofilica (1), Insuflador , Introductor hemodinamia (1), Medio de contraste, Transductor de presion., Aguja Angiografica (1),Jeringa De 5 C.C. (3),Jeringa De 10 C.C. (3),Extensiones (1),Jeringa de Inyeccion (1),Manifold (1). | E77: Complicaciones | F77: NO OFERTA | G77: NO OFERTA | H77: NO OFERTA | I77: =VLOOKUP(B77,'COSMITET ABR'!$C$3:$H$363,6,0) -> 6800036.5 | J77: =AVERAGE(F77,G77,H77,I77) -> 6800036.5
E78: Consulta especializada Pre
E79: Honorario médico de anestesiólogo
E80: Insumos y medicamentos No incluidos en los paquetes
E81: Banco de Sangre
E82: No incluye los insumos relacionados con aterectomia rotacional ( Rotablator)
E83: Balón de contrapulsación
E84: Estancia adicionales a las incluidas en el paquete
A85: 64 | B85: 351103 | C85: VALVULOPLASTIA AÓRTICA PERCUTÁNEA (ENDOVASCULAR) | D85: Honorario médico Hemodinamista, Derecho de sala, (1) día de hospitalización en piso, (1) día de UCIN, Materiales de Sutura y curación, Agentes y gases anestésicos, Insumos básicos de Procedimientos, Consulta pos Procedimiento, Insumos:, Balon periferico convencional (1), Cables medicion de umbral , Cateter diagnostico hemodinamia (1), Cefazolina o aztreonam con Clindamicina, Extension de inyector (1), Guia de diagnosticoguia hidrofilica (1), Guia valvula (1), Insuflador, Introductor hemodinamia (1), Medio de contraste, Transductor de presion,, Aguja Angiografica (1),Jeringa De 5 C.C. (3),Jeringa De 10 C.C. (3),Extensiones (1),Jeringa de Inyeccion (1),Manifold (1). | E85: Complicaciones | F85: =VLOOKUP(B85,FVL!$A$5:$N$6151,14,0) -> 13760160 | G85: NO OFERTA | H85: NO OFERTA | I85: =VLOOKUP(B85,'COSMITET ABR'!$C$3:$H$363,6,0) -> 10629825 | J85: =AVERAGE(F85,G85,H85,I85) -> 12194992
E86: Consulta especializada Pre
E87: Honorario médico de anestesiólogo
E88: Insumos y medicamentos No incluidos en los paquetes
E89: Banco de Sangre
E90: Balón de contrapulsación
E91: Estancia adicionales a las incluidas en el paquete
E92: Balon valvuloplastia Aortico y Pulmonar
A93: 65 | B93: 372101 | C93: ESTUDIO ELECTROFISIOLÓGICO CARDÍACO CONVENCIONAL DEL LADO DERECHO DEL CORAZÓN VÍA PERCUTÁNEA (ENDOVASCULAR) | D93: * Honorarios profesional Electrofisiologo. | E93: *Complicaciones | F93: NO OFERTA | G93: NO OFERTA | H93: NO OFERTA | I93: 941600 | J93: =AVERAGE(F93,G93,H93,I93) -> 941600
D94: * (1) Consulta post durante los 15 días siguientes al procedimiento y por la misma especialidad. | E94: * Exámenes de laboratorio pre, durante y post
D95: * Derechos de sala | E95: * Consultas especializadas pre y post procedimiento pasado más de 15 días. .
D96: * Derechos de Recuperación | E96: * Apoyo diagnostico pre y post procedimiento.
D97: * Exámenes de laboratorio: (Hemograma. PT. PTT) antes del procedimiento | E97: * Materiales y medicamentos
D98: * (1) Electrocardiograma si se requiere durante el procedimiento. .
D99: * Estancia postquirúrgica: (1) día en piso.
D100: * Materiales de sutura y curación.
D101: * Medio de contraste
D102: * Agentes y gases anestésicos
...

Sheet ESTIMADO
A1: VALOR ESTIMADO - CARDIOLOGIA 2026
A3: ITEM | B3: CUPS | C3: DESCRIPCION | D3: INCLUYE | E3: EXCLUYE | F3: HISTORICO | G3: HISTORICO PROYECTADO IPC 5,10% | H3: VALOR DEL MERCADO | I3: VALOR ESTIMADO | J3: OBSERVACIONES
A4: 1 | B4: 881202 | C4: ECOCARDIOGRAMA TRANSTORÁCICO | D4: Adultos y Pediátricos | F4: 215025 | G4: =(F4*5.1%)+F4 -> 225991.27 | H4: =MERCADO!J5 -> 382843.85 | I4: 304418 | J4: SE MANTIENE
A5: 2 | B5: 890226 | C5: CONSULTA DE PRIMERA VEZ POR ESPECIALISTA EN ANESTESIOLOGÍA | D5: HONORARIOS MEDICOS DEL ESPECIALISTA | F5: 70000 | G5: =(F5*5.1%)+F5 -> 73570 | H5: =MERCADO!J6 -> 122218.7 | I5: 97894 | J5: SE MANTIENE
A6: 3 | B6: 998702 | C6: SOPORTE DE SEDACION PARA CONSULTA O APOYO DIAGNOSTICO | D6: MEDICO GENERAL ENTRENADO SOLO PARA UNIDAD DE ATENCION DIGESTIVA | F6: 150000 | G6: =(F6*5.1%)+F6 -> 157650 | H6: =MERCADO!J7 -> 273910.97 | I6: 273910.97 | J6: SE AJUSTA
A7: 4 | B7: 890228 | C7: CONSULTA DE PRIMERA VEZ POR ESPECIALISTA EN CARDIOLOGÍA | F7: 47268 | G7: =(F7*5.1%)+F7 -> 49678.668 | H7: =MERCADO!J8 -> 122285.28 | I7: 85982 | J7: SE MANTIENE
A8: 5 | B8: 890701 | C8: CONSULTA DE URGENCIAS POR MEDICINA GENERAL | D8: HONORARIOS MEDICOS DEL ESPECIALISTA | F8: 45000 | G8: =(F8*5.1%)+F8 -> 47295 | H8: =MERCADO!J9 -> 68423.6 | I8: 57859 | J8: SE MANTIENE
A9: 6 | B9: 895001 | C9: MONITOREO ELECTROCARDIOGRÁFICO CONTINUO (HOLTER) | D9: Adultos y Pediátricos (éstos últimos mayores de 12 años exclusivamente) | F9: 139106 | G9: =(F9*5.1%)+F9 -> 146200.41 | H9: =MERCADO!J10 -> 322371.56 | I9: 234286 | J9: SE MANTIENE
A10: 7 | B10: 895004 | C10: MONITOREO AMBULATORIO DE PRESIÓN ARTERIAL SISTÉMICA | F10: 185948 | G10: =(F10*5.1%)+F10 -> 195431.35 | H10: =MERCADO!J11 -> 299600.11 | I10: 247516 | J10: SE MANTIENE
A11: 8 | B11: 881210 | C11: ECOCARDIOGRAMA DE STRESS CON PRUEBA DE ESFUERZO O CON PRUEBA FARMACOLÓGICA | D11: Adultos y Pediátricos (éstos últimos mayores de 15 años y previa revisión de la HC por parte de nuestro especialista) | F11: 424236 | G11: =(F11*5.1%)+F11 -> 445872.04 | H11: =MERCADO!J12 -> 809374.48 | I11: 627623 | J11: SE MANTIENE
A12: 9 | B12: 890328 | C12: CONSULTA DE CONTROL O DE SEGUIMIENTO POR ESPECIALISTA EN CARDIOLOGÍA | F12: 47268 | G12: =(F12*5.1%)+F12 -> 49678.668 | H12: =MERCADO!J13 -> 97058.523 | I12: 73369 | J12: SE MANTIENE
A13: 10 | B13: 933601 | C13: TERAPIA DE REHABILITACIÓN CARDIOVASCULAR | F13: 55400 | G13: =(F13*5.1%)+F13 -> 58225.4 | H13: =MERCADO!J14 -> 83822.368 | I13: 71024 | J13: SE MANTIENE
A14: 11 | B14: 129A01 | C14: INTERNACION COMPLEJIDAD ALTA HABITACION UNIPERSONAL (INCLUYE AISLAMIENTO) | E14: EXCLUYE CUALQUIER TIPO DE TERAPIA Y INTERCONSULTA ESPECIALIZA | F14: 425844 | G14: =(F14*5.1%)+F14 -> 447562.04 | H14: =MERCADO!J15 -> 493509.09 | I14: 470536 | J14: SE MANTIENE
A15: 12 | B15: 129A02 | C15: INTERNACION COMPLEJIDAD ALTA HABITACION MULTIPLE | E15: EXCLUYE CUALQUIER TIPO DE TERAPIA Y INTERCONSULTA ESPECIALIZA | F15: 310000 | G15: =(F15*5.1%)+F15 -> 325810 | H15: =MERCADO!J16 -> 343277.55 | I15: 334544 | J15: SE MANTIENE
A16: 13 | B16: 110A01 | C16: INTERNACION EN UNIDAD DE CUIDADO INTENSIVO ADULTOS | E16: EXCLUYE CUALQUIER TIPO DE TERAPIA Y INTERCONSULTA ESPECIALIZA | F16: 1340000 | G16: =(F16*5.1%)+F16 -> 1408340 | H16: =MERCADO!J17 -> 1953592.8 | I16: 1680966 | J16: SE MANTIENE
A17: 14 | B17: 107M01 | C17: INTERNACION EN UNIDAD DE CUIDADO INTERMEDIO ADULTO | E17: EXCLUYE CUALQUIER TIPO DE TERAPIA Y INTERCONSULTA ESPECIALIZA | F17: 750000 | G17: =(F17*5.1%)+F17 -> 788250 | H17: =MERCADO!J18 -> 1012882.4 | I17: 900566 | J17: SE MANTIENE
A18: 15 | B18: 372202 | C18: CATETERISMO CARDÍACO DEL LADO IZQUIERDO DEL CORAZÓN | D18: * Honorarios profesional de hemodinamia. * (1) Consulta post durante los 15 días siguientes al procedimiento y por la misma especialidad. * Derechos de sala * Derechos de Recuperación *Exámenes de laboratorio: (Hemograma. PT. PTT, Creatinina) antes del procedimiento * (1) Electrocardiograma; si se requiere durante el procedimiento. * Insumos alto costo: dos (2) cateter Diagnóstico 5F, un (1) Introductor 5F, una (1) Guia Hidrofílica * Materiales de sutura y curación. * Medio de contraste: equivalentes máximo a 100cc. * Agentes y gases anestésicos (locales) * Medicamentos e Insumos básicos de procedimiento | E18: * Complicaciones * Exámenes de laboratorio pre, durante y post. (Excepto los descritos en las inclusiones) * Consultas especializadas pre y post procedimiento pasado más de 15 días. * Apoyo diagnostico pre y post procedimiento. * Banco de sangre * Honorarios de anestesiólogo en caso de necesitarlos se facturara a 250,000. * LO QUE NO ESTE EXPLICITO, SE ENTIENDE EXCLUIDO DEL PAQUETE y se facturará a tarifas convenidas | F18: NO OFERTA | G18: NO OFERTA | H18: =MERCADO!J19 -> 6778423.3 | I18: 6778423 | J18: SE MANTIENE
A19: 16 | B19: 378501 | C19: REVISIÓN (REPROGRAMACIÓN) DE MARCAPASOS | F19: 50700 | G19: =(F19*5.1%)+F19 -> 53285.7 | H19: =MERCADO!J20 -> 83875 | I19: 68580 | J19: SE MANTIENE
A20: 17 | B20: 890202 | C20: CONSULTA DE PRIMERA VEZ POR OTRAS ESPECIALIDADES MÉDICAS(ELECTROFISIOLOGIA) | F20: 79952 | G20: =(F20*5.1%)+F20 -> 84029.552 | H20: =MERCADO!J21 -> 145936.44 | I20: 114983 | J20: SE MANTIENE
A21: 18 | B21: 890240 | C21: CONSULTA DE PRIMERA VEZ POR ESPECIALISTA EN CIRUGÍA VASCULAR | F21: 51293 | G21: =(F21*5.1%)+F21 -> 53908.943 | H21: =MERCADO!J22 -> 126060.12 | I21: 89985 | J21: SE MANTIENE
A22: 19 | B22: 890230 | C22: CONSULTA DE PRIMERA VEZ POR ESPECIALISTA EN CIRUGÍA CARDIOVASCULAR | F22: 70000 | G22: =(F22*5.1%)+F22 -> 73570 | H22: =MERCADO!J23 -> 123588.62 | I22: 98579 | J22: SE MANTIENE
A23: 20 | B23: 360101 | C23: ANGIOPLASTIA CORONARIA PERCUTÁNEA (ENDOVASCULAR) UNO O DOS VASOS | D23: Honorario médico Hemodinamista, Derecho de sala, (1) día de hospitalización en piso, (1) día de UCIN, Materiales de Sutura y curación, Agentes y gases anestésicos, Insumos básicos de Procedimientos, Consulta pos Procedimiento, Insumos:, Balon coronario para (1) vaso hasta (2), balones para 2 vasos (3) balones., Cateter diagnostico (1), Cateter guia coronario (1) por cada vaso, Guia angioplastia (2) para un vaso, (3) para dos vasos, Guia de diagnostico (1), Guia hidrofilica (1), Insufladorintroductor hemodinamia, Medio de contraste, Transductor de presion, , Aguja Angiografica (1),Jeringa De 5 C.C. (3),Jeringa De 10 C.C. (3),Extensiones (1),Jeringa de Inyeccion (1),Manifold (1). | E23: Complicaciones Consulta especializada Pre Honorario médico de anestesiólogo Insumos y medicamentos No incluidos en los paquetes Banco de Sangre No incluye los insumos relacionados con aterectomia rotacional ( Rotablator) Balón de contrapulsación Estancia adicionales a las incluidas en el paquete | F23: 3206700 | G23: =(F23*5.1%)+F23 -> 3370241.7 | H23: =MERCADO!J24 -> 4118241.2 | I23: 4118241.2 | J23: SE AJUSTA
A24: 21 | B24: 896101 | C24: MONITOREO DE PRESIÓN ARTERIAL SISTÉMICA (TELEMETRÍA) | D24: Adultos y Pediátricos (éstos últimos mayores de 12 años exclusivamente) | F24: 162000 | G24: =(F24*5.1%)+F24 -> 170262 | H24: =MERCADO!J25 -> 234244.72 | I24: 202253 | J24: SE MANTIENE
A25: 22 | B25: 894102 | C25: PRUEBA DE ESFUERZO CARDIOVASCULAR | D25: Adultos y Pediátricos | F25: 100930 | G25: =(F25*5.1%)+F25 -> 106077.43 | H25: =MERCADO!J26 -> 266616.97 | I25: 186347 | J25: SE MANTIENE
A26: 23 | B26: 894402 | C26: PRUEBA DE CAMINATA DE 6 MINUTOS | F26: 220000 | G26: =(F26*5.1%)+F26 -> 231220 | H26: =MERCADO!J27 -> 197541.61 | I26: 224385.18 | J26: SE AJUSTA
A27: 24 | B27: 881205 | C27: ECOCARDIOGRAMA TRANSESOFÁGICO | D27: Adultos y Pediátricos (éstos últimos mayores de 15 años y previa revisión de la HC por parte de nuestro especialista) | F27: 290125 | G27: =(F27*5.1%)+F27 -> 304921.38 | H27: =MERCADO!J28 -> 544679.07 | I27: 424800 | J27: SE MANTIENE
A28: 25 | B28: 372302 | C28: CATETERISMO COMBINADO DE LOS LADOS DERECHO E IZQUIERDO DEL CORAZÓN | D28: Honorario médico Hemodinamista , Derecho de sala, (1) día de hospitalización en piso, Materiales de Sutura y curación, Agentes y gases anestésicos, Insumos básicos de Procedimientos, Consulta post-Procedimiento, Insumos:, Cateter diagnostico (4), Extension de inyector (1), Guia de diagnostico (2), Introductor hemodinamia (2), Medio de contraste , Pulsera compresion (1), Transductor de presion (1), Aguja Angiografica (1),Jeringa De 5 C.C. (3),Jeringa De 10 C.C. (3),Extensiones (1),Jeringa de Inyeccion (1),Manifold (1). | E28: Complicaciones Consulta especializada Pre Honorario médico de anestesiólogo Insumos y medicamentos No incluidos en los paquetes Banco de Sangre Balón de contrapulsación Estancia adicionales a las incluidas en el paquete Curva de hiperoxia Iloprost | F28: 1242900 | G28: =(F28*5.1%)+F28 -> 1306287.9 | H28: =MERCADO!J29 -> 1735201.2 | I28: 1735201.2 | J28: SE AJUSTA
A29: 26 | B29: 890502 | C29: PARTICIPACIÓN EN JUNTA MÉDICA, POR MEDICINA ESPECIALIZADA Y CASO (PACIENTE) JUNTA CARDIOQUIRURGICA (Valor de la Junta) | F29: 151900 | G29: =(F29*5.1%)+F29 -> 159646.9 | H29: =MERCADO!J30 -> 450395.01 | I29: 305021 | J29: SE MANTIENE
A30: 27 | B30: 360601 | C30: INSERCIÓN O IMPLANTE DE PRÓTESIS INTRACORONARIA (STENT) SOD | D30: Honorario médico Hemodinamista, Derecho de sala, (1) día de hospitalización en piso, (1) día de UCIN, Materiales de Sutura y curación, Agentes y gases anestésicos, Insumos básicos de Procedimientos, Consulta pos Procedimiento, Insumos:, Cateter diagnostico (1), Cateter guia coronario (1) por cada vaso , Guia angioplastia (2) para un vaso, (3) para dos vasos y (4) para (3) vasos, Guia de diagnostico (1), Guia hidrofilica (1), Insuflador , Introductor hemodinamia (1), Medio de contraste, Transductor de presion., Aguja Angiografica (1),Jeringa De 5 C.C. (3),Jeringa De 10 C.C. (3),Extensiones (1),Jeringa de Inyeccion (1),Manifold (1). | E30: Complicaciones Consulta especializada Pre Honorario médico de anestesiólogo Insumos y medicamentos No incluidos en los paquetes Banco de Sangre Balón de contrapulsación Estancia adicionales a las incluidas en el paquete | F30: NO OFERTA | G30: NO OFERTA | H30: =MERCADO!J31 -> 4174360.9 | I30: 4621142.9 | J30: SE AJUSTA
A31: 28 | B31: 890302 | C31: CONSULTA DE CONTROL O DE SEGUIMIENTO POR OTRAS ESPECIALIDADES MÉDICAS(ELECTROFISIOLOGIA) | F31: 70000 | G31: =(F31*5.1%)+F31 -> 73570 | H31: =MERCADO!J32 -> 104654.65 | I31: 89112 | J31: SE MANTIENE
A32: 29 | B32: 890340 | C32: CONSULTA DE CONTROL O DE SEGUIMIENTO POR ESPECIALISTA EN CIRUGÍA VASCULAR | F32: 70000 | G32: =(F32*5.1%)+F32 -> 73570 | H32: =MERCADO!J33 -> 100833.36 | I32: 87202 | J32: SE MANTIENE
A33: 30 | B33: 876121 | C33: ARTERIOGRAFÍA CORONARIA CON CATETERISMO DERECHO E IZQUIERDO | D33: Honorario médico Hemodinamista , Derecho de sala, (1) día de hospitalización en piso, Materiales de Sutura y curación, Agentes y gases anestésicos, Insumos básicos de Procedimientos, Consulta post-Procedimiento, Insumos:, Cateter diagnostico (4), Extension de inyector (1), Guia de diagnostico (2), Introductor hemodinamia (2), Medio de contraste , Pulsera compresion (1), Transductor de presion (1), , Aguja Angiografica (1),Jeringa De 5 C.C. (3),Jeringa De 10 C.C. (3),Extensiones (1),Jeringa de Inyeccion (1),Manifold (1). | E33: Complicaciones Consulta especializada Pre Honorario médico de anestesiólogo Insumos y medicamentos No incluidos en los paquetes Banco de Sangre Balón de contrapulsación Estancia adicionales a las incluidas en el paquete Curva de hiperoxia Iloprost | F33: 1242900 | G33: =(F33*5.1%)+F33 -> 1306287.9 | H33: =MERCADO!J34 -> 1847813 | I33: 1847813 | J33: SE AJUSTA
A34: 31 | B34: 360102 | C34: ANGIOPLASTIA CORONARIA PERCUTÁNEA (ENDOVASCULAR) MAS DE DOS VASOS | D34: Honorario médico Hemodinamista, Derecho de sala, (1) día de hospitalización en piso, (1) día de UCIN, Materiales de Sutura y curación, Agentes y gases anestésicos, Insumos básicos de Procedimientos, Consulta pos Procedimiento, Insumos:, Balon coronario para 1 vaso hasta (2), balones para 2 vasos (3) balones., Cateter diagnostico (1), Cateter guia coronario (1) por cada vaso, Guia angioplastia (2) para un vaso, (3) para dos vasos y (4) para 3 vasos, Guia de diagnostico (1), Guia hidrofilica (1), Insufladorintroductor hemodinamia, Medio de contraste, Transductor de presion, , Aguja Angiografica (1),Jeringa De 5 C.C. (3),Jeringa De 10 C.C. (3),Extensiones (1),Jeringa de Inyeccion (1),Manifold (1). | E34: Complicaciones Consulta especializada Pre Honorario médico de anestesiólogo Insumos y medicamentos No incluidos en los paquetes Banco de Sangre No incluye los insumos relacionados con aterectomia rotacional ( Rotablator) Balón de contrapulsación Estancia adicionales a las incluidas en el paquete | F34: 6054588 | G34: =(F34*5.1%)+F34 -> 6363372 | H34: =MERCADO!J35 -> 2313154 | I34: 5662714.3 | J34: SE AJUSTA
A35: 32 | B35: 890330 | C35: CONSULTA DE CONTROL O DE SEGUIMIENTO POR ESPECIALISTA EN CIRUGÍA CARDIOVASCULAR | F35: 84850 | G35: =(F35*5.1%)+F35 -> 89177.35 | H35: =MERCADO!J36 -> 99071.023 | I35: 94124 | J35: SE MANTIENE
A36: 33 | B36: 872202 | C36: AORTOGRAMA ABDOMINAL Y ESTUDIO DE MIEMBROS INFERIORES | D36: Honorario médico Vascular Periférico, Derecho de sala, (1) día de hospitalización en piso, Materiales de Sutura y curación, Agentes y gases anestésicos, Insumos básicos de Procedimientos, Insumos:, Cateter diagnostico (1), Cefazolina o aztreonam con clindamicina, Extension inyector (1), Guia hidrofilica (1), Introductor hemodinamia (1), Medio de contraste, Transductor de presion , Aguja Angiografica (1),Jeringa De 5 C.C. (3),Jeringa De 10 C.C. (3),Extensiones (1),Jeringa de Inyeccion (1),Manifold (1). | E36: Complicaciones Consulta especializada Pre Honorario médico de anestesiólogo Insumos y medicamentos No incluidos en los paquetes Banco de Sangre Balón de contrapulsación Estancia adicionales a las incluidas en el paquete | F36: 1706726 | G36: =(F36*5.1%)+F36 -> 1793769 | H36: =MERCADO!J37 -> 2319899.5 | I36: 2483280 | J36: SE AJUSTA
A37: 34 | B37: 879910 | C37: TOMOGRAFÍA COMPUTADA EN RECONSTRUCCIÓN TRIDIMENSIONAL | D37: *SERVICIO | E37: * Excluye Medio de Contraste * Honorario Anestesiologo | F37: 435896 | G37: =(F37*5.1%)+F37 -> 458126.7 | H37: =MERCADO!J38 -> 594029.38 | I37: 526078 | J37: SE MANTIENE
A38: 35 | B38: 895101 | C38: ELECTROCARDIOGRAMA DE RITMO O DE SUPERFICIE SOD | D38: Adultos y Pediátricos | F38: 24460 | G38: =(F38*5.1%)+F38 -> 25707.46 | H38: =MERCADO!J39 -> 29700.467 | I38: 27704 | J38: SE MANTIENE
A39: 36 | B39: 378301 | C39: INSERCIÓN [IMPLANTACIÓN] DE MARCAPASOS BICAMERAL | D39: Honorario médico Electro fisiólogo, Derecho de sala, (1) días de hospitalización en piso, Materiales de Sutura y curación, Agentes y gases anestésicos, Insumos básicos de Procedimientos, Consulta Pos Procedimiento, Insumos:, Bupirop y lidocaina, Cables medicion de umbral (1), Cefazolina o aztreonam con clindamicina, Electrodo bipolar 2, Electrodo multifuncion (1), Introductor marcapaso (1), Marcapaso bicameraltransductor de presion (1), Aguja Angiografica (1),Jeringa De 5 C.C. (3),Jeringa De 10 C.C. (3),Extensiones (1),Jeringa de Inyeccion (1),Manifold (1). | E39: Complicaciones Consulta especializada Pre Honorario médico de anestesiólogo Insumos y medicamentos No incluidos en los paquetes Banco de Sangre Balón de contrapulsación Estancia adicionales a las incluidas en el paquete | F39: 12410700 | G39: =(F39*5.1%)+F39 -> 13043646 | H39: =MERCADO!J40 -> 9016662.2 | I39: 16161000 | J39: SE AJUSTA
A40: 37 | B40: 876122 | C40: ARTERIOGRAFÍA CORONARIA CON CATETERISMO IZQUIERDO | D40: Honorario médico Hemodinamista, Derecho de sala, (1) día de hospitalización en piso, Materiales de Sutura y curación, Agentes y gases anestésicos, Insumos básicos de Procedimientos, Consulta pos Procedimiento, Insumos:, Cateter diagnostico (3), Extension de inyector (1), Guia de diagnostico (1), Introductor hemodinamia (1), Medio de contraste, Pulsera compresion (1), Transductor de presion (1), , Aguja Angiografica (1),Jeringa De 5 C.C. (3),Jeringa De 10 C.C. (3),Extensiones (1),Jeringa de Inyeccion (1),Manifold (1). | E40: Complicaciones Consulta especializada Pre Honorario médico de anestesiólogo Insumos y medicamentos No incluidos en los paquetes Banco de Sangre Balón de contrapulsación Estancia adicionales a las incluidas en el paquete | F40: 1179624 | G40: =(F40*5.1%)+F40 -> 1239784.8 | H40: =MERCADO!J41 -> 1397670.1 | I40: 1726680 | J40: SE AJUSTA
A41: 38 | B41: 881204 | C41: ECOCARDIOGRAMA TRANSTORÁCICO TRIDIMENSIONAL | D41: Adultos y Pediátricos | F41: 387503 | G41: =(F41*5.1%)+F41 -> 407265.65 | H41: =MERCADO!J42 -> 498285.04 | I41: 550673.68 | J41: SE AJUSTA
A42: 39 | B42: 876120 | C42: ARTERIOGRAFÍA CORONARIA | D42: Honorario médico Hemodinamista, Derecho de sala, (1) día de hospitalización en piso, Materiales de Sutura y curación, Agentes y gases anestésicos, Insumos básicos de Procedimientos, Consulta pos Procedimiento, Insumos:, Cateter diagnostico (3), Extension de inyector (1), Guia de diagnostico (1), Introductor hemodinamia (1), Medio de contraste, Pulsera compresion (1), Transductor de presion (1), , Aguja Angiografica (1),Jeringa De 5 C.C. (3),Jeringa De 10 C.C. (3),Extensiones (1),Jeringa de Inyeccion (1),Manifold (1). | E42: Complicaciones Consulta especializada Pre Honorario médico de anestesiólogo Insumos y medicamentos No incluidos en los paquetes Banco de Sangre Balón de contrapulsación Estancia adicionales a las incluidas en el paquete | F42: 1047600 | G42: =(F42*5.1%)+F42 -> 1101027.6 | H42: =MERCADO!J43 -> 1736038.9 | I42: 1418533 | J42: SE MANTIENE
A43: 40 | B43: 378503 | C43: REVISIÓN (REPROGRAMACIÓN) DE CARDIOVERSOR (DESFIBRILADOR) | F43: 69100 | G43: =(F43*5.1%)+F43 -> 72624.1 | H43: =MERCADO!J44 -> 118634.5 | I43: 108720 | J43: SE AJUSTA
A44: 41 | B44: 385120 | C44: OCLUSIÓN DE LESIÓN EN VASOS INTRACRANEALES, VÍA ENDOVASCULAR | D44: * Honorarios especialista * (1) Consulta post durante los 15 días siguientes al procedimiento y por la misma especialidad. * Derechos de sala * Derechos de Recuperación * Exámenes de laboratorio: (Hemograma. PT. PTT) antes del procedimiento * Estancia postquirúrgica: (1) día en UCI. * Materiales de sutura y curación. * Medio de contraste * Agentes y gases anestésicos * Medicamentos e Insumos básicos de procedimiento GUIA TEFLON, INTRODUCTOR, GUIA HIDROFILICA | E44: * Complicaciones * Exámenes de laboratorio pre, durante y post. (Excepto los descritos en las inclusiones) * Consultas especializadas pre y post procedimiento pasado más de 15 días. * Apoyo diagnostico pre y post procedimiento. * Materiales y medicamentos de la estancia. * Honorarios de anestesiólogo en caso de necesitarlos se facturara a tarifa convenida. * Insumos y medicamentos no descritos en la tabla anexa. Tarifa convenida. * Banco de sangre * Estancia en UCI | F44: 4583150 | G44: =(F44*5.1%)+F44 -> 4816890.7 | H44: =MERCADO!J45 -> 14671429 | I44: 9744160 | J44: SE MANTIENE
A45: 42 | B45: 890227 | C45: CONSULTA DE PRIMERA VEZ POR ESPECIALISTA EN ANESTESIOLOGÍA CARDIOVASCULAR | F45: NO OFERTA | G45: NO OFERTA | H45: =MERCADO!J46 -> 228655.59 | I45: 228656 | J45: SE MANTIENE
A46: 43 | B46: 372301 | C46: ESTUDIO ELECTROFISIOLÓGICO CARDÍACO COMBINADO DERECHO E IZQUIERDO DEL CORAZÓN VÍA PERCUTÁNEA (ENDOVASCULAR) | D46: Honorario médico Electro fisiólogo, Derecho de sala, (1) días de hospitalización en piso, Materiales de Sutura y curación, Agentes y gases anestésicos, Insumos básicos de Procedimientos , Insumos:, Bupirop y lidocaina, Cateter cuadripolar con extension (1), Cateter decapolar con extension (1), Cateter duodecapolar con extension (1), Cefazolina o aztreonam con clindamicina, Introductor hemodinamia (3), Transductor de presion, , Aguja Angiografica (1),Jeringa De 5 C.C. (3),Jeringa De 10 C.C. (3),Extensiones (1),Jeringa de Inyeccion (1),Manifold (1). | E46: Complicaciones Consulta especializada Pre Honorario médico de anestesiólogo Insumos y medicamentos No incluidos en los paquetes Banco de Sangre Estancia adicionales a las incluidas en el paquete | F46: 3853400 | G46: =(F46*5.1%)+F46 -> 4049923.4 | H46: =MERCADO!J47 -> 4365885.7 | I46: 4954440 | J46: SE AJUSTA
A47: 44 | B47: 395010 | C47: ANGIOPLASTIA DE VASOS INTRACRANEALES CON O SIN IMPLANTE DE DISPOSITIVO | D47: * Honorarios profesional Neuroradiologo. * (1) Consulta post durante los 15 días siguientes al procedimiento y por la misma especialidad. * Derechos de sala * Derechos de Recuperación * Exámenes de laboratorio: (Hemograma. PT. PTT) antes del procedimiento * (1) Electrocardiograma; (1) Rx de tórax si se requiere durante el procedimiento. * Estancia postquirúrgica: (1) día de UCIN. (Después de realizado el procedimiento) ;(1) día en piso. * Materiales de sutura y curación. * Medio de contraste * Agentes y gases anestésicos * Medicamentos e Insumos básicos de procedimiento | E47: * Complicaciones * Exámenes de laboratorio pre, durante y post. (excepto los descritos en las incluciones) * Consultas especializadas pre y post procedimiento pasado más de 15 días. * Apoyo diagnostico pre y post procedimiento. * Materiales y medicamentos de Estancia. * Honorarios de anestesiólogo en caso de necesitarlos se facturara a tarifa convenida. * Insumos y medicamentos descritos en la tabla anexa. Tarifa convenida. * Banco de sangre *Estancia en UCI | F47: 4300500 | G47: =(F47*5.1%)+F47 -> 4519825.5 | H47: =MERCADO!J48 -> 12275634 | I47: 8397730 | J47: SE MANTIENE
A48: 45 | B48: 352101 | C48: REEMPLAZO DE LA VÁLVULA AÓRTICA VÍA ABIERTA | D48: * Honorarios cirujano cardiovascular * Honorarios Anestesiólogo * Honorarios Ayudante * (1) Consulta post durante los 30 días siguientes al procedimiento y por la misma especialidad. * Valoración Preanestesica * Valoración por medicina Interna * Derechos de sala * Derechos de equipo * Derechos de Recuperación * Exámenes de laboratorio: (Hemograma completo, TP, TPT, Electrolitos, Glucosa, Urea, Creatinina, Parcial de orina, Hemoclasificación) antes del procedimiento * (1) Ecocardiograma transtoracico Rx de tórax si se requiere durante el procedimiento. * Estancia postquirúrgica: (3) días de UCI; (2) días de UCIN (después de realizado el procedimiento) ;(2) días en piso. * Materiales de sutura y curación. * Medio de contraste * Agentes y gases anestésicos * Medicamentos e Insumos básicos de procedimiento * Incluye kit de trasfusión y derechos de perfusión. | E48: * Complicaciones y/o reintervenciones por sangrado. * Exámenes de laboratorio pre, durante y post. (Excepto los descritos en las inclusiones) * Consultas especializadas pre y post procedimiento pasado más de 30 días. * Apoyo diagnostico pre y post procedimiento. Diferentes a los relacionados en las inclusiones. * Materiales y medicamentos de la estancia. * Insumos y medicamentos descritos en la tabla anexa. Tarifa convenida. * Antibióticos de cuarta generación. * Banco de sangre * Medicamentos para terapia Hematológica. * Medicamentos Inotrópicos | F48: 7112200 | G48: =(F48*5.1%)+F48 -> 7474922.2 | H48: =MERCADO!J49 -> 35241540 | I48: 31385010 | J48: SE AJUSTA
A49: 46 | B49: 378502 | C49: REVISIÓN (REPROGRAMACIÓN) DE RESINCRONIZADOR CARDÍACO | F49: 74300 | G49: =(F49*5.1%)+F49 -> 78089.3 | H49: =MERCADO!J50 -> 118621 | I49: 108720 | J49: SE AJUSTA
A50: 47 | B50: 878201 | C50: ARTERIOGRAFÍA PERIFÉRICA DE UNA EXTREMIDAD INFERIOR POR PUNCIÓN | D50: Honorario médico Vascular Periférico, Derecho de sala, (1) día de hospitalización en piso, Materiales de Sutura y curación, Agentes y gases anestésicos, Insumos básicos de Procedimientos, Insumos:, Cateter diagnostico (1), Cefazolina o aztreonam con clindamicina, Extension inyector (1), Guia hidrofilica (1), Introductor hemodinamia (1), Medio de contraste, Transductor de presion , Aguja Angiografica (1),Jeringa De 5 C.C. (3),Jeringa De 10 C.C. (3),Extensiones (1),Jeringa de Inyeccion (1),Manifold (1). | E50: Complicaciones Consulta especializada Pre Honorario médico de anestesiólogo Insumos y medicamentos No incluidos en los paquetes Banco de Sangre Estancia adicionales a las incluidas en el paquete | F50: 2088073 | G50: =(F50*5.1%)+F50 -> 2194564.7 | H50: =MERCADO!J51 -> 2394591.1 | I50: 2483280 | J50: SE AJUSTA
A51: 48 | B51: 385920 | C51: OCLUSIÓN DE VENAS DE MIEMBROS INFERIORES, VÍA ENDOVASCULAR | D51: INCLUSIONES: El valor incluye (honorario médico especialista, derecho de sala, insumos basicos: Aguja Angiografica (1),Jeringa De 5 C.C. (3),Jeringa De 10 C.C. (3),Extensiones (1),Jeringa de Inyeccion (1),Manifold (1), uso de equipos, materiales de sutura y curacion, agentes y gases anestesicos, registro digital (cineangiografia). | E51: EXCLUSIONES: medio de contraste, medicamentos, cateteres y guias, insumos de alto costo, y todo los servcios adicionales no detallados en las inclusiones de acuerdo al requerimiento de cada paciente. | F51: 2098662 | G51: =(F51*5.1%)+F51 -> 2205693.8 | H51: =MERCADO!J52 -> 4095328.3 | I51: 3150511 | J51: SE MANTIENE
A52: 49 | B52: 361901 | C52: ANASTOMOSIS SIMPLE DE ARTERIA CORONARIA DERECHA CON INJERTO VENOSO VÍA ABIERTA | D52: * Honorarios cirujano cardiovascular * Honorarios Anestesiólogo * Honorarios Ayudante * (1) Consulta post durante los 30 días siguientes al procedimiento y por la misma especialidad. * Valoración Preanestesica * Valoración por medicina Interna * Derechos de sala * Derechos de equipo * Derechos de Recuperación * Exámenes de laboratorio: (Hemograma completo, TP, TPT, Electrolitos, Glucosa, Urea, Creatinina, Parcial de orina, Hemoclasificación) antes del procedimiento * (1) Electrocardiograma Rx de tórax si se requiere durante el procedimiento. * Estancia postquirúrgica: (2) días de UCI; (1) días de UCIN (después de realizado el procedimiento) ;(3) día en piso. * Materiales de sutura y curación. * Medio de contraste * Agentes y gases anestésicos * Medicamentos e Insumos básicos de procedimiento * Incluye kit de trasfusión y derechos de perfusión | E52: * Complicaciones y/o reintervenciones por sangrado. * Exámenes de laboratorio pre, durante y post. (Excepto los descritos en las inclusiones) * Consultas especializadas pre y post procedimiento pasado más de 30 días. * Apoyo diagnostico pre y post procedimiento. Diferentes a los relacionados en las inclusiones. | F52: 7112200 | G52: =(F52*5.1%)+F52 -> 7474922.2 | H52: =MERCADO!J53 -> 21092065 | I52: 34728530 | J52: SE AJUSTA
A53: 50 | B53: 877110 | C53: AORTOGRAMA ABDOMINAL | D53: Honorario médico Vascular Periférico, Derecho de sala, (1) día de hospitalización en piso, Materiales de Sutura y curación, Agentes y gases anestésicos, Insumos básicos de Procedimientos, Insumos:, Cateter diagnostico (1), Cefazolina o aztreonam con clindamicina, Extension inyector (1), Guia hidrofilica (1), Introductor hemodinamia (1), Medio de contraste, Transductor de presion , Aguja Angiografica (1),Jeringa De 5 C.C. (3),Jeringa De 10 C.C. (3),Extensiones (1),Jeringa de Inyeccion (1),Manifold (1). | E53: Complicaciones Consulta especializada Pre Honorario médico de anestesiólogo Insumos y medicamentos No incluidos en los paquetes Banco de Sangre Estancia adicionales a las incluidas en el paquete | F53: 1323500 | G53: =(F53*5.1%)+F53 -> 1390998.5 | H53: =MERCADO!J54 -> 1924607.8 | I53: 1948571.4 | J53: SE AJUSTA
A54: 51 | B54: 876241 | C54: ANGIOGRAFÍA DE VENAS CAVAS O CAVOGRAFIA | D54: INCLUSIONES: El valor incluye (honorario médico especialista, derecho de sala, insumos basicos: Aguja Angiografica (1),Jeringa De 5 C.C. (3),Jeringa De 10 C.C. (3),Extensiones (1),Jeringa de Inyeccion (1),Manifold (1), uso de equipos, materiales de sutura y curacion, agentes y gases anestesicos, registro digital (cineangiografia). | E54: EXCLUSIONES: medio de contraste, medicamentos, cateteres y guias, insumos de alto costo, y todo los servcios adicionales no detallados en las inclusiones de acuerdo al requerimiento de cada paciente. | F54: 252700 | G54: =(F54*5.1%)+F54 -> 265587.7 | H54: =MERCADO!J55 -> 672365.47 | I54: 629760 | J54: SE AJUSTA
A55: 52 | B55: 355102 | C55: REPARACIÓN DE DEFECTO DE TABIQUE INTERAURÍCULAR VÍA PERCUTÁNEA (ENDOVASCULAR) | D55: Honorario médico Hemodinamista, Honorario médico Anestesiólogo, Derecho de sala, Ayudas diagnosticas solicitadas y realizadas en la sala de hemodinamia durante el procedimiento: Eco transesofagico(1), Un Dispositivo Amplatzer (1), (1) días de hospitalización en piso, (1) días de UCIN, Materiales de Sutura y curación, Agentes y gases anestésicos, Insumos básicos de Procedimientos, Consulta pos Procedimiento , Insumos:, Cateter diagnostico (1), Cefazolina o aztreonam con clindamicina (1), Cisatracurio o Rocuronio o Vecuronio (1), Dispositivo cierre septal para cia, civ y fop (1), Guia de diagnostico (1), Guia hidrofilica (1), Guia para cierres, Introductor hemodinamia (1), Medio de contraste, Sistema de liberacion dispositivo (1), Transductor de presion, Aguja Angiografica (1),Jeringa De 5 C.C. (3),Jeringa De 10 C.C. (3),Extensiones (1),Jeringa de Inyeccion (1),Manifold (1). | E55: Complicaciones Consulta especializada Pre Insumos y medicamentos No incluidos en los paquetes Banco de Sangre Balón de contrapulsación Dispositivos adicionales Monitoria Eco cardiográfica transesofagico Estancia adicionales a las incluidas en el paquete | F55: 32007117 | G55: =(F55*5.1%)+F55 -> 33639480 | H55: =MERCADO!J56 -> 26851953 | I55: 36774120 | J55: SE AJUSTA
A56: 53 | B56: 890428 | C56: INTERCONSULTA POR ESPECIALISTA EN CARDIOLOGÍA | F56: 61909 | G56: =(F56*5.1%)+F56 -> 65066.359 | H56: =MERCADO!J57 -> 88416.981 | I56: 119200 | J56: SE AJUSTA
A57: 54 | B57: 383406 | C57: RECONSTRUCION DE AORTA TORÁCICA ASCENDENTE VÍA ABIERTA | F57: 20621500 | G57: =(F57*5.1%)+F57 -> 21673196 | H57: =MERCADO!J58 -> 22591056 | I57: 34728530 | J57: SE AJUSTA
A58: 55 | B58: 361605 | C58: ANASTOMOSIS SIMPLE ARTERIA DESCENDENTE ANTERIOR CON ARTERIA MAMARIA VÍA ABIERTA | D58: * Honorarios cirujano cardiovascular * Honorarios Anestesiólogo * Honorarios Ayudante * (1) Consulta post durante los 30 días siguientes al procedimiento y por la misma especialidad. * Valoración Preanestesica * Valoración por medicina Interna * Derechos de sala * Derechos de equipo * Derechos de Recuperación * Exámenes de laboratorio: (Hemograma completo, TP, TPT, Electrolitos, Glucosa, Urea, Creatinina, Parcial de orina, Hemoclasificación) antes del procedimiento * (1) Electrocardiograma Rx de tórax si se requiere durante el procedimiento. * Estancia postquirúrgica: (2) días de UCI; (1) días de UCIN (después de realizado el procedimiento) ;(3) día en piso. * Materiales de sutura y curación. * Medio de contraste * Agentes y gases anestésicos * Medicamentos e Insumos básicos de procedimiento * Incluye kit de trasfusión y derechos de perfusión | E58: * Complicaciones y/o reintervenciones por sangrado. * Exámenes de laboratorio pre, durante y post. (Excepto los descritos en las inclusiones) * Consultas especializadas pre y post procedimiento pasado más de 30 días. * Apoyo diagnostico pre y post procedimiento. Diferentes a los relacionados en las inclusiones. | F58: 7112200 | G58: =(F58*5.1%)+F58 -> 7474922.2 | H58: =MERCADO!J59 -> 49198382 | I58: 34728530 | J58: SE AJUSTA
A59: 56 | B59: 378001 | C59: INSERCIÓN [IMPLANTACIÓN] DE MONITOR DE EVENTOS | D59: Honorario médico electro fisiólogo, Derecho de sala, Materiales de Sutura y curación, Agentes y gases anestésicos, Insumos básicos de Procedimientos, Consulta Post Procedimiento, Insumos:, Cables para medicion de umbral (1), Cefazolina o aztreonam con clindamicina, Electrodo multifuncion (1), Transductor de presion, Aguja Angiografica (1),Jeringa De 5 C.C. (3),Jeringa De 10 C.C. (3),Extensiones (1),Jeringa de Inyeccion (1),Manifold (1). | E59: Complicaciones Consulta especializada Pre Honorario médico Anestesiólogo Insumos y medicamentos No incluidos en los paquetes Banco de Sangre Estancia (UCI, UCIN, PISO) Monitor de Eventos Convencional Monitor de Eventos RX | F59: 6741375 | G59: =(F59*5.1%)+F59 -> 7085185.1 | H59: =MERCADO!J60 -> 4751166.7 | I59: 5918176 | J59: SE MANTIENE
A60: 57 | B60: 395080 | C60: ANGIOPLASTIA O ATERECTOMÍA DE VASOS DE MIEMBROS INFERIORES, CON BALÓN | D60: * Honorarios profesional de hemodinamia. * (1) Consulta post durante los 15 días siguientes al procedimiento y por la misma especialidad. * Derechos de sala * Derechos de Recuperación * Exámenes de laboratorio: (Hemograma. PT. PTT) antes del procedimiento. * (1) Electrocardiograma; (1) Rx de tórax si se requiere durante el procedimiento. * Estancia postquirúrgica: (1) día de UCIN. (Después de realizado el procedimiento) ;(1) día en piso. * Materiales de sutura y curación. * Medio de contraste * Agentes y gases anestésicos * Medicamentos e Insumos básicos de procedimiento | E60: * Complicaciones * Exámenes de laboratorio pre, durante y post. (Excepto los descritos en las inclusiones) * Consultas especializadas pre y post procedimiento pasado más de 15 días. * Apoyo diagnostico pre y post procedimiento. * Materiales y medicamentos dela estancia * Honorarios de anestesiólogo en caso de necesitarlos se facturara a tarifa convenida. * Insumos y medicamentos descritos en la tabla anexa. Tarifa convenida. * Banco de sangre * Estancia en UCI | F60: 4873500 | G60: =(F60*5.1%)+F60 -> 5122048.5 | H60: =MERCADO!J61 -> 5481331.7 | I60: 7529640 | J60: SE AJUSTA
A61: 58 | B61: 395081 | C61: ANGIOPLASTIA O ATERECTOMÍA DE VASOS DE MIEMBROS INFERIORES, CON BALÓN, PRÓTESIS (STENT) O INJERTO (S) PROTÉSICO (S) | D61: Honorario médico Cirujano Vascular, Derecho de sala, (1) día de hospitalización en piso, (1) día de UCIN, Materiales de Sutura y curación, Agentes y gases anestésicos, Insumos básicos de Procedimientos, Insumos:, Balon periferico convencional (1), Cateter diagnostico (1), Cateter guia (1), Cefazolina o aztreonam con clindamicina, Guia angioplastia (1), Guia de diagnostico (1), Guia hidrofilica (1), Insuflador (1), Introductor hemodinamia (1), Medio de contraste, Protamina, Transductor de presion, Aguja Angiografica (1),Jeringa De 5 C.C. (3),Jeringa De 10 C.C. (3),Extensiones (1),Jeringa de Inyeccion (1),Manifold (1). | E61: Complicaciones Consulta especializada Pre Honorario médico de anestesiólogo Insumos y medicamentos No incluidos en los paquetes Banco de Sangre No incluye los insumos relacionados con aterectomia rotacional ( Rotablator) Estancia hospitalaria adicionales | F61: 6377530 | G61: =(F61*5.1%)+F61 -> 6702784 | H61: =MERCADO!J62 -> 5436796 | I61: 7582800 | J61: SE AJUSTA
A62: 59 | B62: 878111 | C62: ARTERIOGRAFÍA PERIFÉRICA DE MIEMBROS SUPERIORES BILATERAL CON AORTOGRAMA TORÁCICO | D62: Honorario médico Vascular Periférico, Derecho de sala, (1) día de hospitalización en piso, Materiales de Sutura y curación, Agentes y gases anestésicos, Insumos básicos de Procedimientos, Consulta Post-Procedimiento, Insumos:, Cateter diagnostico (1), Cefazolina o aztreonam con clindamicina , Extension inyector (1), Guia hidrofilica (1), Aguja Angiografica (1),Jeringa De 5 C.C. (3),Jeringa De 10 C.C. (3),Extensiones (1),Jeringa de Inyeccion (1),Manifold (1). | E62: Complicaciones | F62: 1156500 | G62: =(F62*5.1%)+F62 -> 1215481.5 | H62: =MERCADO!J63 -> 2497818.4 | I62: 2483280 | J62: SE AJUSTA
E63: Consulta especializada Pre | G63: =(F63*5.1%)+F63 -> 0 | H63: =MERCADO!J64 -> #N/A
E64: Honorario médico de anestesiólogo | G64: =(F64*5.1%)+F64 -> 0 | H64: =MERCADO!J65 -> #N/A
E65: Insumos y medicamentos No incluidos en los paquetes | G65: =(F65*5.1%)+F65 -> 0 | H65: =MERCADO!J66 -> #N/A
E66: Banco de Sangre | G66: =(F66*5.1%)+F66 -> 0 | H66: =MERCADO!J67 -> #N/A
E67: Estancia hospitalaria adicionales | G67: =(F67*5.1%)+F67 -> 0 | H67: =MERCADO!J68 -> #N/A
A68: 60 | B68: 890702 | C68: CONSULTA DE URGENCIAS POR OTRAS ESPECIALIDADES MÉDICAS | D68: HONORARIOS MEDICOS DEL ESPECIALISTA | F68: 70000 | G68: =(F68*5.1%)+F68 -> 73570 | H68: =MERCADO!J69 -> 97120.05 | I68: 85345 | J68: SE MANTIENE
A69: 61 | B69: 378604 | C69: INSERCIÓN [IMPLANTACIÓN] DE CARDIOVERSOR (DESFIBRILADOR) BICAMERAL VÍA PERCUTÁNEA (ENDOVASCULAR) | D69: Honorario médico Electrofisiólogo, Honorario médico Anestesiólogo, Derecho de sala, (1) días de hospitalización en piso, (1) días de hospitalización en UCI, Materiales de Sutura y curación, Agentes y gases anestésicos, Insumos básicos de Procedimientos, Consulta post procedimiento, Insumos:, Cables medicion de umbral (1), Cardiodesfibrilador (1), Cefazolina o aztreonam con clindamicina, Destornillador de marcapaso (1), Electrodo bipolar (1), Electrodo cardiodesfibrilador (1), Guia angioplastia (1), Guia hidrofilica (1), Introductor marcapaso (1), Kit de implante (1), Transductor de presion, , Aguja Angiografica (1),Jeringa De 5 C.C. (3),Jeringa De 10 C.C. (3),Extensiones (1),Jeringa de Inyeccion (1),Manifold (1). | E69: Complicaciones | F69: 44175800 | G69: =(F69*5.1%)+F69 -> 46428766 | H69: =MERCADO!J70 -> 58503728 | I69: 58062480 | J69: SE AJUSTA
E70: Consulta especializada Pre | G70: =(F70*5.1%)+F70 -> 0 | H70: =MERCADO!J71 -> 0
E71: Insumos y medicamentos No incluidos en los paquetes | G71: =(F71*5.1%)+F71 -> 0 | H71: =MERCADO!J72 -> 0
E72: Banco de Sangre | G72: =(F72*5.1%)+F72 -> 0 | H72: =MERCADO!J73 -> 0
E73: Estancia hospitalaria adicional | G73: =(F73*5.1%)+F73 -> 0 | H73: =MERCADO!J74 -> 0
E74: Ayudas diagnosticas adicionales a las incluidas en el paquete | G74: =(F74*5.1%)+F74 -> 0 | H74: =MERCADO!J75 -> 0
A75: 62 | B75: 378901 | C75: EXPLANTE O ELIMINACION DE MARCAPASO | D75: INCLUSIONES: El valor incluye (honorario médico especialista, derecho de sala, insumos basicos: Aguja Angiografica (1),Jeringa De 5 C.C. (3),Jeringa De 10 C.C. (3),Extensiones (1),Jeringa de Inyeccion (1),Manifold (1), uso de equipos, materiales de sutura y curacion, agentes y gases anestesicos, registro digital (cineangiografia). | E75: EXCLUSIONES: medio de contraste, medicamentos, cateteres y guias, insumos de alto costo, y todo los servcios adicionales no detallados en las inclusiones de acuerdo al requerimiento de cada paciente. | F75: 1761169 | G75: =(F75*5.1%)+F75 -> 1850988.6 | H75: =MERCADO!J76 -> 1983704 | I75: 1917346 | J75: SE MANTIENE
A76: 63 | B76: 360202 | C76: ANGIOPLASTIA CORONARIA TRANSLUMINAL PERCUTÁNEA SIMPLE CON INFUSIÓN DE SUSTANCIA TERAPÉUTICA MAS DE DOS VASOS | D76: Honorario médico Hemodinamista, Derecho de sala, (1) día de hospitalización en piso, (1) día de UCIN, Materiales de Sutura y curación, Agentes y gases anestésicos, Insumos básicos de Procedimientos, Consulta pos Procedimiento, Insumos:, Cateter diagnostico (1), Cateter guia coronario (1) por cada vaso , Guia angioplastia (2) para un vaso, (3) para dos vasos y (4) para (3) vasos, Guia de diagnostico (1), Guia hidrofilica (1), Insuflador , Introductor hemodinamia (1), Medio de contraste, Transductor de presion., Aguja Angiografica (1),Jeringa De 5 C.C. (3),Jeringa De 10 C.C. (3),Extensiones (1),Jeringa de Inyeccion (1),Manifold (1). | E76: Complicaciones | F76: 6283400 | G76: =(F76*5.1%)+F76 -> 6603853.4 | H76: =MERCADO!J77 -> 6800036.5 | I76: 6701945 | J76: SE MANTIENE
E77: Consulta especializada Pre | G77: =(F77*5.1%)+F77 -> 0 | H77: =MERCADO!J78 -> 0
E78: Honorario médico de anestesiólogo | G78: =(F78*5.1%)+F78 -> 0 | H78: =MERCADO!J79 -> 0
E79: Insumos y medicamentos No incluidos en los paquetes | G79: =(F79*5.1%)+F79 -> 0 | H79: =MERCADO!J80 -> 0
E80: Banco de Sangre | G80: =(F80*5.1%)+F80 -> 0 | H80: =MERCADO!J81 -> 0
E81: No incluye los insumos relacionados con aterectomia rotacional ( Rotablator) | G81: =(F81*5.1%)+F81 -> 0 | H81: =MERCADO!J82 -> 0
E82: Balón de contrapulsación | G82: =(F82*5.1%)+F82 -> 0 | H82: =MERCADO!J83 -> 0
E83: Estancia adicionales a las incluidas en el paquete | G83: =(F83*5.1%)+F83 -> 0 | H83: =MERCADO!J84 -> 0
A84: 64 | B84: 351103 | C84: VALVULOPLASTIA AÓRTICA PERCUTÁNEA (ENDOVASCULAR) | D84: Honorario médico Hemodinamista, Derecho de sala, (1) día de hospitalización en piso, (1) día de UCIN, Materiales de Sutura y curación, Agentes y gases anestésicos, Insumos básicos de Procedimientos, Consulta pos Procedimiento, Insumos:, Balon periferico convencional (1), Cables medicion de umbral , Cateter diagnostico hemodinamia (1), Cefazolina o aztreonam con Clindamicina, Extension de inyector (1), Guia de diagnosticoguia hidrofilica (1), Guia valvula (1), Insuflador, Introductor hemodinamia (1), Medio de contraste, Transductor de presion,, Aguja Angiografica (1),Jeringa De 5 C.C. (3),Jeringa De 10 C.C. (3),Extensiones (1),Jeringa de Inyeccion (1),Manifold (1). | E84: Complicaciones | F84: 6388566 | G84: =(F84*5.1%)+F84 -> 6714382.9 | H84: =MERCADO!J85 -> 12194992 | I84: 9454688 | J84: SE MANTIENE
E85: Consulta especializada Pre | G85: =(F85*5.1%)+F85 -> 0 | H85: =MERCADO!J86 -> 0
E86: Honorario médico de anestesiólogo | G86: =(F86*5.1%)+F86 -> 0 | H86: =MERCADO!J87 -> 0
E87: Insumos y medicamentos No incluidos en los paquetes | G87: =(F87*5.1%)+F87 -> 0 | H87: =MERCADO!J88 -> 0
E88: Banco de Sangre | G88: =(F88*5.1%)+F88 -> 0 | H88: =MERCADO!J89 -> 0
E89: Balón de contrapulsación | G89: =(F89*5.1%)+F89 -> 0 | H89: =MERCADO!J90 -> 0
E90: Estancia adicionales a las incluidas en el paquete | G90: =(F90*5.1%)+F90 -> 0 | H90: =MERCADO!J91 -> 0
E91: Balon valvuloplastia Aortico y Pulmonar | G91: =(F91*5.1%)+F91 -> 0 | H91: =MERCADO!J92 -> 0
A92: 65 | B92: 372101 | C92: ESTUDIO ELECTROFISIOLÓGICO CARDÍACO CONVENCIONAL DEL LADO DERECHO DEL CORAZÓN VÍA PERCUTÁNEA (ENDOVASCULAR) | D92: * Honorarios profesional Electrofisiologo. | E92: *Complicaciones | F92: NO OFERTA | G92: NO OFERTA | H92: =MERCADO!J93 -> 941600 | I92: 4794656.5 | J92: SE AJUSTA
D93: * (1) Consulta post durante los 15 días siguientes al procedimiento y por la misma especialidad. | E93: * Exámenes de laboratorio pre, durante y post | G93: =(F93*5.1%)+F93 -> 0 | H93: =MERCADO!J94 -> 0
D94: * Derechos de sala | E94: * Consultas especializadas pre y post procedimiento pasado más de 15 días. . | G94: =(F94*5.1%)+F94 -> 0 | H94: =MERCADO!J95 -> 0
D95: * Derechos de Recuperación | E95: * Apoyo diagnostico pre y post procedimiento. | G95: =(F95*5.1%)+F95 -> 0 | H95: =MERCADO!J96 -> 0
D96: * Exámenes de laboratorio: (Hemograma. PT. PTT) antes del procedimiento | E96: * Materiales y medicamentos | G96: =(F96*5.1%)+F96 -> 0 | H96: =MERCADO!J97 -> 0
D97: * (1) Electrocardiograma si se requiere durante el procedimiento. . | G97: =(F97*5.1%)+F97 -> 0 | H97: =MERCADO!J98 -> 0
D98: * Estancia postquirúrgica: (1) día en piso. | G98: =(F98*5.1%)+F98 -> 0 | H98: =MERCADO!J99 -> 0
D99: * Materiales de sutura y curación. | G99: =(F99*5.1%)+F99 -> 0 | H99: =MERCADO!J100 -> 0
D100: * Medio de contraste | G100: =(F100*5.1%)+F100 -> 0 | H100: =MERCADO!J101 -> 0
D101: * Agentes y gases anestésicos | G101: =(F101*5.1%)+F101 -> 0 | H101: =MERCADO!J102 -> 0
...

Sheet TECNICO
A1: CONDICIONES TECNICAS - CARDIOLOGIA 2026
A3: ITEM | B3: CUPS | C3: DESCRIPCION | D3: INCLUYE | E3: EXCLUYE | F3: OFRECE | G3: NO OFRECE
A4: 1 | B4: 881202 | C4: ECOCARDIOGRAMA TRANSTORÁCICO | D4: Adultos y Pediátricos
A5: 2 | B5: 890226 | C5: CONSULTA DE PRIMERA VEZ POR ESPECIALISTA EN ANESTESIOLOGÍA | D5: HONORARIOS MEDICOS DEL ESPECIALISTA
A6: 3 | B6: 998702 | C6: SOPORTE DE SEDACION PARA CONSULTA O APOYO DIAGNOSTICO | D6: MEDICO GENERAL ENTRENADO SOLO PARA UNIDAD DE ATENCION DIGESTIVA
A7: 4 | B7: 890228 | C7: CONSULTA DE PRIMERA VEZ POR ESPECIALISTA EN CARDIOLOGÍA
A8: 5 | B8: 890701 | C8: CONSULTA DE URGENCIAS POR MEDICINA GENERAL | D8: HONORARIOS MEDICOS DEL ESPECIALISTA
A9: 6 | B9: 895001 | C9: MONITOREO ELECTROCARDIOGRÁFICO CONTINUO (HOLTER) | D9: Adultos y Pediátricos (éstos últimos mayores de 12 años exclusivamente)
A10: 7 | B10: 895004 | C10: MONITOREO AMBULATORIO DE PRESIÓN ARTERIAL SISTÉMICA
A11: 8 | B11: 881210 | C11: ECOCARDIOGRAMA DE STRESS CON PRUEBA DE ESFUERZO O CON PRUEBA FARMACOLÓGICA | D11: Adultos y Pediátricos (éstos últimos mayores de 15 años y previa revisión de la HC por parte de nuestro especialista)
A12: 9 | B12: 890328 | C12: CONSULTA DE CONTROL O DE SEGUIMIENTO POR ESPECIALISTA EN CARDIOLOGÍA
A13: 10 | B13: 933601 | C13: TERAPIA DE REHABILITACIÓN CARDIOVASCULAR
A14: 11 | B14: 129A01 | C14: INTERNACION COMPLEJIDAD ALTA HABITACION UNIPERSONAL (INCLUYE AISLAMIENTO) | E14: EXCLUYE CUALQUIER TIPO DE TERAPIA Y INTERCONSULTA ESPECIALIZA
A15: 12 | B15: 129A02 | C15: INTERNACION COMPLEJIDAD ALTA HABITACION MULTIPLE | E15: EXCLUYE CUALQUIER TIPO DE TERAPIA Y INTERCONSULTA ESPECIALIZA
A16: 13 | B16: 110A01 | C16: INTERNACION EN UNIDAD DE CUIDADO INTENSIVO ADULTOS | E16: EXCLUYE CUALQUIER TIPO DE TERAPIA Y INTERCONSULTA ESPECIALIZA
A17: 14 | B17: 107M01 | C17: INTERNACION EN UNIDAD DE CUIDADO INTERMEDIO ADULTO | E17: EXCLUYE CUALQUIER TIPO DE TERAPIA Y INTERCONSULTA ESPECIALIZA
A18: 15 | B18: 372202 | C18: CATETERISMO CARDÍACO DEL LADO IZQUIERDO DEL CORAZÓN | D18: * Honorarios profesional de hemodinamia. * (1) Consulta post durante los 15 días siguientes al procedimiento y por la misma especialidad. * Derechos de sala * Derechos de Recuperación *Exámenes de laboratorio: (Hemograma. PT. PTT, Creatinina) antes del procedimiento * (1) Electrocardiograma; si se requiere durante el procedimiento. * Insumos alto costo: dos (2) cateter Diagnóstico 5F, un (1) Introductor 5F, una (1) Guia Hidrofílica * Materiales de sutura y curación. * Medio de contraste: equivalentes máximo a 100cc. * Agentes y gases anestésicos (locales) * Medicamentos e Insumos básicos de procedimiento | E18: * Complicaciones * Exámenes de laboratorio pre, durante y post. (Excepto los descritos en las inclusiones) * Consultas especializadas pre y post procedimiento pasado más de 15 días. * Apoyo diagnostico pre y post procedimiento. * Banco de sangre * Honorarios de anestesiólogo en caso de necesitarlos se facturara a 250,000. * LO QUE NO ESTE EXPLICITO, SE ENTIENDE EXCLUIDO DEL PAQUETE y se facturará a tarifas convenidas
A19: 16 | B19: 378501 | C19: REVISIÓN (REPROGRAMACIÓN) DE MARCAPASOS
A20: 17 | B20: 890202 | C20: CONSULTA DE PRIMERA VEZ POR OTRAS ESPECIALIDADES MÉDICAS(ELECTROFISIOLOGIA)
A21: 18 | B21: 890240 | C21: CONSULTA DE PRIMERA VEZ POR ESPECIALISTA EN CIRUGÍA VASCULAR
A22: 19 | B22: 890230 | C22: CONSULTA DE PRIMERA VEZ POR ESPECIALISTA EN CIRUGÍA CARDIOVASCULAR
A23: 20 | B23: 360101 | C23: ANGIOPLASTIA CORONARIA PERCUTÁNEA (ENDOVASCULAR) UNO O DOS VASOS | D23: Honorario médico Hemodinamista, Derecho de sala, (1) día de hospitalización en piso, (1) día de UCIN, Materiales de Sutura y curación, Agentes y gases anestésicos, Insumos básicos de Procedimientos, Consulta pos Procedimiento, Insumos:, Balon coronario para (1) vaso hasta (2), balones para 2 vasos (3) balones., Cateter diagnostico (1), Cateter guia coronario (1) por cada vaso, Guia angioplastia (2) para un vaso, (3) para dos vasos, Guia de diagnostico (1), Guia hidrofilica (1), Insufladorintroductor hemodinamia, Medio de contraste, Transductor de presion, , Aguja Angiografica (1),Jeringa De 5 C.C. (3),Jeringa De 10 C.C. (3),Extensiones (1),Jeringa de Inyeccion (1),Manifold (1). | E23: Complicaciones Consulta especializada Pre Honorario médico de anestesiólogo Insumos y medicamentos No incluidos en los paquetes Banco de Sangre No incluye los insumos relacionados con aterectomia rotacional ( Rotablator) Balón de contrapulsación Estancia adicionales a las incluidas en el paquete
A24: 21 | B24: 896101 | C24: MONITOREO DE PRESIÓN ARTERIAL SISTÉMICA (TELEMETRÍA) | D24: Adultos y Pediátricos (éstos últimos mayores de 12 años exclusivamente)
A25: 22 | B25: 894102 | C25: PRUEBA DE ESFUERZO CARDIOVASCULAR | D25: Adultos y Pediátricos
A26: 23 | B26: 894402 | C26: PRUEBA DE CAMINATA DE 6 MINUTOS
A27: 24 | B27: 881205 | C27: ECOCARDIOGRAMA TRANSESOFÁGICO | D27: Adultos y Pediátricos (éstos últimos mayores de 15 años y previa revisión de la HC por parte de nuestro especialista)
A28: 25 | B28: 372302 | C28: CATETERISMO COMBINADO DE LOS LADOS DERECHO E IZQUIERDO DEL CORAZÓN | D28: Honorario médico Hemodinamista , Derecho de sala, (1) día de hospitalización en piso, Materiales de Sutura y curación, Agentes y gases anestésicos, Insumos básicos de Procedimientos, Consulta post-Procedimiento, Insumos:, Cateter diagnostico (4), Extension de inyector (1), Guia de diagnostico (2), Introductor hemodinamia (2), Medio de contraste , Pulsera compresion (1), Transductor de presion (1), Aguja Angiografica (1),Jeringa De 5 C.C. (3),Jeringa De 10 C.C. (3),Extensiones (1),Jeringa de Inyeccion (1),Manifold (1). | E28: Complicaciones Consulta especializada Pre Honorario médico de anestesiólogo Insumos y medicamentos No incluidos en los paquetes Banco de Sangre Balón de contrapulsación Estancia adicionales a las incluidas en el paquete Curva de hiperoxia Iloprost
A29: 26 | B29: 890502 | C29: PARTICIPACIÓN EN JUNTA MÉDICA, POR MEDICINA ESPECIALIZADA Y CASO (PACIENTE) JUNTA CARDIOQUIRURGICA (Valor de la Junta)
A30: 27 | B30: 360601 | C30: INSERCIÓN O IMPLANTE DE PRÓTESIS INTRACORONARIA (STENT) SOD | D30: Honorario médico Hemodinamista, Derecho de sala, (1) día de hospitalización en piso, (1) día de UCIN, Materiales de Sutura y curación, Agentes y gases anestésicos, Insumos básicos de Procedimientos, Consulta pos Procedimiento, Insumos:, Cateter diagnostico (1), Cateter guia coronario (1) por cada vaso , Guia angioplastia (2) para un vaso, (3) para dos vasos y (4) para (3) vasos, Guia de diagnostico (1), Guia hidrofilica (1), Insuflador , Introductor hemodinamia (1), Medio de contraste, Transductor de presion., Aguja Angiografica (1),Jeringa De 5 C.C. (3),Jeringa De 10 C.C. (3),Extensiones (1),Jeringa de Inyeccion (1),Manifold (1). | E30: Complicaciones Consulta especializada Pre Honorario médico de anestesiólogo Insumos y medicamentos No incluidos en los paquetes Banco de Sangre Balón de contrapulsación Estancia adicionales a las incluidas en el paquete
A31: 28 | B31: 890302 | C31: CONSULTA DE CONTROL O DE SEGUIMIENTO POR OTRAS ESPECIALIDADES MÉDICAS(ELECTROFISIOLOGIA)
A32: 29 | B32: 890340 | C32: CONSULTA DE CONTROL O DE SEGUIMIENTO POR ESPECIALISTA EN CIRUGÍA VASCULAR
A33: 30 | B33: 876121 | C33: ARTERIOGRAFÍA CORONARIA CON CATETERISMO DERECHO E IZQUIERDO | D33: Honorario médico Hemodinamista , Derecho de sala, (1) día de hospitalización en piso, Materiales de Sutura y curación, Agentes y gases anestésicos, Insumos básicos de Procedimientos, Consulta post-Procedimiento, Insumos:, Cateter diagnostico (4), Extension de inyector (1), Guia de diagnostico (2), Introductor hemodinamia (2), Medio de contraste , Pulsera compresion (1), Transductor de presion (1), , Aguja Angiografica (1),Jeringa De 5 C.C. (3),Jeringa De 10 C.C. (3),Extensiones (1),Jeringa de Inyeccion (1),Manifold (1). | E33: Complicaciones Consulta especializada Pre Honorario médico de anestesiólogo Insumos y medicamentos No incluidos en los paquetes Banco de Sangre Balón de contrapulsación Estancia adicionales a las incluidas en el paquete Curva de hiperoxia Iloprost
A34: 31 | B34: 360102 | C34: ANGIOPLASTIA CORONARIA PERCUTÁNEA (ENDOVASCULAR) MAS DE DOS VASOS | D34: Honorario médico Hemodinamista, Derecho de sala, (1) día de hospitalización en piso, (1) día de UCIN, Materiales de Sutura y curación, Agentes y gases anestésicos, Insumos básicos de Procedimientos, Consulta pos Procedimiento, Insumos:, Balon coronario para 1 vaso hasta (2), balones para 2 vasos (3) balones., Cateter diagnostico (1), Cateter guia coronario (1) por cada vaso, Guia angioplastia (2) para un vaso, (3) para dos vasos y (4) para 3 vasos, Guia de diagnostico (1), Guia hidrofilica (1), Insufladorintroductor hemodinamia, Medio de contraste, Transductor de presion, , Aguja Angiografica (1),Jeringa De 5 C.C. (3),Jeringa De 10 C.C. (3),Extensiones (1),Jeringa de Inyeccion (1),Manifold (1). | E34: Complicaciones Consulta especializada Pre Honorario médico de anestesiólogo Insumos y medicamentos No incluidos en los paquetes Banco de Sangre No incluye los insumos relacionados con aterectomia rotacional ( Rotablator) Balón de contrapulsación Estancia adicionales a las incluidas en el paquete
A35: 32 | B35: 890330 | C35: CONSULTA DE CONTROL O DE SEGUIMIENTO POR ESPECIALISTA EN CIRUGÍA CARDIOVASCULAR
A36: 33 | B36: 872202 | C36: AORTOGRAMA ABDOMINAL Y ESTUDIO DE MIEMBROS INFERIORES | D36: Honorario médico Vascular Periférico, Derecho de sala, (1) día de hospitalización en piso, Materiales de Sutura y curación, Agentes y gases anestésicos, Insumos básicos de Procedimientos, Insumos:, Cateter diagnostico (1), Cefazolina o aztreonam con clindamicina, Extension inyector (1), Guia hidrofilica (1), Introductor hemodinamia (1), Medio de contraste, Transductor de presion , Aguja Angiografica (1),Jeringa De 5 C.C. (3),Jeringa De 10 C.C. (3),Extensiones (1),Jeringa de Inyeccion (1),Manifold (1). | E36: Complicaciones Consulta especializada Pre Honorario médico de anestesiólogo Insumos y medicamentos No incluidos en los paquetes Banco de Sangre Balón de contrapulsación Estancia adicionales a las incluidas en el paquete
A37: 34 | B37: 879910 | C37: TOMOGRAFÍA COMPUTADA EN RECONSTRUCCIÓN TRIDIMENSIONAL | D37: *SERVICIO | E37: * Excluye Medio de Contraste * Honorario Anestesiologo
A38: 35 | B38: 895101 | C38: ELECTROCARDIOGRAMA DE RITMO O DE SUPERFICIE SOD | D38: Adultos y Pediátricos
A39: 36 | B39: 378301 | C39: INSERCIÓN [IMPLANTACIÓN] DE MARCAPASOS BICAMERAL | D39: Honorario médico Electro fisiólogo, Derecho de sala, (1) días de hospitalización en piso, Materiales de Sutura y curación, Agentes y gases anestésicos, Insumos básicos de Procedimientos, Consulta Pos Procedimiento, Insumos:, Bupirop y lidocaina, Cables medicion de umbral (1), Cefazolina o aztreonam con clindamicina, Electrodo bipolar 2, Electrodo multifuncion (1), Introductor marcapaso (1), Marcapaso bicameraltransductor de presion (1), Aguja Angiografica (1),Jeringa De 5 C.C. (3),Jeringa De 10 C.C. (3),Extensiones (1),Jeringa de Inyeccion (1),Manifold (1). | E39: Complicaciones Consulta especializada Pre Honorario médico de anestesiólogo Insumos y medicamentos No incluidos en los paquetes Banco de Sangre Balón de contrapulsación Estancia adicionales a las incluidas en el paquete
A40: 37 | B40: 876122 | C40: ARTERIOGRAFÍA CORONARIA CON CATETERISMO IZQUIERDO | D40: Honorario médico Hemodinamista, Derecho de sala, (1) día de hospitalización en piso, Materiales de Sutura y curación, Agentes y gases anestésicos, Insumos básicos de Procedimientos, Consulta pos Procedimiento, Insumos:, Cateter diagnostico (3), Extension de inyector (1), Guia de diagnostico (1), Introductor hemodinamia (1), Medio de contraste, Pulsera compresion (1), Transductor de presion (1), , Aguja Angiografica (1),Jeringa De 5 C.C. (3),Jeringa De 10 C.C. (3),Extensiones (1),Jeringa de Inyeccion (1),Manifold (1). | E40: Complicaciones Consulta especializada Pre Honorario médico de anestesiólogo Insumos y medicamentos No incluidos en los paquetes Banco de Sangre Balón de contrapulsación Estancia adicionales a las incluidas en el paquete
A41: 38 | B41: 881204 | C41: ECOCARDIOGRAMA TRANSTORÁCICO TRIDIMENSIONAL | D41: Adultos y Pediátricos
A42: 39 | B42: 876120 | C42: ARTERIOGRAFÍA CORONARIA | D42: Honorario médico Hemodinamista, Derecho de sala, (1) día de hospitalización en piso, Materiales de Sutura y curación, Agentes y gases anestésicos, Insumos básicos de Procedimientos, Consulta pos Procedimiento, Insumos:, Cateter diagnostico (3), Extension de inyector (1), Guia de diagnostico (1), Introductor hemodinamia (1), Medio de contraste, Pulsera compresion (1), Transductor de presion (1), , Aguja Angiografica (1),Jeringa De 5 C.C. (3),Jeringa De 10 C.C. (3),Extensiones (1),Jeringa de Inyeccion (1),Manifold (1). | E42: Complicaciones Consulta especializada Pre Honorario médico de anestesiólogo Insumos y medicamentos No incluidos en los paquetes Banco de Sangre Balón de contrapulsación Estancia adicionales a las incluidas en el paquete
A43: 40 | B43: 378503 | C43: REVISIÓN (REPROGRAMACIÓN) DE CARDIOVERSOR (DESFIBRILADOR)
A44: 41 | B44: 385120 | C44: OCLUSIÓN DE LESIÓN EN VASOS INTRACRANEALES, VÍA ENDOVASCULAR | D44: * Honorarios especialista * (1) Consulta post durante los 15 días siguientes al procedimiento y por la misma especialidad. * Derechos de sala * Derechos de Recuperación * Exámenes de laboratorio: (Hemograma. PT. PTT) antes del procedimiento * Estancia postquirúrgica: (1) día en UCI. * Materiales de sutura y curación. * Medio de contraste * Agentes y gases anestésicos * Medicamentos e Insumos básicos de procedimiento GUIA TEFLON, INTRODUCTOR, GUIA HIDROFILICA | E44: * Complicaciones * Exámenes de laboratorio pre, durante y post. (Excepto los descritos en las inclusiones) * Consultas especializadas pre y post procedimiento pasado más de 15 días. * Apoyo diagnostico pre y post procedimiento. * Materiales y medicamentos de la estancia. * Honorarios de anestesiólogo en caso de necesitarlos se facturara a tarifa convenida. * Insumos y medicamentos no descritos en la tabla anexa. Tarifa convenida. * Banco de sangre * Estancia en UCI
A45: 42 | B45: 890227 | C45: CONSULTA DE PRIMERA VEZ POR ESPECIALISTA EN ANESTESIOLOGÍA CARDIOVASCULAR
A46: 43 | B46: 372301 | C46: ESTUDIO ELECTROFISIOLÓGICO CARDÍACO COMBINADO DERECHO E IZQUIERDO DEL CORAZÓN VÍA PERCUTÁNEA (ENDOVASCULAR) | D46: Honorario médico Electro fisiólogo, Derecho de sala, (1) días de hospitalización en piso, Materiales de Sutura y curación, Agentes y gases anestésicos, Insumos básicos de Procedimientos , Insumos:, Bupirop y lidocaina, Cateter cuadripolar con extension (1), Cateter decapolar con extension (1), Cateter duodecapolar con extension (1), Cefazolina o aztreonam con clindamicina, Introductor hemodinamia (3), Transductor de presion, , Aguja Angiografica (1),Jeringa De 5 C.C. (3),Jeringa De 10 C.C. (3),Extensiones (1),Jeringa de Inyeccion (1),Manifold (1). | E46: Complicaciones Consulta especializada Pre Honorario médico de anestesiólogo Insumos y medicamentos No incluidos en los paquetes Banco de Sangre Estancia adicionales a las incluidas en el paquete
A47: 44 | B47: 395010 | C47: ANGIOPLASTIA DE VASOS INTRACRANEALES CON O SIN IMPLANTE DE DISPOSITIVO | D47: * Honorarios profesional Neuroradiologo. * (1) Consulta post durante los 15 días siguientes al procedimiento y por la misma especialidad. * Derechos de sala * Derechos de Recuperación * Exámenes de laboratorio: (Hemograma. PT. PTT) antes del procedimiento * (1) Electrocardiograma; (1) Rx de tórax si se requiere durante el procedimiento. * Estancia postquirúrgica: (1) día de UCIN. (Después de realizado el procedimiento) ;(1) día en piso. * Materiales de sutura y curación. * Medio de contraste * Agentes y gases anestésicos * Medicamentos e Insumos básicos de procedimiento | E47: * Complicaciones * Exámenes de laboratorio pre, durante y post. (excepto los descritos en las incluciones) * Consultas especializadas pre y post procedimiento pasado más de 15 días. * Apoyo diagnostico pre y post procedimiento. * Materiales y medicamentos de Estancia. * Honorarios de anestesiólogo en caso de necesitarlos se facturara a tarifa convenida. * Insumos y medicamentos descritos en la tabla anexa. Tarifa convenida. * Banco de sangre *Estancia en UCI
A48: 45 | B48: 352101 | C48: REEMPLAZO DE LA VÁLVULA AÓRTICA VÍA ABIERTA | D48: * Honorarios cirujano cardiovascular * Honorarios Anestesiólogo * Honorarios Ayudante * (1) Consulta post durante los 30 días siguientes al procedimiento y por la misma especialidad. * Valoración Preanestesica * Valoración por medicina Interna * Derechos de sala * Derechos de equipo * Derechos de Recuperación * Exámenes de laboratorio: (Hemograma completo, TP, TPT, Electrolitos, Glucosa, Urea, Creatinina, Parcial de orina, Hemoclasificación) antes del procedimiento * (1) Ecocardiograma transtoracico Rx de tórax si se requiere durante el procedimiento. * Estancia postquirúrgica: (3) días de UCI; (2) días de UCIN (después de realizado el procedimiento) ;(2) días en piso. * Materiales de sutura y curación. * Medio de contraste * Agentes y gases anestésicos * Medicamentos e Insumos básicos de procedimiento * Incluye kit de trasfusión y derechos de perfusión. | E48: * Complicaciones y/o reintervenciones por sangrado. * Exámenes de laboratorio pre, durante y post. (Excepto los descritos en las inclusiones) * Consultas especializadas pre y post procedimiento pasado más de 30 días. * Apoyo diagnostico pre y post procedimiento. Diferentes a los relacionados en las inclusiones. * Materiales y medicamentos de la estancia. * Insumos y medicamentos descritos en la tabla anexa. Tarifa convenida. * Antibióticos de cuarta generación. * Banco de sangre * Medicamentos para terapia Hematológica. * Medicamentos Inotrópicos
A49: 46 | B49: 378502 | C49: REVISIÓN (REPROGRAMACIÓN) DE RESINCRONIZADOR CARDÍACO
A50: 47 | B50: 878201 | C50: ARTERIOGRAFÍA PERIFÉRICA DE UNA EXTREMIDAD INFERIOR POR PUNCIÓN | D50: Honorario médico Vascular Periférico, Derecho de sala, (1) día de hospitalización en piso, Materiales de Sutura y curación, Agentes y gases anestésicos, Insumos básicos de Procedimientos, Insumos:, Cateter diagnostico (1), Cefazolina o aztreonam con clindamicina, Extension inyector (1), Guia hidrofilica (1), Introductor hemodinamia (1), Medio de contraste, Transductor de presion , Aguja Angiografica (1),Jeringa De 5 C.C. (3),Jeringa De 10 C.C. (3),Extensiones (1),Jeringa de Inyeccion (1),Manifold (1). | E50: Complicaciones Consulta especializada Pre Honorario médico de anestesiólogo Insumos y medicamentos No incluidos en los paquetes Banco de Sangre Estancia adicionales a las incluidas en el paquete
A51: 48 | B51: 385920 | C51: OCLUSIÓN DE VENAS DE MIEMBROS INFERIORES, VÍA ENDOVASCULAR | D51: INCLUSIONES: El valor incluye (honorario médico especialista, derecho de sala, insumos basicos: Aguja Angiografica (1),Jeringa De 5 C.C. (3),Jeringa De 10 C.C. (3),Extensiones (1),Jeringa de Inyeccion (1),Manifold (1), uso de equipos, materiales de sutura y curacion, agentes y gases anestesicos, registro digital (cineangiografia). | E51: EXCLUSIONES: medio de contraste, medicamentos, cateteres y guias, insumos de alto costo, y todo los servcios adicionales no detallados en las inclusiones de acuerdo al requerimiento de cada paciente.
A52: 49 | B52: 361901 | C52: ANASTOMOSIS SIMPLE DE ARTERIA CORONARIA DERECHA CON INJERTO VENOSO VÍA ABIERTA | D52: * Honorarios cirujano cardiovascular * Honorarios Anestesiólogo * Honorarios Ayudante * (1) Consulta post durante los 30 días siguientes al procedimiento y por la misma especialidad. * Valoración Preanestesica * Valoración por medicina Interna * Derechos de sala * Derechos de equipo * Derechos de Recuperación * Exámenes de laboratorio: (Hemograma completo, TP, TPT, Electrolitos, Glucosa, Urea, Creatinina, Parcial de orina, Hemoclasificación) antes del procedimiento * (1) Electrocardiograma Rx de tórax si se requiere durante el procedimiento. * Estancia postquirúrgica: (2) días de UCI; (1) días de UCIN (después de realizado el procedimiento) ;(3) día en piso. * Materiales de sutura y curación. * Medio de contraste * Agentes y gases anestésicos * Medicamentos e Insumos básicos de procedimiento * Incluye kit de trasfusión y derechos de perfusión | E52: * Complicaciones y/o reintervenciones por sangrado. * Exámenes de laboratorio pre, durante y post. (Excepto los descritos en las inclusiones) * Consultas especializadas pre y post procedimiento pasado más de 30 días. * Apoyo diagnostico pre y post procedimiento. Diferentes a los relacionados en las inclusiones.
A53: 50 | B53: 877110 | C53: AORTOGRAMA ABDOMINAL | D53: Honorario médico Vascular Periférico, Derecho de sala, (1) día de hospitalización en piso, Materiales de Sutura y curación, Agentes y gases anestésicos, Insumos básicos de Procedimientos, Insumos:, Cateter diagnostico (1), Cefazolina o aztreonam con clindamicina, Extension inyector (1), Guia hidrofilica (1), Introductor hemodinamia (1), Medio de contraste, Transductor de presion , Aguja Angiografica (1),Jeringa De 5 C.C. (3),Jeringa De 10 C.C. (3),Extensiones (1),Jeringa de Inyeccion (1),Manifold (1). | E53: Complicaciones Consulta especializada Pre Honorario médico de anestesiólogo Insumos y medicamentos No incluidos en los paquetes Banco de Sangre Estancia adicionales a las incluidas en el paquete
A54: 51 | B54: 876241 | C54: ANGIOGRAFÍA DE VENAS CAVAS O CAVOGRAFIA | D54: INCLUSIONES: El valor incluye (honorario médico especialista, derecho de sala, insumos basicos: Aguja Angiografica (1),Jeringa De 5 C.C. (3),Jeringa De 10 C.C. (3),Extensiones (1),Jeringa de Inyeccion (1),Manifold (1), uso de equipos, materiales de sutura y curacion, agentes y gases anestesicos, registro digital (cineangiografia). | E54: EXCLUSIONES: medio de contraste, medicamentos, cateteres y guias, insumos de alto costo, y todo los servcios adicionales no detallados en las inclusiones de acuerdo al requerimiento de cada paciente.
A55: 52 | B55: 355102 | C55: REPARACIÓN DE DEFECTO DE TABIQUE INTERAURÍCULAR VÍA PERCUTÁNEA (ENDOVASCULAR) | D55: Honorario médico Hemodinamista, Honorario médico Anestesiólogo, Derecho de sala, Ayudas diagnosticas solicitadas y realizadas en la sala de hemodinamia durante el procedimiento: Eco transesofagico(1), Un Dispositivo Amplatzer (1), (1) días de hospitalización en piso, (1) días de UCIN, Materiales de Sutura y curación, Agentes y gases anestésicos, Insumos básicos de Procedimientos, Consulta pos Procedimiento , Insumos:, Cateter diagnostico (1), Cefazolina o aztreonam con clindamicina (1), Cisatracurio o Rocuronio o Vecuronio (1), Dispositivo cierre septal para cia, civ y fop (1), Guia de diagnostico (1), Guia hidrofilica (1), Guia para cierres, Introductor hemodinamia (1), Medio de contraste, Sistema de liberacion dispositivo (1), Transductor de presion, Aguja Angiografica (1),Jeringa De 5 C.C. (3),Jeringa De 10 C.C. (3),Extensiones (1),Jeringa de Inyeccion (1),Manifold (1). | E55: Complicaciones Consulta especializada Pre Insumos y medicamentos No incluidos en los paquetes Banco de Sangre Balón de contrapulsación Dispositivos adicionales Monitoria Eco cardiográfica transesofagico Estancia adicionales a las incluidas en el paquete
A56: 53 | B56: 890428 | C56: INTERCONSULTA POR ESPECIALISTA EN CARDIOLOGÍA
A57: 54 | B57: 383406 | C57: RECONSTRUCION DE AORTA TORÁCICA ASCENDENTE VÍA ABIERTA
A58: 55 | B58: 361605 | C58: ANASTOMOSIS SIMPLE ARTERIA DESCENDENTE ANTERIOR CON ARTERIA MAMARIA VÍA ABIERTA | D58: * Honorarios cirujano cardiovascular * Honorarios Anestesiólogo * Honorarios Ayudante * (1) Consulta post durante los 30 días siguientes al procedimiento y por la misma especialidad. * Valoración Preanestesica * Valoración por medicina Interna * Derechos de sala * Derechos de equipo * Derechos de Recuperación * Exámenes de laboratorio: (Hemograma completo, TP, TPT, Electrolitos, Glucosa, Urea, Creatinina, Parcial de orina, Hemoclasificación) antes del procedimiento * (1) Electrocardiograma Rx de tórax si se requiere durante el procedimiento. * Estancia postquirúrgica: (2) días de UCI; (1) días de UCIN (después de realizado el procedimiento) ;(3) día en piso. * Materiales de sutura y curación. * Medio de contraste * Agentes y gases anestésicos * Medicamentos e Insumos básicos de procedimiento * Incluye kit de trasfusión y derechos de perfusión | E58: * Complicaciones y/o reintervenciones por sangrado. * Exámenes de laboratorio pre, durante y post. (Excepto los descritos en las inclusiones) * Consultas especializadas pre y post procedimiento pasado más de 30 días. * Apoyo diagnostico pre y post procedimiento. Diferentes a los relacionados en las inclusiones.
A59: 56 | B59: 378001 | C59: INSERCIÓN [IMPLANTACIÓN] DE MONITOR DE EVENTOS | D59: Honorario médico electro fisiólogo, Derecho de sala, Materiales de Sutura y curación, Agentes y gases anestésicos, Insumos básicos de Procedimientos, Consulta Post Procedimiento, Insumos:, Cables para medicion de umbral (1), Cefazolina o aztreonam con clindamicina, Electrodo multifuncion (1), Transductor de presion, Aguja Angiografica (1),Jeringa De 5 C.C. (3),Jeringa De 10 C.C. (3),Extensiones (1),Jeringa de Inyeccion (1),Manifold (1). | E59: Complicaciones Consulta especializada Pre Honorario médico Anestesiólogo Insumos y medicamentos No incluidos en los paquetes Banco de Sangre Estancia (UCI, UCIN, PISO) Monitor de Eventos Convencional Monitor de Eventos RX
A60: 57 | B60: 395080 | C60: ANGIOPLASTIA O ATERECTOMÍA DE VASOS DE MIEMBROS INFERIORES, CON BALÓN | D60: * Honorarios profesional de hemodinamia. * (1) Consulta post durante los 15 días siguientes al procedimiento y por la misma especialidad. * Derechos de sala * Derechos de Recuperación * Exámenes de laboratorio: (Hemograma. PT. PTT) antes del procedimiento. * (1) Electrocardiograma; (1) Rx de tórax si se requiere durante el procedimiento. * Estancia postquirúrgica: (1) día de UCIN. (Después de realizado el procedimiento) ;(1) día en piso. * Materiales de sutura y curación. * Medio de contraste * Agentes y gases anestésicos * Medicamentos e Insumos básicos de procedimiento | E60: * Complicaciones * Exámenes de laboratorio pre, durante y post. (Excepto los descritos en las inclusiones) * Consultas especializadas pre y post procedimiento pasado más de 15 días. * Apoyo diagnostico pre y post procedimiento. * Materiales y medicamentos dela estancia * Honorarios de anestesiólogo en caso de necesitarlos se facturara a tarifa convenida. * Insumos y medicamentos descritos en la tabla anexa. Tarifa convenida. * Banco de sangre * Estancia en UCI
A61: 58 | B61: 395081 | C61: ANGIOPLASTIA O ATERECTOMÍA DE VASOS DE MIEMBROS INFERIORES, CON BALÓN, PRÓTESIS (STENT) O INJERTO (S) PROTÉSICO (S) | D61: Honorario médico Cirujano Vascular, Derecho de sala, (1) día de hospitalización en piso, (1) día de UCIN, Materiales de Sutura y curación, Agentes y gases anestésicos, Insumos básicos de Procedimientos, Insumos:, Balon periferico convencional (1), Cateter diagnostico (1), Cateter guia (1), Cefazolina o aztreonam con clindamicina, Guia angioplastia (1), Guia de diagnostico (1), Guia hidrofilica (1), Insuflador (1), Introductor hemodinamia (1), Medio de contraste, Protamina, Transductor de presion, Aguja Angiografica (1),Jeringa De 5 C.C. (3),Jeringa De 10 C.C. (3),Extensiones (1),Jeringa de Inyeccion (1),Manifold (1). | E61: Complicaciones Consulta especializada Pre Honorario médico de anestesiólogo Insumos y medicamentos No incluidos en los paquetes Banco de Sangre No incluye los insumos relacionados con aterectomia rotacional ( Rotablator) Estancia hospitalaria adicionales
A62: 59 | B62: 878111 | C62: ARTERIOGRAFÍA PERIFÉRICA DE MIEMBROS SUPERIORES BILATERAL CON AORTOGRAMA TORÁCICO | D62: Honorario médico Vascular Periférico, Derecho de sala, (1) día de hospitalización en piso, Materiales de Sutura y curación, Agentes y gases anestésicos, Insumos básicos de Procedimientos, Consulta Post-Procedimiento, Insumos:, Cateter diagnostico (1), Cefazolina o aztreonam con clindamicina , Extension inyector (1), Guia hidrofilica (1), Aguja Angiografica (1),Jeringa De 5 C.C. (3),Jeringa De 10 C.C. (3),Extensiones (1),Jeringa de Inyeccion (1),Manifold (1). | E62: Complicaciones
E63: Consulta especializada Pre
E64: Honorario médico de anestesiólogo
E65: Insumos y medicamentos No incluidos en los paquetes
E66: Banco de Sangre
E67: Estancia hospitalaria adicionales
A68: 60 | B68: 890702 | C68: CONSULTA DE URGENCIAS POR OTRAS ESPECIALIDADES MÉDICAS | D68: HONORARIOS MEDICOS DEL ESPECIALISTA
A69: 61 | B69: 378604 | C69: INSERCIÓN [IMPLANTACIÓN] DE CARDIOVERSOR (DESFIBRILADOR) BICAMERAL VÍA PERCUTÁNEA (ENDOVASCULAR) | D69: Honorario médico Electrofisiólogo, Honorario médico Anestesiólogo, Derecho de sala, (1) días de hospitalización en piso, (1) días de hospitalización en UCI, Materiales de Sutura y curación, Agentes y gases anestésicos, Insumos básicos de Procedimientos, Consulta post procedimiento, Insumos:, Cables medicion de umbral (1), Cardiodesfibrilador (1), Cefazolina o aztreonam con clindamicina, Destornillador de marcapaso (1), Electrodo bipolar (1), Electrodo cardiodesfibrilador (1), Guia angioplastia (1), Guia hidrofilica (1), Introductor marcapaso (1), Kit de implante (1), Transductor de presion, , Aguja Angiografica (1),Jeringa De 5 C.C. (3),Jeringa De 10 C.C. (3),Extensiones (1),Jeringa de Inyeccion (1),Manifold (1). | E69: Complicaciones
E70: Consulta especializada Pre
E71: Insumos y medicamentos No incluidos en los paquetes
E72: Banco de Sangre
E73: Estancia hospitalaria adicional
E74: Ayudas diagnosticas adicionales a las incluidas en el paquete
A75: 62 | B75: 378901 | C75: EXPLANTE O ELIMINACION DE MARCAPASO | D75: INCLUSIONES: El valor incluye (honorario médico especialista, derecho de sala, insumos basicos: Aguja Angiografica (1),Jeringa De 5 C.C. (3),Jeringa De 10 C.C. (3),Extensiones (1),Jeringa de Inyeccion (1),Manifold (1), uso de equipos, materiales de sutura y curacion, agentes y gases anestesicos, registro digital (cineangiografia). | E75: EXCLUSIONES: medio de contraste, medicamentos, cateteres y guias, insumos de alto costo, y todo los servcios adicionales no detallados en las inclusiones de acuerdo al requerimiento de cada paciente.
A76: 63 | B76: 360202 | C76: ANGIOPLASTIA CORONARIA TRANSLUMINAL PERCUTÁNEA SIMPLE CON INFUSIÓN DE SUSTANCIA TERAPÉUTICA MAS DE DOS VASOS | D76: Honorario médico Hemodinamista, Derecho de sala, (1) día de hospitalización en piso, (1) día de UCIN, Materiales de Sutura y curación, Agentes y gases anestésicos, Insumos básicos de Procedimientos, Consulta pos Procedimiento, Insumos:, Cateter diagnostico (1), Cateter guia coronario (1) por cada vaso , Guia angioplastia (2) para un vaso, (3) para dos vasos y (4) para (3) vasos, Guia de diagnostico (1), Guia hidrofilica (1), Insuflador , Introductor hemodinamia (1), Medio de contraste, Transductor de presion., Aguja Angiografica (1),Jeringa De 5 C.C. (3),Jeringa De 10 C.C. (3),Extensiones (1),Jeringa de Inyeccion (1),Manifold (1). | E76: Complicaciones
E77: Consulta especializada Pre
E78: Honorario médico de anestesiólogo
E79: Insumos y medicamentos No incluidos en los paquetes
E80: Banco de Sangre
E81: No incluye los insumos relacionados con aterectomia rotacional ( Rotablator)
E82: Balón de contrapulsación
E83: Estancia adicionales a las incluidas en el paquete
A84: 64 | B84: 351103 | C84: VALVULOPLASTIA AÓRTICA PERCUTÁNEA (ENDOVASCULAR) | D84: Honorario médico Hemodinamista, Derecho de sala, (1) día de hospitalización en piso, (1) día de UCIN, Materiales de Sutura y curación, Agentes y gases anestésicos, Insumos básicos de Procedimientos, Consulta pos Procedimiento, Insumos:, Balon periferico convencional (1), Cables medicion de umbral , Cateter diagnostico hemodinamia (1), Cefazolina o aztreonam con Clindamicina, Extension de inyector (1), Guia de diagnosticoguia hidrofilica (1), Guia valvula (1), Insuflador, Introductor hemodinamia (1), Medio de contraste, Transductor de presion,, Aguja Angiografica (1),Jeringa De 5 C.C. (3),Jeringa De 10 C.C. (3),Extensiones (1),Jeringa de Inyeccion (1),Manifold (1). | E84: Complicaciones
E85: Consulta especializada Pre
E86: Honorario médico de anestesiólogo
E87: Insumos y medicamentos No incluidos en los paquetes
E88: Banco de Sangre
E89: Balón de contrapulsación
E90: Estancia adicionales a las incluidas en el paquete
E91: Balon valvuloplastia Aortico y Pulmonar
A92: 65 | B92: 372101 | C92: ESTUDIO ELECTROFISIOLÓGICO CARDÍACO CONVENCIONAL DEL LADO DERECHO DEL CORAZÓN VÍA PERCUTÁNEA (ENDOVASCULAR) | D92: * Honorarios profesional Electrofisiologo. | E92: *Complicaciones
D93: * (1) Consulta post durante los 15 días siguientes al procedimiento y por la misma especialidad. | E93: * Exámenes de laboratorio pre, durante y post
D94: * Derechos de sala | E94: * Consultas especializadas pre y post procedimiento pasado más de 15 días. .
D95: * Derechos de Recuperación | E95: * Apoyo diagnostico pre y post procedimiento.
D96: * Exámenes de laboratorio: (Hemograma. PT. PTT) antes del procedimiento | E96: * Materiales y medicamentos
D97: * (1) Electrocardiograma si se requiere durante el procedimiento. .
D98: * Estancia postquirúrgica: (1) día en piso.
D99: * Materiales de sutura y curación.
D100: * Medio de contraste
D101: * Agentes y gases anestésicos
...

Sheet FVL
A1: PORTAFOLIO FUNDACIÓN VALLE DEL LILI - PROCEDIMIENTOS | Q1: 1
A4: Código de Oferta | B4: Código de Facturación | C4: DESCRIPCIÓN | G4: UVR | H4: CIRUJANO | I4: ANESTESIOLOGO | J4: AYUDANTE | K4: SALA | L4: MATERIAL | M4: RECUPERACIÓN | N4: TOTAL
A5: 20105 | B5: 020105 | C5: CORRECCION DE CRANEO ESTENOSIS CON ALTERACION CRANEO FACIAL COMPLEJA POR CRANEOTOMIA | G5: 380 | H5: 2210840 | I5: 1670860 | J5: 625480 | K5: 1837160 | L5: se cobra por actividad | M5: 188953 | N5: 6533293
A6: 20106 | B6: 020106 | C6: CORRECCION DE CRANEO ESTENOSIS CON ALTERACION CRANEO FACIAL COMPLEJA CON AVANCE FRONTO ORBITARIO CON O SIN DISTRACCION | G6: 620 | H6: 3607160 | I6: 2726140 | J6: 2726140 | K6: 3408140 | L6: se cobra por actividad | M6: 188953 | N6: 12656533
A7: 20107 | B7: 020107 | C7: CORRECCION DE CRANEO ESTENOSIS CON ALTERACION CRANEO FACIAL COMPLEJA CON AVANCEFRONTO NASAL (LEFORT III) | G7: 620 | H7: 3607160 | I7: 2726140 | J7: 2726140 | K7: 3408140 | L7: se cobra por actividad | M7: 188953 | N7: 12656533
A8: 20108 | B8: 020108 | C8: CORRECCION DE CRANEO ESTENOSIS CON ALTERACION CRANEO FACIAL COMPLEJA CON AVANCEFRONTO MAXILAR (LEFORT II) | G8: 620 | H8: 3607160 | I8: 2726140 | J8: 2726140 | K8: 3408140 | L8: se cobra por actividad | M8: 188953 | N8: 12656533
A9: 20110 | B9: 020110 | C9: CORRECCION DE CRANEO ESTENOSIS MULTIPLECON BRAQUICEFALIA CON AVANCE FRONTO ORBITARIO POR CRANIECTOMIA | G9: 380 | H9: 2210840 | I9: 1670860 | J9: 625480 | K9: 1837160 | L9: se cobra por actividad | M9: 188953 | N9: 6533293
A10: 20111 | B10: 020111 | C10: CORRECCION DE CRANEO ESTENOSIS MULTIPLECON BRAQUICEFALIA CON AVANCE FRONTO ORBITARIO VIA ENDOSCOPICA | G10: 380 | H10: 2210840 | I10: 1670860 | J10: 625480 | K10: 1837160 | L10: se cobra por actividad | M10: 188953 | N10: 6533293
A11: 21209 | B11: 021209 | C11: CORRECCION DE MENINGOCELE POR CRANIECTOMIA | G11: 315 | H11: 1832670 | I11: 1385055 | J11: 518490 | K11: 1564130 | L11: se cobra por actividad | M11: 188953 | N11: 5489298
A12: 21210 | B12: 021210 | C12: CORRECCION DE MENINGOCELE CON CRANEOPLASTIA | G12: 430 | H12: 2501740 | I12: 1890710 | J12: 707780 | K12: 2137515 | L12: se cobra por actividad | M12: 188953 | N12: 7426698
A13: 21211 | B13: 021211 | C13: CORRECCION DE MENINGOCELE DE FOSA ANTERIOR POR CRANIECTOMIA Y PLASTIA DE MENINGE | G13: 395 | H13: 2298110 | I13: 1736815 | J13: 650170 | K13: 1963712 | L13: se cobra por actividad | M13: 188953 | N13: 6837760
A14: 21212 | B14: 021212 | C14: CORRECCION DE MENINGOCELE DE FOSA ANTERIOR CON AVANCE FRONTO ORBITARIO Y PLASTIA DE MENINGE | G14: 700 | H14: 4072600 | I14: 3077900 | J14: 3077900 | K14: 3847900 | L14: se cobra por actividad | M14: 188953 | N14: 14265253
A15: 21213 | B15: 021213 | C15: CORRECCION DE MENINGOCELE DE FOSA ANTERIOR VIA TRANSNASAL ENDOSCOPICA | G15: 395 | H15: 2298110 | I15: 1736815 | J15: 650170 | K15: 1963712 | L15: se cobra por actividad | M15: 188953 | N15: 6837760
A16: 21214 | B16: 021214 | C16: CORRECCION DE MENINGOENCEFALOCELE POR CRANIECTOMIA CON PLASTIA DE MENINGE Y CRANEOPLASTIA | G16: 510 | H16: 2967180 | I16: 2242470 | J16: 2242470 | K16: 2803470 | L16: se cobra por actividad | M16: 188953 | N16: 10444543
... A23: 12410 | B23: 012410 | C23: EXTRACCION DE CUERPO EXTRAÑO INTRACRANEAL POR CRANEOTOMIA | G23: 375 | H23: 2181750 | I23: 1648875 | J23: 617250 | K23: 1837160 | L23: se cobra por actividad | M23: 188953 | N23: 6473988
A24: 12501 | B24: 012501 | C24: SECUESTRECTOMIA DE CRANEO POR CRANIECTOMIA | G24: 90 | H24: 523620 | I24: 395730 | J24: 148140 | K24: 505708 | L24: 370599 | M24: 188953 | N24: 2132750
A25: 12502 | B25: 012502 | C25: DRENAJE DE COLECCION EPIDURAL SUPRATENTORIAL POR CRANIECTOMIA | G25: 555 | H25: 3228990 | I25: 2440335 | J25: 2440335 | K25: 3050835 | L25: se cobra por actividad | M25: 188953 | N25: 11349448
A26: 12503 | B26: 012503 | C26: DRENAJE DE COLECCION EPIDURAL FOSA POSTERIOR POR CRANIECTOMIA | G26: 555 | H26: 3228990 | I26: 2440335 | J26: 2440335 | K26: 3050835 | L26: se cobra por actividad | M26: 188953 | N26: 11349448
